Workbook

Sheet Quarterly Submission Guide
C1: Yes | D1: No | E1: <-- for dropdowns
B3: Wildfire Safety Division Attachment 2.3
B4: Wildifire Mitigation Plan Quarterly report - non-spatial data template
B5: Resolution WSD-011 Attachment 2.3
B6: Instructions for use | J6: Relevant options for mitigations table: Table 12
B7: 1 | C7: Fill out the tan cells (color represented here) starting with the cell below (D17: Utility). The Utility name will populate the Table tabs to follow. Date modified will vary by table.
B8: 2 | C8: Cells will only accept valid entries. For most cells, this is positive numbers
B9: 3 | C9: For each Table tab, after a modification is made, denote the date of the change in cell C4 for each Table tab. | K9: Initiative categories | L9: WMP Maturity model Categories | M9: Driver options
B10: 4 | C10: Some columns have an additional header in row 5 to serve as clarification for several columns. With the exception of projected data, row 5 will be highlighted in blue (color represented here) | K10: Vegetation inspection | L10: Risk Assessment & Mapping | M10: 1. Ignitions | N10: Contact with vegetation
B11: 5 | C11: Some required metrics are future projections. For these, row 5, above the projections will be highlighted light green (color represented here) | K11: Vegetation management project | L11: Situational Awareness & Forecasting | N11: Other contact with object
C12: In future submissions, report updated projected numbers if / when projections have changed, and report actuals once the quarter / year has passed. | K12: Asset inspection | L12: Grid Design & System Hardening | N12: Equipment failure
B13: 6 | C13: For data required annually rather than quarterly (see Tables 7.3 - 10), report for entire year even if part of the year is projected. Once year has passed, update cell with actuals | K13: Grid hardening | L13: Asset Management & Inspections | N13: Wire-to-wire contact
B14: 7 | C14: Some tables will have additional instructions provided in a Notes box located in cells D2 - D4 | K14: Other | L14: Vegetation Management & Inspections | N14: Contamination
C15: Notes will explain terms, signal where projections are required, and provide other useful information. | L15: Grid Operations & Operating Protocols | N15: Vandalism / Theft
B16: 8 | C16: For the initial quarterly submission, utilities are required to submit data on annual metrics for 2015 - 2020, which should represent the most updated data from the 2020 WMP for years 2015-2019 | L16: Data Governance | M16: 2. PSPS | N16: PSPS - for sectionalization, etc.
B17: * | C17: Do not add or manipulate the template for any of the tabs | L17: Resource Allocation Methodology
L18: Emergency Planning & Preparedness
B19: Update the below table to establish which year, quarter of the WMP cycle this submission this represents. | L19: Stakeholder Cooperation & Community Engagement
B20: Utility | D20: SDG&E
B21: First year of 3-year WMP cycle | D21: 2020
B22: Submission year | D22: 2021
B23: Submission quarter | D23: Q1
B24: Date Modified | D24: 44319

Sheet Table 1
B2: Utility | C2: =IF('Quarterly Submission Guide'!$D$20 = "", "",'Quarterly Submission Guide'!$D$20) -> SDG&E | D2: Notes:
B3: Table No. | C3: 1 | D3: Transmission lines refer to all lines at or above 65kV, and distribution lines refer to all lines below 65kV.
B4: Date Modified | C4: 44501
N5: Note: These columns are placeholders for future QR submissions.
B6: Table 1: Recent performance on progress metrics | J6: 1 | K6: 2 | L6: 3 | M6: 4 | N6: 1 | O6: 2 | P6: 3 | Q6: 4 | R6: 1 | S6: 2 | T6: 3 | U6: 4
B7: Metric type | C7: # | D7: Progress metric name | E7: 2015 | F7: 2016 | G7: 2017 | H7: 2018 | I7: 2019 | J7: 2020 | K7: 2020 | L7: 2020 | M7: 2020 | N7: 2021 | O7: 2021 | P7: 2021 | Q7: 2021 | R7: 2022 | S7: 2022 | T7: 2022 | U7: 2022 | V7: Unit(s) | W7: Comments
B8: 1. Grid condition findings from inspection - Distribution lines in HFTD | C8: 1.a. | D8: Number of circuit miles inspected from patrol inspections in HFTD - Distribution lines | E8: 3443 | F8: 3443 | G8: 3443 | H8: 3443 | I8: 3443 | J8: 1295 | K8: 1246 | L8: 800 | M8: 102 | N8: 973 | O8: 1040 | P8: 821 | V8: # circuit miles
C9: 1.b. | D9: Number of circuit miles inspected from detailed inspections in HFTD - Distribution lines | E9: 756 | F9: 880 | G9: 692 | H9: 510 | I9: 680 | J9: 361 | K9: 289 | L9: 90 | M9: 20 | N9: 813 | O9: 222 | P9: 137 | V9: # circuit miles
C10: 1.c. | D10: Number of circuit miles inspected from other inspections (list types of "other" inspections in comments) in HFTD - Distribution lines | E10: 766 | F10: 542 | G10: 644 | H10: 948 | I10: 261 | J10: 490 | K10: 0 | L10: 0 | M10: 0 | N10: 143 | O10: 56 | P10: 31 | V10: # circuit miles
C11: 1.d. | D11: Level 1 findings in HFTD for patrol inspections - Distribution lines | E11: 15 | F11: 3 | G11: 4 | H11: 8 | I11: 8 | J11: 1 | K11: 4 | L11: 1 | M11: 0 | N11: 0 | O11: 0 | P11: 3 | V11: # findings
C12: 1.e. | D12: Level 1 findings in HFTD for detailed inspections - Distribution lines | E12: 235 | F12: 192 | G12: 11 | H12: 67 | I12: 8 | J12: 8 | K12: 9 | L12: 2 | M12: 0 | N12: 1 | O12: 1 | P12: 4 | V12: # findings
C13: 1.f. | D13: Level 1 findings in HFTD for other inspections (list types of "other" inspections in comments) - Distribution lines | E13: 11 | F13: 5 | G13: 34 | H13: 10 | I13: 13 | J13: 2 | K13: 1 | L13: 0 | M13: 0 | N13: 3 | O13: 1 | P13: 0 | V13: # findings
C14: 1.g. | D14: Level 2 findings in HFTD for patrol inspections - Distribution lines | E14: 175 | F14: 212 | G14: 234 | H14: 171 | I14: 240 | J14: 71 | K14: 66 | L14: 51 | M14: 16 | N14: 67 | O14: 117 | P14: 51 | V14: # findings
C15: 1.h. | D15: Level 2 findings in HFTD for detailed inspections - Distribution lines | E15: 1066 | F15: 952 | G15: 638 | H15: 737 | I15: 666 | J15: 654 | K15: 303 | L15: 81 | M15: 6 | N15: 512 | O15: 149 | P15: 20 | V15: # findings
C16: 1.i. | D16: Level 2 findings in HFTD for other inspections (list types of "other" inspections in comments) - Distribution lines | E16: 73 | F16: 82 | G16: 313 | H16: 234 | I16: 255 | J16: 7 | K16: 25 | L16: 9 | M16: 23 | N16: 54 | O16: 34 | P16: 2 | V16: # findings
C17: 1.j. | D17: Level 3 findings in HFTD for patrol inspections - Distribution lines | E17: N/A | F17: N/A | G17: N/A | H17: N/A | I17: N/A | J17: N/A | K17: N/A | L17: N/A | M17: N/A | N17: N/A | O17: N/A | P17: N/A | V17: # findings
C18: 1.k. | D18: Level 3 findings in HFTD for detailed inspections - Distribution lines | E18: N/A | F18: N/A | G18: N/A | H18: N/A | I18: N/A | J18: N/A | K18: N/A | L18: N/A | M18: N/A | N18: N/A | O18: N/A | P18: N/A | V18: # findings
C19: 1.l. | D19: Level 3 findings in HFTD for other inspections (list types of "other" inspections in comments) - Distribution lines | E19: N/A | F19: N/A | G19: N/A | H19: N/A | I19: N/A | J19: N/A | K19: N/A | L19: N/A | M19: N/A | N19: N/A | O19: N/A | P19: N/A | V19: # findings
B20: 1. Grid condition findings from inspection - Distribution lines total | C20: =C8&"ii." -> 1.a.ii. | D20: Number of total circuit miles inspected from patrol inspections - Distribution lines | E20: 6445 | F20: 6445 | G20: 6445 | H20: 6445 | I20: 6445 | J20: 2242 | K20: 2188 | L20: 1564 | M20: 451 | N20: 1667 | O20: 1839 | P20: 1780 | V20: # circuit miles
C21: =C9&"ii." -> 1.b.ii. | D21: Number of total circuit miles inspected from detailed inspections - Distribution lines | E21: 756 | F21: 880 | G21: 692 | H21: 510 | I21: 680 | J21: 361 | K21: 289 | L21: 90 | M21: 20 | N21: 912 | O21: 336 | P21: 287 | V21: # circuit miles
C22: =C10&"ii." -> 1.c.ii. | D22: Number of total circuit miles inspected from other inspections (list types of "other" inspections in comments) - Distribution lines | E22: 766 | F22: 542 | G22: 644 | H22: 948 | I22: 261 | J22: 490 | K22: 0 | L22: 0 | M22: 0 | N22: 155 | O22: 112 | P22: 72 | V22: # circuit miles
C23: =C11&"ii." -> 1.d.ii. | D23: Level 1 findings for patrol inspections - Distribution lines | E23: 49 | F23: 19 | G23: 26 | H23: 24 | I23: 21 | J23: 9 | K23: 16 | L23: 2 | M23: 3 | N23: 4 | O23: 1 | P23: 3 | V23: # findings
C24: =C12&"ii." -> 1.e.ii. | D24: Level 1 findings for detailed inspections - Distribution lines | E24: 261 | F24: 218 | G24: 57 | H24: 101 | I24: 28 | J24: 21 | K24: 18 | L24: 9 | M24: 2 | N24: 12 | O24: 9 | P24: 4 | V24: # findings
C25: =C13&"ii." -> 1.f.ii. | D25: Level 1 findings for other inspections (list types of "other" inspections in comments) - Distribution lines | E25: 53 | F25: 18 | G25: 57 | H25: 13 | I25: 14 | J25: 6 | K25: 2 | L25: 0 | M25: 2 | N25: 6 | O25: 2 | P25: 0 | V25: # findings
C26: =C14&"ii." -> 1.g.ii. | D26: Level 2 findings for patrol inspections - Distribution lines | E26: 704 | F26: 1130 | G26: 1005 | H26: 969 | I26: 933 | J26: 387 | K26: 345 | L26: 213 | M26: 129 | N26: 263 | O26: 289 | P26: 233 | V26: # findings
C27: =C15&"ii." -> 1.h.ii. | D27: Level 2 findings for detailed inspections - Distribution lines | E27: 2553 | F27: 2314 | G27: 1966 | H27: 1746 | I27: 1760 | J27: 1006 | K27: 670 | L27: 349 | M27: 77 | N27: 874 | O27: 573 | P27: 353 | V27: # findings
C28: =C16&"ii." -> 1.i.ii. | D28: Level 2 findings for other inspections (list types of "other" inspections in comments) - Distribution lines | E28: 1793 | F28: 1153 | G28: 1162 | H28: 364 | I28: 351 | J28: 23 | K28: 50 | L28: 26 | M28: 42 | N28: 78 | O28: 86 | P28: 10 | V28: # findings
C29: =C17&"ii." -> 1.j.ii. | D29: Level 3 findings for patrol inspections - Distribution lines | E29: N/A | F29: N/A | G29: N/A | H29: N/A | I29: N/A | J29: N/A | K29: N/A | L29: N/A | M29: N/A | N29: N/A | O29: N/A | P29: N/A | V29: # findings
C30: =C18&"ii." -> 1.k.ii. | D30: Level 3 findings for detailed inspections - Distribution lines | E30: N/A | F30: N/A | G30: N/A | H30: N/A | I30: N/A | J30: N/A | K30: N/A | L30: N/A | M30: N/A | N30: N/A | O30: N/A | P30: N/A | V30: # findings
C31: =C19&"ii." -> 1.l.ii. | D31: Level 3 findings for other inspections (list types of "other" inspections in comments) - Distribution lines | E31: N/A | F31: N/A | G31: N/A | H31: N/A | I31: N/A | J31: N/A | K31: N/A | L31: N/A | M31: N/A | N31: N/A | O31: N/A | P31: N/A | V31: # findings
B32: 1. Grid condition findings from inspection - Transmission lines in HFTD | C32: =C8&"iii." -> 1.a.iii. | D32: Number of circuit miles inspected from patrol inspections in HFTD - Transmission lines | E32: 915.4 | F32: 945.9 | G32: 945.9 | H32: 960.9 | I32: 973.8 | J32: 696.4 | K32: 176.1 | L32: 101.3 | M32: 0 | N32: 496.5 | O32: 346.1 | P32: 100.97 | V32: # circuit miles
C33: =C9&"iii." -> 1.b.iii. | D33: Number of circuit miles inspected from detailed inspections in HFTD - Transmission lines | E33: 353.9 | F33: 263.6 | G33: 328.4 | H33: 332.9 | I33: 285.9 | J33: 40.6 | K33: 97.3 | L33: 84.1 | M33: 133.1 | N33: 89.7 | O33: 64.5 | P33: 138.97 | V33: # circuit miles
C34: =C10&"iii." -> 1.c.iii. | D34: Number of circuit miles inspected from other inspections (list types of "other" inspections in comments) in HFTD - Transmission lines | E34: 958.7 | F34: 933.7 | G34: 933.7 | H34: 961.1 | I34: 961.6 | J34: 0 | K34: 0 | L34: 473.3 | M34: 469.45 | N34: 0 | O34: 0 | P34: 829.19 | V34: # circuit miles
C35: =C11&"iii." -> 1.d.iii. | D35: Level 1 findings in HFTD for patrol inspections - Transmission lines | E35: 0 | F35: 0 | G35: 0 | H35: 0 | I35: 0 | J35: 0 | K35: 0 | L35: 0 | M35: 0 | N35: 0 | O35: 0 | P35: 0 | V35: # findings
C36: =C12&"iii." -> 1.e.iii. | D36: Level 1 findings in HFTD for detailed inspections - Transmission lines | E36: 0 | F36: 0 | G36: 0 | H36: 2 | I36: 0 | J36: 0 | K36: 0 | L36: 0 | M36: 0 | N36: 0 | O36: 0 | P36: 0 | V36: # findings
C37: =C13&"iii." -> 1.f.iii. | D37: Level 1 findings in HFTD for other inspections (list types of "other" inspections in comments) - Transmission lines | E37: 0 | F37: 0 | G37: 0 | H37: 0 | I37: 0 | J37: 0 | K37: 0 | L37: 0 | M37: 1 | N37: 0 | O37: 0 | P37: 0 | V37: # findings
C38: =C14&"iii." -> 1.g.iii. | D38: Level 2 findings in HFTD for patrol inspections - Transmission lines | E38: 25 | F38: 19 | G38: 8 | H38: 9 | I38: 4 | J38: 0 | K38: 2 | L38: 0 | M38: 0 | N38: 1 | O38: 1 | P38: 0 | V38: # findings
C39: =C15&"iii." -> 1.h.iii. | D39: Level 2 findings in HFTD for detailed inspections - Transmission lines | E39: 469 | F39: 100 | G39: 156 | H39: 451 | I39: 226 | J39: 116 | K39: 122 | L39: 56 | M39: 63 | N39: 115 | O39: 99 | P39: 79 | V39: # findings
C40: =C16&"iii." -> 1.i.iii. | D40: Level 2 findings in HFTD for other inspections (list types of "other" inspections in comments) - Transmission lines | E40: 30 | F40: 22 | G40: 9 | H40: 6 | I40: 9 | J40: 0 | K40: 0 | L40: 10 | M40: 4 | N40: 0 | O40: 2 | P40: 5 | V40: # findings
C41: =C17&"iii." -> 1.j.iii. | D41: Level 3 findings in HFTD for patrol inspections - Transmission lines | E41: 0 | F41: 0 | G41: 0 | H41: 0 | I41: 0 | J41: 0 | K41: 0 | L41: 0 | M41: 0 | N41: 0 | O41: 0 | P41: 0 | V41: # findings
C42: =C18&"iii." -> 1.k.iii. | D42: Level 3 findings in HFTD for detailed inspections - Transmission lines | E42: 32 | F42: 30 | G42: 42 | H42: 31 | I42: 27 | J42: 0 | K42: 8 | L42: 0 | M42: 6 | N42: 1 | O42: 17 | P42: 2 | V42: # findings
C43: =C19&"iii." -> 1.l.iii. | D43: Level 3 findings in HFTD for other inspections (list types of "other" inspections in comments) - Distribution lines | E43: 0 | F43: 0 | G43: 18 | H43: 0 | I43: 0 | J43: 0 | K43: 0 | L43: 0 | M43: 0 | N43: 0 | O43: 0 | P43: 0 | V43: # findings
B44: 1. Grid condition findings from inspection - Transmission lines total | C44: =C8&"iv." -> 1.a.iv. | D44: Number of total circuit miles inspected from patrol inspections - Transmission lines | E44: 1651.8 | F44: 1701.2 | G44: 1705.2 | H44: 1725.6 | I44: 1741.6 | J44: 1146.3 | K44: 467.4 | L44: 135.1 | M44: 0 | N44: 956.6 | O44: 634.6 | P44: 133.89 | V44: # circuit miles
C45: =C9&"iv." -> 1.b.iv. | D45: Number of total circuit miles inspected from detailed inspections - Transmission lines | E45: 639.1 | F45: 530.7 | G45: 565.8 | H45: 585.6 | I45: 527.3 | J45: 104.3 | K45: 194.8 | L45: 148.2 | M45: 177.6299 | N45: 179.6 | O45: 126 | P45: 205.36 | V45: # circuit miles
C46: =C10&"iv." -> 1.c.iv. | D46: Number of total circuit miles inspected from other inspections (list types of "other" inspections in comments) - Transmission lines | E46: 1699 | F46: 1663.9 | G46: 1664.2 | H46: 1695.6 | I46: 1703.2 | J46: 0 | K46: 17.5 | L46: 936.5 | M46: 722.254 | N46: 0 | O46: 18.5 | P46: 1487.52 | V46: # circuit miles
C47: =C11&"iv." -> 1.d.iv. | D47: Level 1 findings for patrol inspections - Transmission lines | E47: 1 | F47: 0 | G47: 2 | H47: 0 | I47: 0 | J47: 0 | K47: 0 | L47: 0 | M47: 0 | N47: 0 | O47: 0 | P47: 0 | V47: # findings
C48: =C12&"iv." -> 1.e.iv. | D48: Level 1 findings for detailed inspections - Transmission lines | E48: 3 | F48: 1 | G48: 1 | H48: 8 | I48: 2 | J48: 0 | K48: 0 | L48: 0 | M48: 0 | N48: 1 | O48: 0 | P48: 0 | V48: # findings
C49: =C13&"iv." -> 1.f.iv. | D49: Level 1 findings for other inspections (list types of "other" inspections in comments) - Transmission lines | E49: 6 | F49: 1 | G49: 1 | H49: 1 | I49: 8 | J49: 0 | K49: 0 | L49: 1 | M49: 1 | N49: 0 | O49: 0 | P49: 0 | V49: # findings
C50: =C14&"iv." -> 1.g.iv. | D50: Level 2 findings for patrol inspections - Transmission lines | E50: 69 | F50: 42 | G50: 11 | H50: 11 | I50: 8 | J50: 1 | K50: 3 | L50: 0 | M50: 0 | N50: 1 | O50: 4 | P50: 0 | V50: # findings
C51: =C15&"iv." -> 1.h.iv. | D51: Level 2 findings for detailed inspections - Transmission lines | E51: 1026 | F51: 334 | G51: 448 | H51: 909 | I51: 543 | J51: 322 | K51: 242 | L51: 152 | M51: 150 | N51: 261 | O51: 412 | P51: 218 | V51: # findings
C52: =C16&"iv." -> 1.i.iv. | D52: Level 2 findings for other inspections (list types of "other" inspections in comments) - Transmission lines | E52: 66 | F52: 46 | G52: 17 | H52: 10 | I52: 27 | J52: 0 | K52: 2 | L52: 13 | M52: 8 | N52: 0 | O52: 5 | P52: 8 | V52: # findings
C53: =C17&"iv." -> 1.j.iv. | D53: Level 3 findings for patrol inspections - Transmission lines | E53: 0 | F53: 0 | G53: 0 | H53: 0 | I53: 0 | J53: 0 | K53: 0 | L53: 0 | M53: 0 | N53: 0 | O53: 0 | P53: 0 | V53: # findings
C54: =C18&"iv." -> 1.k.iv. | D54: Level 3 findings for detailed inspections - Transmission lines | E54: 60 | F54: 63 | G54: 66 | H54: 65 | I54: 51 | J54: 12 | K54: 9 | L54: 2 | M54: 38 | N54: 5 | O54: 54 | P54: 3 | V54: # findings
C55: =C19&"iv." -> 1.l.iv. | D55: Level 3 findings for other inspections (list types of "other" inspections in comments) - Transmission lines | E55: 0 | F55: 0 | G55: 18 | H55: 0 | I55: 0 | J55: 0 | K55: 0 | L55: 0 | M55: 0 | N55: 0 | O55: 0 | P55: 0 | V55: # findings
B56: 2. Vegetation clearance findings from inspection - total | C56: 2.a.i | D56: Number of spans insepcted where at least some vegetation was found in non-compliant condition - total | E56: 2559 | F56: 2815 | G56: 3085 | H56: 3404 | I56: 3044 | J56: 548 | K56: 605 | L56: 995 | M56: 1317 | N56: 558 | O56: 699 | P56: 852 | V56: # of spans inspected with noncompliant clearance based on applicable rules and regulations at the time of inspection | W56: During data cleaning process, invalid poleID are eleminated from the count of the Spans
C57: 2.a.ii | D57: Number of spans insepcted for vegetation compliance - total | E57: 173677 | F57: 173421 | G57: 173151 | H57: 172832 | I57: 173192 | J57: 43511 | K57: 43454 | L57: 43064 | M57: 42742 | N57: 43501 | O57: 43360 | P57: 43207 | V57: # of spans inspected for vegetation compliance | W57: Vegetation compliance-when all trees are compliant in a given territory
B58: 2. Vegetation clearance findings from inspection - in HFTD | C58: 2.b.i | D58: Number of spans insepcted where at least some vegetation was found in non-compliant condition in HFTD | E58: 999 | F58: 1092 | G58: 1407 | H58: 1624 | I58: 1250 | J58: 297 | K58: 359 | L58: 428 | M58: 383 | N58: 312 | O58: 446 | P58: 280 | V58: # of spans inspected with noncompliant clearance based on applicable rules and regulations at the time of inspection | W58: During data cleaning process, invalid poleID are eleminated from the count of the Spans
C59: 2.b.ii | D59: Number of spans insepcted for vegetation compliance in HFTD | E59: 76949 | F59: 76856 | G59: 76541 | H59: 76324 | I59: 76698 | J59: 19190 | K59: 19128 | L59: 19059 | M59: 19104 | N59: 19175 | O59: 19041 | P59: 19207 | V59: # of spans inspected for vegetation compliance | W59: Vegetation compliance-when all trees are compliant in a given territory
B60: 3. Community outreach metrics | C60: 3.a. | D60: # Customers in an evacuation zone for utility-ignited wildfire | E60: NA | F60: NA | G60: NA | H60: NA | I60: NA | J60: NA | K60: NA | L60: NA | M60: NA | N60: NA | O60: NA | P60: NA | V60: # customers (if customer was in an evacuation zone for multiple wildfires, count the customer for each relevant wildfire)
C61: 3.b. | D61: # Customers notified of evacuation orders | E61: NA | F61: NA | G61: NA | H61: NA | I61: NA | J61: NA | K61: NA | L61: NA | M61: NA | N61: NA | O61: NA | P61: NA | V61: # customers (count customer multiple times for each unique wildfire of which they were notified)
C62: 3.c. | D62: % of customers notified of evacuation in evacuation zone of a utility-ignited wildfire | E62: NA | F62: NA | G62: NA | H62: NA | I62: NA | J62: NA | K62: NA | L62: NA | M62: NA | N62: NA | O62: NA | P62: NA | V62: Percentage of customers notified of evacuation

Sheet Table 2
B2: Utility | C2: =IF('Quarterly Submission Guide'!$D$20 = "", "",'Quarterly Submission Guide'!$D$20) -> SDG&E | D2: Notes:
B3: Table No. | C3: 2 | D3: Transmission lines refer to all lines at or above 65kV, and distribution lines refer to all lines below 65kV.
B4: Date Modified | C4: 44501
N5: Note: These columns are placeholders for future QR submissions.
B6: Table 2: Recent performance on outcome metrics | J6: 1 | K6: 2 | L6: 3 | M6: 4 | N6: 1 | O6: 2 | P6: 3 | Q6: 4 | R6: 1 | S6: 2 | T6: 3 | U6: 4
B7: Metric type | C7: # | D7: Outcome metric name | E7: 2015 | F7: 2016 | G7: 2017 | H7: 2018 | I7: 2019 | J7: 2020 | K7: 2020 | L7: 2020 | M7: 2020 | N7: 2021 | O7: 2021 | P7: 2021 | Q7: 2021 | R7: 2022 | S7: 2022 | T7: 2022 | U7: 2022 | V7: Unit(s) | W7: Comments
B8: 1. Risk events | C8: 1.a. | D8: Number of all events with probability of ignition, including wires down, contacts with objects, line slap, events with evidence of heat generation, and other events that cause sparking or have the potential to cause ignition | E8: 1065 | F8: 1294 | G8: 1167 | H8: 1068 | I8: 1148 | J8: 234 | K8: 263 | L8: 347 | M8: 268 | N8: 328 | O8: =SUM('Table 7.1'!Q46:'Table 7.1'!Q97) -> 273 | P8: 311 | V8: Number per year
C9: 1.b. | D9: Number of wires down (total) | E9: 61 | F9: 143 | G9: 138 | H9: 96 | I9: 114 | J9: 29 | K9: 19 | L9: 21 | M9: 26 | N9: 24 | O9: =SUM('Table 7.1'!Q8:Q45) -> 23 | P9: 12 | V9: Number of wires down per year
C10: 1.c. | D10: Number of outage events not caused by contact with vegetation (total) | E10: =E8-E11 -> 1037 | F10: =F8-F11 -> 1232 | G10: =G8-G11 -> 1097 | H10: =H8-H11 -> 1033 | I10: =I8-I11 -> 1121 | J10: =J8-J11 -> 223 | K10: =K8-K11 -> 256 | L10: =L8-L11 -> 342 | ... P10: =P8-P11 -> 303 | V10: Number of outage events per year
C11: 1.d. | D11: Number of outage events caused by contact with vegetation (total) | E11: 28 | F11: 62 | G11: 70 | H11: 35 | I11: 27 | J11: 11 | K11: 7 | L11: 5 | M11: 8 | N11: 17 | O11: ='Table 7.1'!Q46+'Table 7.1'!Q72 -> 4 | P11: 8 | V11: Number of outage events per year
B12: 2. Utility inspection findings - Distribution | C12: 2.a. | D12: Number of Level 1 findings (distribution - total) | E12: 363 | F12: 255 | G12: 140 | H12: 138 | I12: 63 | J12: 36 | K12: 36 | L12: 11 | M12: 7 | N12: 22 | O12: 12 | P12: 7 | V12: # findings
C13: 2.b. | D13: Number of Level 2 findings (distribution - total) | E13: 1018 | F13: 1366 | G13: 1119 | H13: 1083 | I13: 975 | J13: 414 | K13: 365 | L13: 222 | M13: 133 | N13: 281 | O13: 498 | P13: 596 | V13: # findings
C14: 2.c. | D14: Number of Level 3 findings (distribution - total) | E14: NA | F14: NA | G14: NA | H14: NA | I14: NA | J14: NA | K14: NA | L14: NA | M14: NA | N14: NA | O14: NA | P14: NA | V14: # findings
C15: 2.d. | D15: Number of distribution circuit miles inspected | E15: 7967 | F15: 7867 | G15: 7781 | H15: 7903 | I15: 7386 | J15: 3093 | K15: 2477 | L15: 1654 | M15: 471 | N15: 743 | O15: 2287 | P15: 2139 | V15: # circuit miles
B16: 2. Utility inspection findings - Transmission | C16: 2.a.ii | D16: Number of Level 1 findings (transmission - total) | E16: 10 | F16: 2 | G16: 4 | H16: 9 | I16: 10 | J16: 0 | K16: 0 | L16: 1 | M16: 1 | N16: 1 | O16: 0 | P16: 0 | V16: # findings
C17: 2.b.ii | D17: Number of Level 2 findings (transmission - total) | E17: 1161 | F17: 422 | G17: 476 | H17: 930 | I17: 578 | J17: 323 | K17: 247 | L17: 165 | M17: 158 | N17: 262 | O17: 421 | P17: 226 | V17: # findings
C18: 2.c.ii | D18: Number of Level 3 findings (transmission - total) | E18: 60 | F18: 63 | G18: 84 | H18: 65 | I18: 51 | J18: 12 | K18: 9 | L18: 2 | M18: 38 | N18: 5 | O18: 54 | P18: 3 | V18: # findings
C19: 2.d.ii | D19: Number of transmission circuit miles inspected | E19: 3989.9 | F19: 3895.8 | G19: 3935.2 | H19: 4006.8 | I19: 3972.1 | J19: 1250.6 | K19: 679.7 | L19: 1219.8 | M19: 899.9 | N19: 1136.2 | O19: 779.1 | P19: 1826 | V19: # circuit miles
B20: 3. Utility ignited wildfire fatalities | C20: 3.a. | D20: Fatalities due to utility-ignited wildfire (total) | E20: 0 | F20: 0 | G20: 0 | H20: 0 | I20: 0 | J20: 0 | K20: 0 | L20: 0 | M20: 0 | N20: 0 | O20: 0 | P20: 0 | V20: Number of fatalities per year
C21: 3.b. | D21: Injuries due to utility-ignited wildfire (total) | E21: 0 | F21: 0 | G21: 0 | H21: 0 | I21: 0 | J21: 0 | K21: 0 | L21: 0 | M21: 0 | N21: 0 | O21: 0 | P21: 0 | V21: Number of injuries per year
B22: 4. Value of assets destroyed by utility-ignited wildfire, listed by asset type | C22: 4.a. | D22: Value of assets destroyed by utility-ignited wildfire (total) | E22: 0 | F22: 0 | G22: 0 | H22: 2900 | I22: 0 | J22: 0 | K22: 0 | L22: 0 | M22: 0 | N22: 0 | O22: 0 | P22: 0 | V22: Dollars of damage or destruction per year
B23: 5. Structures damaged or destroyed by utility-ignited wildfire | C23: 5.a. | D23: Number of structures destroyed by utility-ignited wildfire (total) | E23: 0 | F23: 0 | G23: 0 | H23: 1 | I23: 0 | J23: 0 | K23: 0 | L23: 0 | M23: 0 | N23: 0 | O23: 0 | P23: 0 | V23: Number of structures destroyed per year | W23: Structure count in 2018 is changed from 0.0437292 to 1
C24: 5.b. | D24: Critical infrastructure damaged/destroyed by utility-ignited wildfire (total) | N24: 0.0121 | O24: 0.3481 | P24: 0 | V24: Number of critical infrastructure damaged/destroyed per year
B25: 6. Acreage burned by utility-ignited wildfire | C25: 6.a. | D25: Acreage burned by utility-ignited wildfire (total) | E25: 213 | F25: 7 | G25: 16 | H25: 28 | I25: 8 | J25: 0.25 | K25: 0.26 | L25: 7.69 | M25: 4.37 | N25: 0.0121 | O25: 0.3481 | P25: 1.0087 | V25: Acres burned per year
B26: 7. Number of utility wildfire ignitons | C26: 7.a. | D26: Number of ignitions (total) according to existing ignition data reporting requirement | E26: 32 | F26: 30 | G26: 23 | H26: 26 | I26: 21 | J26: 3 | K26: 5 | L26: 16 | M26: 5 | N26: 3 | O26: 9 | P26: 9 | V26: Number per year
C27: 7.b. | D27: Number of ignitions in HFTD (subtotal) | E27: =E29+E30 -> 19 | F27: =F29+F30 -> 18 | G27: 15 | H27: =H29+H30 -> 13 | I27: =I29+I30 -> 12 | J27: =J29+J30 -> 2 | K27: =K29+K30 -> 4 | L27: =L29+L30 -> 12 | M27: =M29+M30 -> 5 | N27: 2 | O27: 5 | P27: 6 | V27: Number in HFTD per year
C28: 7.c. | D28: Number of ignitions in HFTD Zone 1 | E28: NA | F28: NA | G28: NA | H28: NA | I28: NA | J28: NA | K28: NA | L28: NA | M28: NA | N28: NA | O28: NA | P28: NA | V28: Number in HFTD Zone 1 per year
C29: 7.c.ii. | D29: Number of ignitions in HFTD Tier 2 | E29: 13 | F29: 11 | G29: 7 | H29: 7 | I29: 9 | J29: 1 | K29: 2 | L29: 5 | M29: 3 | N29: 2 | O29: 2 | P29: 3 | V29: Number in HFTD Tier 2 per year
C30: 7.c.iii. | D30: Number of ignitions in HFTD Tier 3 | E30: 6 | F30: 7 | G30: 8 | H30: 6 | I30: 3 | J30: 1 | K30: 2 | L30: 7 | M30: 2 | N30: 0 | O30: 3 | P30: 3 | V30: Number in HFTD Tier 3 per year
C31: 7.d. | D31: Number of ignitions in non-HFTD (subtotal) | E31: 13 | F31: 12 | G31: 8 | H31: 13 | I31: 9 | J31: 1 | K31: 1 | L31: 4 | M31: 0 | N31: 1 | O31: 4 | P31: 3 | V31: Number in non-HFTD per year
B32: 8. Fatalities resulting from utility wildfire mitigation initiatives | C32: 8.a. | D32: Fatalities due to utility wildfire mitigation activities (total) - "activities" defined as all activities accounted for in the 2020 WMP proposed WMP spend | E32: 1 | F32: 0 | G32: 0 | H32: 0 | I32: 0 | J32: 0 | K32: 0 | L32: 0 | M32: 0 | N32: 0 | O32: 0 | P32: 0 | V32: Number of fatalities per year
B33: 9. OSHA-reportable injuries from utility wildfire mitigation initiatives | C33: 9.a. | D33: OSHA-reportable injuries due to utility wildfire mitigation activities (total) - "activities" defined as all activities accounted for in the 2020 WMP proposed WMP spend | E33: 0 | F33: 1 | G33: 0 | H33: 0 | I33: 0 | J33: 0 | K33: 0 | L33: 0 | M33: 0 | N33: 0 | O33: 0 | P33: 0 | V33: Number of OSHA-reportable injuries per year

Sheet Table 3
B2: Utility | C2: =IF('Quarterly Submission Guide'!$D$20 = "", "",'Quarterly Submission Guide'!$D$20) -> SDG&E | E2: =IF('Quarterly Submission Guide'!$D$20 = "", "",'Quarterly Submission Guide'!$D$20) -> SDG&E
B3: Table No. | C3: 3 | E3: 3
B4: Date Modified | C4: 44501 | E4: 44317
R5: Note: These columns are placeholders for future QR submissions.
B6: Table 3: List and description of additional metrics | N6: 1 | O6: 2 | P6: 3 | Q6: 4 | R6: 1 | S6: 2 | T6: 3 | U6: 4 | V6: 1 | W6: 2 | X6: 3 | Y6: 4
B7: Metric | C7: # | D7: Metric Name | E7: Definition | F7: Purpose | G7: Assumptions made to connect metric to purpose | H7: Third-party validation (if any) | I7: 2015 | J7: 2016 | K7: 2017 | L7: 2018 | M7: 2019 | N7: 2020 | O7: 2020 | P7: 2020 | Q7: 2020 | R7: 2021 | S7: 2021 | T7: 2021 | U7: 2021 | V7: 2022 | W7: 2022 | X7: 2022 | Y7: 2022 | Z7: Unit(s) | AA7: Comments
B8: 1. Elevated FPI and Red Flag Warning Days | C8: 1.a. | D8: Number of elevated or extreme FPI | G8: Elevated or extreme FPI is associated with greater wildfire risk | H8: No | I8: 108 | J8: 138 | K8: 169 | L8: 182 | M8: 137 | N8: 0 | O8: 13 | P8: 92 | Q8: 59 | R8: 7 | S8: 27 | T8: 91 | Z8: Days
C9: 1.b. | D9: Number of RFW days | G9: RFW is associated with greater wildfire risk. | H9: No | I9: 4 | J9: 19 | K9: 22 | L9: 12 | M9: 10 | N9: 0 | O9: 0 | P9: 6 | Q9: 13 | R9: 5 | S9: 0 | T9: 0 | Z9: Days | AA9: Time is not included when calculating the number of RFW days.
B10: 2. Ignition Events | C10: 2.a. | D10: Vegetation caused ignitons in HFTD with elevated or higher FPI | H10: No | I10: 3 | J10: 1 | K10: 2 | L10: 0 | M10: 0 | N10: 0 | O10: 0 | P10: 1 | Q10: 0 | R10: 0 | S10: 0 | T10: 0 | Z10: Incidents
C11: 2.b. | D11: Vegetation caused ignitons in HFTD with RFW | H11: No | I11: 0 | J11: 0 | K11: 1 | L11: 0 | M11: 0 | N11: 0 | O11: 0 | P11: 1 | Q11: 0 | R11: 0 | S11: 0 | T11: 0 | Z11: Incidents
C12: 2.c. | D12: Equipment caused ignitions in HFTD with elevated or higher FPI | H12: No | I12: 2 | J12: 6 | K12: 4 | L12: 2 | M12: 4 | N12: 0 | O12: 0 | P12: 9 | Q12: 3 | R12: 0 | S12: 2 | T12: 2 | Z12: Incidents
C13: 2.d. | D13: Equipment caused ignitions in HFTD with RFW | H13: No | I13: 0 | J13: 0 | K13: 2 | L13: 1 | M13: 2 | N13: 0 | O13: 0 | P13: 1 | Q13: 1 | R13: 0 | S13: 0 | T13: 0 | Z13: Incidents
C14: 2.e. | D14: Balloons caused ignitions in HFTD with elevated or higher FPI | H14: No | I14: 1 | J14: 0 | K14: 3 | L14: 3 | M14: 0 | N14: 0 | O14: 0 | P14: 0 | Q14: 0 | R14: 0 | S14: 1 | T14: 0 | Z14: Incidents
C15: 2.f. | D15: Balloons caused ignitions in HFTD with RFW | H15: No | I15: 0 | J15: 0 | K15: 0 | L15: 0 | M15: 0 | N15: 0 | O15: 0 | P15: 0 | Q15: 0 | R15: 0 | S15: 0 | T15: 0 | Z15: Incidents
C16: 2.g. | D16: Vehicles caused ignitions in HFTD with elevated or higher FPI | H16: No | I16: 0 | J16: 0 | K16: 1 | L16: 2 | M16: 0 | N16: 0 | O16: 0 | P16: 2 | Q16: 0 | R16: 0 | S16: 0 | T16: 0 | Z16: Incidents
C17: 2.h. | D17: Vehicles caused ignitions in HFTD with RFW | H17: No | I17: 0 | J17: 0 | K17: 0 | L17: 0 | M17: 0 | N17: 0 | O17: 0 | P17: 0 | Q17: 0 | R17: 0 | S17: 0 | T17: 0 | Z17: Incidents
B18: 3. Distribution Outages | C18: 3.a. | D18: Vegetation caused outages in HFTD with Elevated FPI | H18: No | I18: 3 | J18: 5 | K18: 8 | L18: 5 | M18: 2 | N18: 0 | O18: 0 | P18: 1 | Q18: 2 | R18: 0 | S18: 1 | T18: 3 | Z18: Outages
C19: 3.b. | D19: Vegetation caused outages in HFTD with RFW | H19: No | I19: 0 | J19: 0 | K19: 2 | L19: 4 | M19: 0 | N19: 0 | O19: 0 | P19: 1 | Q19: 0 | R19: 0 | S19: 0 | T19: 0 | Z19: Outages
C20: 3.c. | D20: Overhead faults on circuits in HFTD with Elevated FPI | H20: No | I20: 114 | J20: 104 | K20: 133 | L20: 134 | M20: 132 | N20: 0 | O20: 7 | P20: 111 | Q20: 51 | R20: 23 | S20: 17 | T20: 90 | Z20: Outages | AA20: SDG&E has developed a more precise methodology for identifying the HFTD location of outages by utilizing the pole/asset location instead of the overall circuit location.
C21: 3.d. | D21: Overhead faults on circuits in HFTD with RFW | H21: No | I21: 1 | J21: 2 | K21: 20 | L21: 25 | M21: 13 | N21: 0 | O21: 0 | P21: 28 | Q21: 17 | R21: 0 | S21: 0 | T21: 0 | Z21: Outages
C22: 3.e. | D22: Energized wire down events in HFTD with Elevated FPI | H22: No | I22: 3 | J22: 7 | K22: 9 | L22: 6 | M22: 8 | N22: 0 | O22: 0 | P22: 5 | Q22: 2 | R22: 0 | S22: 3 | T22: 3 | Z22: Outages
C23: 3.f. | D23: Energized wire down events in HFTD with RFW | H23: No | I23: 0 | J23: 0 | K23: 0 | L23: 1 | M23: 1 | N23: 0 | O23: 0 | P23: 0 | Q23: 0 | R23: 0 | S23: 0 | T23: 0 | Z23: Outages
C24: 3.g. | D24: Number of non-CALFIRE rated fuse operations in HFTD with Elevated FPI | H24: No | I24: 67 | J24: 64 | K24: 70 | L24: 72 | M24: 50 | N24: 0 | O24: 5 | P24: 28 | Q24: 19 | R24: 4 | S24: 2 | T24: 19 | Z24: Outages
C25: 3.h. | D25: Number of non-CALFIRE rated fuse operations in HFTD with RFW | H25: No | I25: 1 | J25: 3 | K25: 9 | L25: 10 | M25: 3 | N25: 0 | O25: 0 | P25: 1 | Q25: 4 | R25: 0 | S25: 0 | T25: 0 | Z25: Outages

Sheet Table 4
B2: Utility | C2: =IF('Quarterly Submission Guide'!$D$20 = "", "",'Quarterly Submission Guide'!$D$20) -> SDG&E
B3: Table No. | C3: 4
B4: Date Modified | C4: 44501
N5: Note: These columns are placeholders for future QR submissions.
B6: Table 4: Fatalities due to utility wildfire mitigation initiatives | J6: 1 | K6: 2 | L6: 3 | M6: 4 | N6: 1 | O6: 2 | P6: 3 | Q6: 4 | R6: 1 | S6: 2 | T6: 3 | U6: 4
B7: Metric type | C7: # | D7: Outcome metric name | E7: 2015 | F7: 2016 | G7: 2017 | H7: 2018 | I7: 2019 | J7: 2020 | K7: 2020 | L7: 2020 | M7: 2020 | N7: 2021 | O7: 2021 | P7: 2021 | Q7: 2021 | R7: 2022 | S7: 2022 | T7: 2022 | U7: 2022 | V7: Unit(s) | W7: Comments
B8: 1. Fatalities - Full-time Employee | C8: 1.a. | D8: Fatalities due to utility inspection - Full-time employee | E8: 0 | F8: 0 | G8: 0 | H8: 0 | I8: 0 | J8: 0 | K8: 0 | L8: 0 | M8: 0 | N8: 0 | O8: 0 | P8: 0 | V8: # fatalities
C9: 1.b. | D9: Fatalities due to vegetation management - Full-time employee | E9: 0 | F9: 0 | G9: 0 | H9: 0 | I9: 0 | J9: 0 | K9: 0 | L9: 0 | M9: 0 | N9: 0 | O9: 0 | P9: 0 | V9: # fatalities
C10: 1.c. | D10: Fatalities due to utility fuel management - Full-time employee | E10: 0 | F10: 0 | G10: 0 | H10: 0 | I10: 0 | J10: 0 | K10: 0 | L10: 0 | M10: 0 | N10: 0 | O10: 0 | P10: 0 | V10: # fatalities
C11: 1.d. | D11: Fatalities due to grid hardening - Full-time employee | E11: 0 | F11: 0 | G11: 0 | H11: 0 | I11: 0 | J11: 0 | K11: 0 | L11: 0 | M11: 0 | N11: 0 | O11: 0 | P11: 0 | V11: # fatalities
C12: 1.e. | D12: Fatalities due to other - Full-time employee | E12: 0 | F12: 0 | G12: 0 | H12: 0 | I12: 0 | J12: 0 | K12: 0 | L12: 0 | M12: 0 | N12: 0 | O12: 0 | P12: 0 | V12: # fatalities
B13: 2. Fatalities - Contractor | C13: 2.a. | D13: Fatalities due to utility inspection - Contractor | E13: 0 | F13: 0 | G13: 0 | H13: 0 | I13: 0 | J13: 0 | K13: 0 | L13: 0 | M13: 0 | N13: 0 | O13: 0 | P13: 0 | V13: # fatalities
C14: 2.b. | D14: Fatalities due to vegetation management - Contractor | E14: 1 | F14: 0 | G14: 0 | H14: 0 | I14: 0 | J14: 0 | K14: 0 | L14: 0 | M14: 0 | N14: 0 | O14: 0 | P14: 0 | V14: # fatalities
C15: 2.c. | D15: Fatalities due to utility fuel management - Contractor | E15: 0 | F15: 0 | G15: 0 | H15: 0 | I15: 0 | J15: 0 | K15: 0 | L15: 0 | M15: 0 | N15: 0 | O15: 0 | P15: 0 | V15: # fatalities
C16: 2.d. | D16: Fatalities due to grid hardening - Contractor | E16: 0 | F16: 0 | G16: 0 | H16: 0 | I16: 0 | J16: 0 | K16: 0 | L16: 0 | M16: 0 | N16: 0 | O16: 0 | P16: 0 | V16: # fatalities
C17: 2.e. | D17: Fatalities due to other - Contractor | E17: 0 | F17: 0 | G17: 0 | H17: 0 | I17: 0 | J17: 0 | K17: 0 | L17: 0 | M17: 0 | N17: 0 | O17: 0 | P17: 0 | V17: # fatalities
B18: 3. Fatalities - Member of public | C18: 3.a. | D18: Fatalities due to utility inspection - Public | E18: 0 | F18: 0 | G18: 0 | H18: 0 | I18: 0 | J18: 0 | K18: 0 | L18: 0 | M18: 0 | N18: 0 | O18: 0 | P18: 0 | V18: # fatalities
C19: 3.b. | D19: Fatalities due to vegetation management - Public | E19: 0 | F19: 0 | G19: 0 | H19: 0 | I19: 0 | J19: 0 | K19: 0 | L19: 0 | M19: 0 | N19: 0 | O19: 0 | P19: 0 | V19: # fatalities
C20: 3.c. | D20: Fatalities due to utility fuel management - Public | E20: 0 | F20: 0 | G20: 0 | H20: 0 | I20: 0 | J20: 0 | K20: 0 | L20: 0 | M20: 0 | N20: 0 | O20: 0 | P20: 0 | V20: # fatalities
C21: 3.d. | D21: Fatalities due to grid hardening - Public | E21: 0 | F21: 0 | G21: 0 | H21: 0 | I21: 0 | J21: 0 | K21: 0 | L21: 0 | M21: 0 | N21: 0 | O21: 0 | P21: 0 | V21: # fatalities
C22: 3.e. | D22: Fatalities due to other - Public | E22: 0 | F22: 0 | G22: 0 | H22: 0 | I22: 0 | J22: 0 | K22: 0 | L22: 0 | M22: 0 | N22: 0 | O22: 0 | P22: 0 | V22: # fatalities

Sheet Table 5
B2: Utility | C2: =IF('Quarterly Submission Guide'!$D$20 = "", "",'Quarterly Submission Guide'!$D$20) -> SDG&E
B3: Table No. | C3: 5
B4: Date Modified | C4: 44501
N5: Note: These columns are placeholders for future QR submissions.
B6: Table 5: OSHA-reportable injuries due to utility wildfire mitigation initiatives | J6: 1 | K6: 2 | L6: 3 | M6: 4 | N6: 1 | O6: 2 | P6: 3 | Q6: 4 | R6: 1 | S6: 2 | T6: 3 | U6: 4
B7: Metric type | C7: # | D7: Outcome metric name | E7: 2015 | F7: 2016 | G7: 2017 | H7: 2018 | I7: 2019 | J7: 2020 | K7: 2020 | L7: 2020 | M7: 2020 | N7: 2021 | O7: 2021 | P7: 2021 | Q7: 2021 | R7: 2022 | S7: 2022 | T7: 2022 | U7: 2022 | V7: Unit(s) | W7: Comments
B8: 1. OSHA injuries - Full-time Employee | C8: 1.a. | D8: OSHA injuries due to utility inspection - Full-time employee | E8: 0 | F8: 0 | G8: 0 | H8: 0 | I8: 0 | J8: 0 | K8: 0 | L8: 0 | M8: 0 | N8: 0 | O8: 0 | P8: 0 | V8: # OSHA-reportable injuries
C9: 1.b. | D9: OSHA injuries due to vegetation management - Full-time employee | E9: 0 | F9: 0 | G9: 0 | H9: 0 | I9: 0 | J9: 0 | K9: 0 | L9: 0 | M9: 0 | N9: 0 | O9: 0 | P9: 0 | V9: # OSHA-reportable injuries
C10: 1.c. | D10: OSHA injuries due to utility fuel management - Full-time employee | E10: 0 | F10: 0 | G10: 0 | H10: 0 | I10: 0 | J10: 0 | K10: 0 | L10: 0 | M10: 0 | N10: 0 | O10: 0 | P10: 0 | V10: # OSHA-reportable injuries
C11: 1.d. | D11: OSHA injuries due to grid hardening - Full-time employee | E11: 0 | F11: 0 | G11: 0 | H11: 0 | I11: 0 | J11: 0 | K11: 0 | L11: 0 | M11: 0 | N11: 0 | O11: 0 | P11: 0 | V11: # OSHA-reportable injuries
C12: 1.e. | D12: OSHA injuries due to other - Full-time employee | E12: 0 | F12: 0 | G12: 0 | H12: 0 | I12: 0 | J12: 0 | K12: 0 | L12: 0 | M12: 0 | N12: 0 | O12: 0 | P12: 0 | V12: # OSHA-reportable injuries
B13: 2. OSHA injuries - Contractor | C13: 2.a. | D13: OSHA injuries due to utility inspection - Contractor | E13: 0 | F13: 0 | G13: 0 | H13: 0 | I13: 0 | J13: 0 | K13: 0 | L13: 0 | M13: 0 | N13: 0 | O13: 0 | P13: 0 | V13: # OSHA-reportable injuries
C14: 2.b. | D14: OSHA injuries due to vegetation management - Contractor | E14: 0 | F14: 1 | G14: 0 | H14: 0 | I14: 0 | J14: 0 | K14: 0 | L14: 0 | M14: 0 | N14: 0 | O14: 0 | P14: 0 | V14: # OSHA-reportable injuries
C15: 2.c. | D15: OSHA injuries due to utility fuel management - Contractor | E15: 0 | F15: 0 | G15: 0 | H15: 0 | I15: 0 | J15: 0 | K15: 0 | L15: 0 | M15: 0 | N15: 0 | O15: 0 | P15: 0 | V15: # OSHA-reportable injuries
C16: 2.d. | D16: OSHA injuries due to grid hardening - Contractor | E16: 0 | F16: 0 | G16: 0 | H16: 0 | I16: 0 | J16: 0 | K16: 0 | L16: 0 | M16: 0 | N16: 0 | O16: 0 | P16: 0 | V16: # OSHA-reportable injuries
C17: 2.e. | D17: OSHA injuries due to other - Contractor | E17: 0 | F17: 0 | G17: 0 | H17: 0 | I17: 0 | J17: 0 | K17: 0 | L17: 0 | M17: 0 | N17: 0 | O17: 0 | P17: 0 | V17: # OSHA-reportable injuries
B18: 3. OSHA injuries - Member of public | C18: 3.a. | D18: OSHA injuries due to utility inspection - Public | E18: 0 | F18: 0 | G18: 0 | H18: 0 | I18: 0 | J18: 0 | K18: 0 | L18: 0 | M18: 0 | N18: 0 | O18: 0 | P18: 0 | V18: # OSHA-reportable injuries
C19: 3.b. | D19: OSHA injuries due to vegetation management - Public | E19: 0 | F19: 0 | G19: 0 | H19: 0 | I19: 0 | J19: 0 | K19: 0 | L19: 0 | M19: 0 | N19: 0 | O19: 0 | P19: 0 | V19: # OSHA-reportable injuries
C20: 3.c. | D20: OSHA injuries due to utility fuel management - Public | E20: 0 | F20: 0 | G20: 0 | H20: 0 | I20: 0 | J20: 0 | K20: 0 | L20: 0 | M20: 0 | N20: 0 | O20: 0 | P20: 0 | V20: # OSHA-reportable injuries
C21: 3.d. | D21: OSHA injuries due to grid hardening - Public | E21: 0 | F21: 0 | G21: 0 | H21: 0 | I21: 0 | J21: 0 | K21: 0 | L21: 0 | M21: 0 | N21: 0 | O21: 0 | P21: 0 | V21: # OSHA-reportable injuries
C22: 3.e. | D22: OSHA injuries due to other - Public | E22: 0 | F22: 0 | G22: 0 | H22: 0 | I22: 0 | J22: 0 | K22: 0 | L22: 0 | M22: 0 | N22: 0 | O22: 0 | P22: 0 | V22: # OSHA-reportable injuries

Sheet Table 6
B2: Utility | C2: =IF('Quarterly Submission Guide'!$D$20 = "", "",'Quarterly Submission Guide'!$D$20) -> SDG&E
B3: Table No. | C3: 6
B4: Date Modified | C4: 44501
N5: Note: These columns are placeholders for future QR submissions.
B6: Table 6: Weather patterns | J6: 1 | K6: 2 | L6: 3 | M6: 4 | N6: 1 | O6: 2 | P6: 3 | Q6: 4 | R6: 1 | S6: 2 | T6: 3 | U6: 4
B7: Metric type | C7: # | D7: Outcome metric name | E7: 2015 | F7: 2016 | G7: 2017 | H7: 2018 | I7: 2019 | J7: 2020 | K7: 2020 | L7: 2020 | M7: 2020 | N7: 2021 | O7: 2021 | P7: 2021 | Q7: 2021 | R7: 2022 | S7: 2022 | T7: 2022 | U7: 2022 | V7: Unit(s) | W7: Comments
B8: 1. Red Flag Warning Overhead circuit mile Days | C8: 1.a. | D8: Red Flag Warning Overhead circuit mile days - entire utility territory | E8: 16938.551 | F8: 53147.861 | G8: 190407.17 | H8: 125739.06 | I8: 53502.252 | J8: 0 | K8: 0 | L8: 34879.055 | M8: 62127.922 | N8: 3185.6182 | O8: 0 | P8: 0 | V8: Sum of overhead circuit miles of utility grid subject to Red Flag Warning each day within a given time period, calculated as the number of overhead circuit miles that were under an RFW multiplied by the number of days those circuit miles were under said RFW. For example, if 100 overhead circuit miles were under an RFW for 1 day, and 10 of those miles were under RFW for an additional day, then the total RFW OH circuit mile days would be 110.
C9: 1.b. | D9: Red Flag Warning Overhead circuit mile days - HFTD Zone 1 | E9: NA | F9: NA | G9: NA | H9: NA | I9: NA | J9: NA | K9: NA | L9: NA | M9: NA | N9: NA | O9: 0 | P9: 0 | V9: Red Flag Warning Overhead circuit mile days, see above for definition
C10: 1.c. | D10: Red Flag Warning Overhead circuit mile days - HFTD Tier 2 | E10: 6485.1058 | F10: 20011.163 | G10: 55256.332 | H10: 38664.976 | I10: 20055.183 | J10: 0 | K10: 0 | L10: 12875.28 | M10: 23534.831 | N10: 1455.4705 | O10: 0 | P10: 0 | V10: Red Flag Warning Overhead circuit mile days, see above for definition
C11: 1.d. | D11: Red Flag Warning Overhead circuit mile days - HFTD Tier 3 | E11: 3730.7747 | F11: 14904.535 | G11: 30735.984 | H11: 22286.47 | I11: 12370.464 | J11: 0 | K11: 0 | L11: 9106.0357 | M11: 14432.208 | N11: 0 | O11: 0 | P11: 0 | V11: Red Flag Warning Overhead circuit mile days, see above for definition | W11: circuit/tieline spans that cross tier 2 and tier 3 are grouped in tier 3
C12: 1.e. | D12: Red Flag Warning Overhead circuit mile days - Non-HFTD | E12: 6722.6708 | F12: 18232.163 | G12: 104414.85 | H12: 64787.609 | I12: 21076.606 | J12: 0 | K12: 0 | L12: 12897.74 | M12: 24160.883 | N12: 1730.1477 | O12: 0 | P12: 0 | V12: Red Flag Warning Overhead circuit mile days, see above for definition
B13: 2. Wind conditions | C13: 2.a. | D13: High wind warning overhead circuit mile days | E13: 51231.922 | F13: 13751.869 | G13: 107921.7 | H13: 53297.725 | I13: 26851.752 | J13: 8646.8868 | K13: 0 | L13: 0 | M13: 17019.784 | N13: 38371.807 | O13: 0 | P13: 0 | V13: Sum of overhead circuit miles of utility grid subject to High Wind Warnings (HWW, as defined by the National Weather Service) each day within a given time period, calculated as the number of overhead circuit miles that were under an HWW multiplied by the number of days those miles were under said HWW. For example, if 100 overhead circuit miles were under an HWW for 1 day, and 10 of those miles were under HWW for an additional day, then the total HWW OH circuit mile days would be 110.
B14: 3. Other | C14: 3.a. | D14: Other relevant weather pattern metrics tracked (add additional rows as needed)

Sheet Table 7.1
B2: Utility | C2: =IF('Quarterly Submission Guide'!$D$20 = "", "",'Quarterly Submission Guide'!$D$20) -> SDG&E | D2: Notes:
B3: Table No. | C3: 7.1 | D3: Transmission lines refer to all lines at or above 65kV, and distribution lines refer to all lines below 65kV.
B4: Date Modified | C4: 44501 | D4: Data from 2015 - 2020 Q2 should be actual numbers. 2020 Q3 - 2023 should be projected. In future submissions update projected numbers with actuals
G5: Number of risk events | S5: Projected
B6: Table 7.1: Key recent and projected drivers of risk events | L6: 1 | M6: 2 | N6: 3 | O6: 4 | P6: 1 | Q6: Q2 | R6: 3 | S6: 4 | T6: 1 | U6: 2 | V6: 3 | W6: 4
B7: Risk Event category | C7: Cause category | D7: # | E7: Sub-cause category | F7: Are risk events tracked for ignition driver? (yes / no) | G7: 2015 | H7: 2016 | I7: 2017 | J7: 2018 | K7: 2019 | L7: 2020 | M7: 2020 | N7: 2020 | O7: 2020 | P7: 2021 | Q7: 2021 | R7: 2021 | S7: 2021 | T7: 2022 | U7: 2022 | V7: 2022 | W7: 2022 | X7: Unit(s) | Y7: Comments
A8: x | B8: Wire down event - Distribution | C8: 1. Contact from object - Distribution | D8: 1.a. | E8: Veg. contact- Distribution | F8: Yes | G8: 10 | H8: 22 | I8: 31 | J8: 13 | K8: 12 | L8: 3 | M8: 4 | N8: 2 | O8: 4 | P8: 4 | Q8: 2 | R8: 3 | S8: 4.3599766 | T8: 4.1764531 | U8: 4.1764531 | V8: 4.1764531 | W8: 4.1764531 | X8: # risk events (excluding ignitions)
D9: 1.b. | E9: Animal contact- Distribution | F9: Yes | G9: 0 | H9: 8 | I9: 2 | J9: 2 | K9: 0 | L9: 1 | M9: 1 | N9: 1 | O9: 0 | P9: 0 | Q9: 2 | R9: 0 | S9: 0.74097289 | T9: 0.73319277 | U9: 0.73319277 | V9: 0.73319277 | W9: 0.73319277 | X9: # risk events (excluding ignitions)
D10: 1.c. | E10: Balloon contact- Distribution | F10: Yes | G10: 1 | H10: 5 | I10: 8 | J10: 3 | K10: 5 | L10: 1 | M10: 2 | N10: 1 | O10: 1 | P10: 0 | Q10: 3 | R10: 0 | S10: 1.2953536 | T10: 1.2895549 | U10: 1.2895549 | V10: 1.2895549 | W10: 1.2895549 | X10: # risk events (excluding ignitions)
D11: 1.d. | E11: Vehicle contact- Distribution | F11: Yes | G11: 6 | H11: 13 | I11: 17 | J11: 23 | K11: 28 | L11: 11 | M11: 6 | N11: 7 | O11: 9 | P11: 6 | Q11: 5 | R11: 3 | S11: 5.6793462 | T11: 5.6620962 | U11: 5.6620962 | V11: 5.6620962 | W11: 5.6620962 | X11: # risk events (excluding ignitions)
D12: 1.e. | E12: Other contact from object - Distribution | F12: Yes | G12: 8 | H12: 15 | I12: 18 | J12: 6 | K12: 13 | L12: 2 | M12: 0 | N12: 1 | O12: 0 | P12: 0 | Q12: 1 | R12: 0 | S12: 2.9927326 | T12: 2.9836628 | U12: 2.9836628 | V12: 2.9836628 | W12: 2.9836628 | X12: # risk events (excluding ignitions)
C13: 2. Equipment / facility failure - Distribution | D13: 2.a. | E13: Connector damage or failure- Distribution | F13: Yes | G13: 7 | H13: 2 | I13: 0 | J13: 7 | K13: 6 | L13: 4 | M13: 2 | N13: 2 | O13: 3 | P13: 6 | Q13: 4 | R13: 3 | S13: 1.21875 | T13: 1.1983972 | U13: 1.1983972 | V13: 1.1983972 | W13: 1.1983972 | X13: # risk events (excluding ignitions)
D14: 2.b. | E14: Splice damage or failure — Distribution | F14: No | G14: 0 | H14: 0 | I14: 0 | J14: 0 | K14: 0 | L14: 0 | M14: 0 | N14: 0 | O14: 0 | P14: 0 | Q14: 0 | R14: 0 | S14: 0 | T14: 0 | U14: 0 | V14: 0 | W14: 0 | X14: # risk events (excluding ignitions)
D15: 2.c. | E15: Crossarm damage or failure - Distribution | F15: Yes | G15: 0 | H15: 0 | I15: 0 | J15: 1 | K15: 3 | L15: 0 | M15: 0 | N15: 1 | O15: 0 | P15: 0 | Q15: 1 | R15: 0 | S15: 0.048336066 | T15: 0.047881148 | U15: 0.047881148 | V15: 0.047881148 | W15: 0.047881148 | X15: # risk events (excluding ignitions)
D16: 2.d. | E16: Insulator damage or failure- Distribution | F16: Yes | G16: 0 | H16: 0 | I16: 0 | J16: 0 | K16: 0 | L16: 1 | M16: 0 | N16: 0 | O16: 0 | P16: 0 | Q16: 0 | R16: 0 | S16: 0 | T16: 0 | U16: 0 | V16: 0 | W16: 0 | X16: # risk events (excluding ignitions)
D17: 2.e. | E17: Lightning arrestor damage or failure- Distribution | F17: Yes | G17: 0 | H17: 1 | I17: 0 | J17: 0 | K17: 1 | L17: 0 | M17: 0 | N17: 0 | O17: 0 | P17: 0 | Q17: 0 | R17: 0 | S17: 0.096012 | T17: 0.09492 | U17: 0.09492 | V17: 0.09492 | W17: 0.09492 | X17: # risk events (excluding ignitions)
D18: 2.f. | E18: Tap damage or failure - Distribution | F18: No | G18: 0 | H18: 1 | I18: 0 | J18: 0 | K18: 0 | L18: 0 | M18: 0 | N18: 0 | O18: 0 | P18: 0 | Q18: 0 | R18: 0 | S18: 0 | T18: 0 | U18: 0 | V18: 0 | W18: 0 | X18: # risk events (excluding ignitions)
D19: 2.g. | E19: Tie wire damage or failure - Distribution | F19: No | G19: 0 | H19: 1 | I19: 0 | J19: 0 | K19: 0 | L19: 0 | M19: 0 | N19: 0 | O19: 0 | P19: 0 | Q19: 0 | R19: 0 | S19: 0 | T19: 0 | U19: 0 | V19: 0 | W19: 0 | X19: # risk events (excluding ignitions)
D20: 2.h. | E20: Other - Distribution | F20: Yes | G20: 27 | H20: 71 | I20: 60 | J20: 35 | K20: 40 | L20: 4 | M20: 4 | N20: 3 | O20: 7 | P20: 8 | Q20: 4 | R20: 2 | S20: 11.215887 | T20: 11.110648 | U20: 11.110648 | V20: 11.110648 | W20: 11.110648 | X20: # risk events (excluding ignitions)
C21: 3. Wire-to-wire contact - Distribution | D21: 3.a. | E21: Wire-to-wire contact / contamination- Distribution | F21: Yes | G21: 0 | H21: 0 | I21: 0 | J21: 0 | K21: 1 | L21: 0 | M21: 0 | N21: 0 | O21: 0 | P21: 0 | Q21: 0 | R21: 0 | S21: 0 | T21: 0 | U21: 0 | V21: 0 | W21: 0 | X21: # risk events (excluding ignitions)
C22: 4. Contamination - Distribution | D22: 4.a. | E22: Contamination - Distribution | F22: Yes | G22: 0 | H22: 0 | I22: 0 | J22: 2 | K22: 2 | L22: 1 | M22: 0 | N22: 1 | O22: 2 | P22: 0 | Q22: 0 | R22: 0 | S22: 0.04975 | T22: 0.049375 | U22: 0.049375 | V22: 0.049375 | W22: 0.049375 | X22: # risk events (excluding ignitions)
C23: 5. Utility work / Operation | D23: 5.a. | E23: Utility work / Operation | F23: Yes | G23: 1 | H23: 1 | I23: 1 | J23: 2 | K23: 1 | L23: 0 | M23: 0 | N23: 0 | O23: 0 | P23: 0 | Q23: 1 | R23: 0 | S23: 0.5 | T23: 0.5 | U23: 0.5 | V23: 0.5 | W23: 0.5 | X23: # risk events (excluding ignitions)
C24: 6. Vandalism / Theft - Distribution | D24: 6.a. | E24: Vandalism / Theft - Distribution | F24: Yes | G24: 0 | H24: 0 | I24: 0 | J24: 1 | K24: 1 | L24: 0 | M24: 0 | N24: 2 | O24: 0 | P24: 2 | Q24: 0 | R24: 1 | S24: 0 | T24: 0 | U24: 0 | V24: 0 | W24: 0 | X24: # risk events (excluding ignitions)
C25: 7. Other- Distribution | D25: 7.a. | E25: All Other- Distribution | F25: No | G25: 1 | H25: 0 | I25: 0 | J25: 0 | K25: 0 | L25: 0 | M25: 0 | N25: 0 | O25: 0 | P25: 0 | Q25: 0 | R25: 0 | S25: 0.19933333 | T25: 0.19866667 | U25: 0.19866667 | V25: 0.19866667 | W25: 0.19866667 | X25: # risk events (excluding ignitions)
C26: 8. Unknown- Distribution | D26: 8.a. | E26: Unknown - Distribution | F26: Yes | G26: 0 | H26: 2 | I26: 0 | J26: 0 | K26: 0 | L26: 0 | M26: 0 | N26: 0 | O26: 0 | P26: 0 | Q26: 0 | R26: 0 | S26: 0.049347724 | T26: 0.048764963 | U26: 0.048764963 | V26: 0.048764963 | W26: 0.048764963 | X26: # risk events (excluding ignitions)
A27: x | B27: Wire down event - Transmission | C27: 9. Contact from object - Transmission | D27: 9.a. | E27: Veg. contact- Transmission | F27: Yes | G27: 0 | H27: 0 | I27: 0 | J27: 0 | K27: 0 | L27: 0 | M27: 0 | N27: 0 | O27: 0 | P27: 0 | Q27: 0 | R27: 0 | S27: 0 | T27: 0 | U27: 0 | V27: 0 | W27: 0 | X27: # risk events (excluding ignitions)
D28: 9.b. | E28: Animal contact- Transmission | F28: Yes | G28: 0 | H28: 0 | I28: 0 | J28: 0 | K28: 0 | L28: 0 | M28: 0 | N28: 0 | O28: 0 | P28: 0 | Q28: 0 | R28: 0 | S28: 0 | T28: 0 | U28: 0 | V28: 0 | W28: 0 | X28: # risk events (excluding ignitions)
D29: 9.c. | E29: Balloon contact- Transmission | F29: Yes | G29: 0 | H29: 0 | I29: 0 | J29: 0 | K29: 0 | L29: 0 | M29: 0 | N29: 0 | O29: 0 | P29: 0 | Q29: 0 | R29: 0 | S29: 0 | T29: 0 | U29: 0 | V29: 0 | W29: 0 | X29: # risk events (excluding ignitions)
D30: 9.d. | E30: Vehicle contact- Transmission | F30: Yes | G30: 0 | H30: 0 | I30: 0 | J30: 0 | K30: 0 | L30: 0 | M30: 0 | N30: 0 | O30: 0 | P30: 0 | Q30: 0 | R30: 0 | S30: 0 | T30: 0 | U30: 0 | V30: 0 | W30: 0 | X30: # risk events (excluding ignitions)
D31: 9.e. | E31: Other contact from object - Transmission | F31: Yes | G31: 0 | H31: 0 | I31: 0 | J31: 0 | K31: 0 | L31: 0 | M31: 0 | N31: 0 | O31: 0 | P31: 0 | Q31: 0 | R31: 0 | S31: 0 | T31: 0 | U31: 0 | V31: 0 | W31: 0 | X31: # risk events (excluding ignitions)
C32: 10. Equipment / facility failure - Transmission | D32: 10.a. | E32: Connector damage or failure- Transmission | F32: Yes | G32: 0 | H32: 0 | I32: 0 | J32: 0 | K32: 0 | L32: 0 | M32: 0 | N32: 0 | O32: 0 | P32: 0 | Q32: 0 | R32: 0 | S32: 0 | T32: 0 | U32: 0 | V32: 0 | W32: 0 | X32: # risk events (excluding ignitions)
D33: 10.b. | E33: Splice damage or failure — Transmission | F33: No | G33: 0 | H33: 1 | I33: 0 | J33: 0 | K33: 0 | L33: 0 | M33: 0 | N33: 0 | O33: 0 | P33: 0 | Q33: 0 | R33: 0 | S33: 0.0482875 | T33: 0.0480625 | U33: 0.0480625 | V33: 0.0480625 | W33: 0.0480625 | X33: # risk events (excluding ignitions)
D34: 10.c. | E34: Crossarm damage or failure - Transmission | F34: Yes | G34: 0 | H34: 0 | I34: 0 | J34: 0 | K34: 0 | L34: 0 | M34: 0 | N34: 0 | O34: 0 | P34: 0 | Q34: 0 | R34: 0 | S34: 0 | T34: 0 | U34: 0 | V34: 0 | W34: 0 | X34: # risk events (excluding ignitions)
D35: 10.d. | E35: Insulator damage or failure- Transmission | F35: Yes | G35: 0 | H35: 0 | I35: 0 | J35: 0 | K35: 0 | L35: 0 | M35: 0 | N35: 0 | O35: 0 | P35: 0 | Q35: 0 | R35: 0 | S35: 0 | T35: 0 | U35: 0 | V35: 0 | W35: 0 | X35: # risk events (excluding ignitions)
D36: 10.e. | E36: Lightning arrestor damage or failure- Transmission | F36: No | G36: 0 | H36: 0 | I36: 0 | J36: 0 | K36: 0 | L36: 0 | M36: 0 | N36: 0 | O36: 0 | P36: 0 | Q36: 0 | R36: 0 | S36: 0 | T36: 0 | U36: 0 | V36: 0 | W36: 0 | X36: # risk events (excluding ignitions)
D37: 10.f. | E37: Tap damage or failure - Transmission | F37: No | G37: 0 | H37: 0 | I37: 0 | J37: 0 | K37: 0 | L37: 0 | M37: 0 | N37: 0 | O37: 0 | P37: 0 | Q37: 0 | R37: 0 | S37: 0 | T37: 0 | U37: 0 | V37: 0 | W37: 0 | X37: # risk events (excluding ignitions)
D38: 10.g. | E38: Tie wire damage or failure - Transmission | F38: No | G38: 0 | H38: 0 | I38: 0 | J38: 0 | K38: 0 | L38: 0 | M38: 0 | N38: 0 | O38: 0 | P38: 0 | Q38: 0 | R38: 0 | S38: 0 | T38: 0 | U38: 0 | V38: 0 | W38: 0 | X38: # risk events (excluding ignitions)
D39: 10.h. | E39: Other - Transmission | F39: Yes | G39: 0 | H39: 0 | I39: 1 | J39: 0 | K39: 0 | L39: 1 | M39: 0 | N39: 0 | O39: 0 | P39: 0 | Q39: 0 | R39: 0 | S39: 0.0961 | T39: 0.0956 | U39: 0.0956 | V39: 0.0956 | W39: 0.0956 | X39: # risk events (excluding ignitions)
C40: 11. Wire-to-wire contact - Transmission | D40: 11.a. | E40: Wire-to-wire contact / contamination- Transmission | F40: Yes | G40: 0 | H40: 0 | I40: 0 | J40: 0 | K40: 0 | L40: 0 | M40: 0 | N40: 0 | O40: 0 | P40: 0 | Q40: 0 | R40: 0 | S40: 0 | T40: 0 | U40: 0 | V40: 0 | W40: 0 | X40: # risk events (excluding ignitions)
C41: 12. Contamination - Transmission | D41: 12.a. | E41: Contamination - Transmission | F41: Yes | G41: 0 | H41: 0 | I41: 0 | J41: 0 | K41: 0 | L41: 0 | M41: 0 | N41: 0 | O41: 0 | P41: 0 | Q41: 0 | R41: 0 | S41: 0 | T41: 0 | U41: 0 | V41: 0 | W41: 0 | X41: # risk events (excluding ignitions)
C42: 13. Utility work / Operation | D42: 13.a. | E42: Utility work / Operation | F42: Yes | G42: 0 | H42: 0 | I42: 0 | J42: 0 | K42: 0 | L42: 0 | M42: 0 | N42: 0 | O42: 0 | P42: 0 | Q42: 0 | R42: 0 | S42: 0 | T42: 0 | U42: 0 | V42: 0 | W42: 0 | X42: # risk events (excluding ignitions)
C43: 14. Vandalism / Theft - Transmission | D43: 14.a. | E43: Vandalism / Theft - Transmission | F43: Yes | G43: 0 | H43: 0 | I43: 0 | J43: 0 | K43: 0 | L43: 0 | M43: 0 | N43: 0 | O43: 0 | P43: 0 | Q43: 0 | R43: 0 | S43: 0 | T43: 0 | U43: 0 | V43: 0 | W43: 0 | X43: # risk events (excluding ignitions)
C44: 15. Other- Transmission | D44: 15.a. | E44: All Other- Transmission | F44: Yes | G44: 0 | H44: 0 | I44: 0 | J44: 0 | K44: 0 | L44: 0 | M44: 0 | N44: 0 | O44: 0 | P44: 0 | Q44: 0 | R44: 0 | S44: 0 | T44: 0 | U44: 0 | V44: 0 | W44: 0 | X44: # risk events (excluding ignitions)
C45: 16. Unknown- Transmission | D45: 16.a. | E45: Unknown - Transmission | F45: Yes | G45: 0 | H45: 0 | I45: 0 | J45: 0 | K45: 0 | L45: 0 | M45: 0 | N45: 0 | O45: 0 | P45: 0 | Q45: 0 | R45: 0 | S45: 0 | T45: 0 | U45: 0 | V45: 0 | W45: 0 | X45: # risk events (excluding ignitions)
A46: x | B46: Outage - Distribution | C46: 17. Contact from object - Distribution | D46: 17.a. | E46: Veg. contact- Distribution | F46: Yes | G46: 27 | H46: 61 | I46: 70 | J46: 34 | K46: 27 | L46: 11 | M46: 7 | N46: 5 | O46: 8 | P46: 17 | Q46: 4 | R46: 8 | S46: 10.73225 | T46: 10.2805 | U46: 10.2805 | V46: 10.2805 | W46: 10.2805 | X46: # risk events (excluding ignitions)
D47: 17.b. | E47: Animal contact- Distribution | F47: Yes | G47: 70 | H47: 80 | I47: 77 | J47: 74 | K47: 90 | L47: 16 | M47: 31 | N47: 31 | O47: 16 | P47: 12 | Q47: 31 | R47: 22 | S47: 20.50025 | T47: 20.285 | U47: 20.285 | V47: 20.285 | W47: 20.285 | X47: # risk events (excluding ignitions)
D48: 17.c. | E48: Balloon contact- Distribution | F48: Yes | G48: 70 | H48: 84 | I48: 120 | J48: 112 | K48: 92 | L48: 19 | M48: 40 | N48: 27 | O48: 25 | P48: 32 | Q48: 50 | R48: 31 | S48: 25.85725 | T48: 25.7415 | U48: 25.7415 | V48: 25.7415 | W48: 25.7415 | X48: # risk events (excluding ignitions)
D49: 17.d. | E49: Vehicle contact- Distribution | F49: Yes | G49: 94 | H49: 95 | I49: 93 | J49: 99 | K49: 100 | L49: 30 | M49: 25 | N49: 25 | O49: 27 | P49: 28 | Q49: 37 | R49: 23 | S49: 24.6105 | T49: 24.53575 | U49: 24.53575 | V49: 24.53575 | W49: 24.53575 | X49: # risk events (excluding ignitions)
D50: 17.e. | E50: Other contact from object - Distribution | F50: Yes | G50: 35 | H50: 64 | I50: 43 | J50: 45 | K50: 65 | L50: 10 | M50: 7 | N50: 11 | O50: 13 | P50: 2 | Q50: 4 | R50: 5 | S50: 12.86875 | T50: 12.82975 | U50: 12.82975 | V50: 12.82975 | W50: 12.82975 | X50: # risk events (excluding ignitions)
C51: 18. Equipment / facility failure - Distribution | D51: 18.a. | E51: Capacitor bank damage or failure- Distribution | F51: Yes | G51: 12 | H51: 5 | I51: 3 | J51: 11 | K51: 12 | L51: 4 | M51: 2 | N51: 3 | O51: 2 | P51: 7 | Q51: 3 | R51: 4 | S51: 2.0135 | T51: 1.98975 | U51: 1.98975 | V51: 1.98975 | W51: 1.98975 | X51: # risk events (excluding ignitions)
D52: 18.b. | E52: Conductor damage or failure — Distribution | F52: Yes | G52: 35 | H52: 85 | I52: 71 | J52: 44 | K52: 52 | L52: 5 | M52: 4 | N52: 5 | O52: 10 | P52: 19 | Q52: 8 | R52: 2 | S52: 13.37775 | T52: 13.26225 | U52: 13.26225 | V52: 13.26225 | W52: 13.26225 | X52: # risk events (excluding ignitions)
D53: 18.c. | E53: Fuse damage or failure - Distribution | F53: Yes | G53: 66 | H53: 108 | I53: 57 | J53: 55 | K53: 67 | L53: 10 | M53: 22 | N53: 31 | O53: 19 | P53: 11 | Q53: 7 | R53: 17 | S53: 17.734 | T53: 17.538 | U53: 17.538 | V53: 17.538 | W53: 17.538 | X53: # risk events (excluding ignitions)
D54: 18.d. | E54: Lightning arrestor damage or failure- Distribution | F54: Yes | G54: 22 | H54: 28 | I54: 26 | J54: 20 | K54: 28 | L54: 2 | M54: 4 | N54: 6 | O54: 11 | P54: 11 | Q54: 5 | R54: 9 | S54: 6.00075 | T54: 5.9325 | U54: 5.9325 | V54: 5.9325 | W54: 5.9325 | X54: # risk events (excluding ignitions)
D55: 18.e. | E55: Switch damage or failure- Distribution | F55: Yes | G55: 8 | H55: 14 | I55: 10 | J55: 18 | K55: 15 | L55: 5 | M55: 4 | N55: 3 | O55: 4 | P55: 5 | Q55: 2 | R55: 1 | S55: 3.51525 | T55: 3.47825 | U55: 3.47825 | V55: 3.47825 | W55: 3.47825 | X55: # risk events (excluding ignitions)
D56: 18.f. | E56: Pole damage or failure - Distribution | F56: Yes | G56: 19 | H56: 28 | I56: 60 | J56: 22 | K56: 66 | L56: 8 | M56: 9 | N56: 5 | O56: 7 | P56: 16 | Q56: 7 | R56: 12 | S56: 9.88 | T56: 9.77875 | U56: 9.77875 | V56: 9.77875 | W56: 9.77875 | X56: # risk events (excluding ignitions)
D57: 18.g. | E57: Insulator and brushing damage or failure - Distribution | F57: Yes | G57: 2 | H57: 7 | I57: 7 | J57: 9 | K57: 10 | L57: 1 | M57: 2 | N57: 0 | O57: 0 | P57: 1 | Q57: 4 | R57: 5 | S57: 1.73175 | T57: 1.713 | U57: 1.713 | V57: 1.713 | W57: 1.713 | X57: # risk events (excluding ignitions)
D58: 18.h. | E58: Crossarm damage or failure - Distribution | F58: Yes | G58: 4 | H58: 13 | I58: 20 | J58: 29 | K58: 32 | L58: 10 | M58: 3 | N58: 4 | O58: 11 | P58: 9 | Q58: 11 | R58: 7 | S58: 5.897 | T58: 5.8415 | U58: 5.8415 | V58: 5.8415 | W58: 5.8415 | X58: # risk events (excluding ignitions)
D59: 18.i. | E59: Voltage regulator / booster damage or failure - Distribution | F59: Yes | G59: 0 | H59: 0 | I59: 1 | J59: 1 | K59: 0 | L59: 0 | M59: 0 | N59: 0 | O59: 1 | P59: 1 | Q59: 2 | R59: 0 | S59: 0.14625 | T59: 0.14525 | U59: 0.14525 | V59: 0.14525 | W59: 0.14525 | X59: # risk events (excluding ignitions)
D60: 18.j. | E60: Recloser damage or failure - Distribution | F60: Yes | G60: 4 | H60: 0 | I60: 0 | J60: 1 | K60: 2 | L60: 0 | M60: 0 | N60: 5 | O60: 0 | P60: 0 | Q60: 0 | R60: 0 | S60: 0.392 | T60: 0.39 | U60: 0.39 | V60: 0.39 | W60: 0.39 | X60: # risk events (excluding ignitions)
D61: 18.k. | E61: Anchor / guy damage or failure - Distribution | F61: Yes | G61: 2 | H61: 3 | I61: 1 | J61: 2 | K61: 1 | L61: 0 | M61: 0 | N61: 1 | O61: 0 | P61: 0 | Q61: 0 | R61: 0 | S61: 0.382 | T61: 0.377 | U61: 0.377 | V61: 0.377 | W61: 0.377 | X61: # risk events (excluding ignitions)
D62: 18.l. | E62: Sectionalizer damage or failure - Distribution | F62: No | G62: 0 | H62: 0 | I62: 0 | J62: 0 | K62: 0 | L62: 0 | M62: 0 | N62: 0 | O62: 0 | P62: 0 | Q62: 0 | R62: 0 | S62: 0 | T62: 0 | U62: 0 | V62: 0 | W62: 0 | X62: # risk events (excluding ignitions)
D63: 18.m. | E63: Connection device damage or failure - Distribution | F63: Yes | G63: 55 | H63: 57 | I63: 40 | J63: 54 | K63: 66 | L63: 24 | M63: 9 | N63: 17 | O63: 15 | P63: 24 | Q63: 17 | R63: 15 | S63: 13.21875 | T63: 12.998 | U63: 12.998 | V63: 12.998 | W63: 12.998 | X63: # risk events (excluding ignitions)
... D65: 18.o. | E65: Other - Distribution | F65: Yes | G65: 5 | H65: 22 | I65: 15 | J65: 24 | K65: 29 | L65: 6 | M65: 2 | N65: 1 | O65: 6 | P65: 1 | Q65: 0 | R65: 40 | S65: 5.1115 | T65: 5.0735 | U65: 5.0735 | V65: 5.0735 | W65: 5.0735 | X65: # risk events (excluding ignitions)
C66: 19. Wire-to-wire contact - Distribution | D66: 19.a. | E66: Wire-to-wire contact / contamination- Distribution | F66: Yes | G66: 3 | H66: 6 | I66: 8 | J66: 2 | K66: 4 | L66: 1 | M66: 0 | N66: 0 | O66: 1 | P66: 13 | Q66: 0 | R66: 0 | S66: 1.08575 | T66: 1.07325 | U66: 1.07325 | V66: 1.07325 | W66: 1.07325 | X66: # risk events (excluding ignitions)
C67: 20. Contamination - Distribution | D67: 20.a. | E67: Contamination - Distribution | F67: Yes | G67: 1 | H67: 0 | I67: 0 | J67: 0 | K67: 2 | L67: 0 | M67: 0 | N67: 0 | O67: 0 | P67: 2 | Q67: 0 | R67: 2 | S67: 0.0995 | T67: 0.09875 | U67: 0.09875 | V67: 0.09875 | W67: 0.09875 | X67: # risk events (excluding ignitions)
C68: 21. Utility work / Operation | D68: 21.a. | E68: Utility work / Operation | F68: Yes | G68: 6 | H68: 10 | I68: 5 | J68: 9 | K68: 11 | L68: 2 | M68: 8 | N68: 9 | O68: 12 | P68: 4 | Q68: 4 | R68: 4 | S68: 3.3 | T68: 3.3 | U68: 3.3 | V68: 3.3 | W68: 3.3 | X68: # risk events (excluding ignitions)
C69: 22. Vandalism / Theft - Distribution | D69: 22.a. | E69: Vandalism / Theft - Distribution | F69: Yes | G69: 2 | H69: 2 | I69: 1 | J69: 1 | K69: 1 | L69: 1 | M69: 4 | N69: 1 | O69: 0 | P69: 2 | Q69: 5 | R69: 1 | S69: 0.54925 | T69: 0.54875 | U69: 0.54875 | V69: 0.54875 | W69: 0.54875 | X69: # risk events (excluding ignitions)
C70: 23. Other- Distribution | D70: 23.a. | E70: All Other- Distribution | F70: No | G70: 1 | H70: 0 | I70: 0 | J70: 1 | K70: 0 | L70: 0 | M70: 0 | N70: 2 | O70: 0 | P70: 0 | Q70: 0 | R70: 0 | S70: 0.1495 | T70: 0.149 | U70: 0.149 | V70: 0.149 | W70: 0.149 | X70: # risk events (excluding ignitions)
C71: 24. Unknown- Distribution | D71: 24.a. | E71: Unknown - Distribution | F71: Yes | G71: 370 | H71: 401 | I71: 349 | J71: 284 | K71: 288 | L71: 40 | M71: 52 | N71: 126 | O71: 64 | P71: 86 | Q71: 52 | R71: 60 | S71: 79.15375 | T71: 78.219 | U71: 78.219 | V71: 78.219 | W71: 78.219 | X71: # risk events (excluding ignitions)
A72: x | B72: Outage - Transmission | C72: 25. Contact from object - Transmission | D72: 25.a. | E72: Veg. contact- Transmission | F72: Yes | G72: 1 | H72: 1 | I72: 0 | J72: 1 | K72: 0 | L72: 0 | M72: 0 | N72: 0 | O72: 0 | P72: 0 | Q72: 0 | R72: 0 | S72: 0.0935 | T72: 0.09275 | U72: 0.09275 | V72: 0.09275 | W72: 0.09275 | X72: # risk events (excluding ignitions)
D73: 25.b. | E73: Animal contact- Transmission | F73: Yes | G73: 9 | H73: 5 | I73: 4 | J73: 2 | K73: 5 | L73: 2 | M73: 2 | N73: 0 | O73: 0 | P73: 1 | Q73: 2 | R73: 0 | S73: 0.9465 | T73: 0.9395 | U73: 0.9395 | V73: 0.9395 | W73: 0.9395 | X73: # risk events (excluding ignitions)
D74: 25.c. | E74: Balloon contact- Transmission | F74: Yes | G74: 17 | H74: 24 | I74: 22 | J74: 25 | K74: 16 | L74: 6 | M74: 8 | N74: 2 | O74: 5 | P74: 7 | Q74: 8 | R74: 2 | S74: 5.173 | T74: 5.143 | U74: 5.143 | V74: 5.143 | W74: 5.143 | X74: # risk events (excluding ignitions)
D75: 25.d. | E75: Vehicle contact- Transmission | F75: Yes | G75: 1 | H75: 2 | I75: 0 | J75: 3 | K75: 1 | L75: 1 | M75: 0 | N75: 0 | O75: 0 | P75: 0 | Q75: 3 | R75: 0 | S75: 0.35 | T75: 0.35 | U75: 0.35 | V75: 0.35 | W75: 0.35 | X75: # risk events (excluding ignitions)
D76: 25.e. | E76: Other contact from object - Transmission | F76: Yes | G76: 1 | H76: 0 | I76: 2 | J76: 1 | K76: 3 | L76: 0 | M76: 0 | N76: 0 | O76: 0 | P76: 0 | Q76: 0 | R76: 0 | S76: 0.285 | T76: 0.283 | U76: 0.283 | V76: 0.283 | W76: 0.283 | X76: # risk events (excluding ignitions)
C77: 26. Equipment / facility failure - Transmission | D77: 26.a. | E77: Capacitor bank damage or failure- Transmission | F77: No | G77: 0 | H77: 0 | I77: 0 | J77: 0 | K77: 0 | L77: 0 | M77: 0 | N77: 0 | O77: 0 | P77: 0 | Q77: 0 | R77: 0 | S77: 0 | T77: 0 | U77: 0 | V77: 0 | W77: 0 | X77: # risk events (excluding ignitions)
D78: 26.b. | E78: Conductor damage or failure — Transmission | F78: Yes | G78: 2 | H78: 6 | I78: 6 | J78: 2 | K78: 0 | L78: 4 | M78: 0 | N78: 2 | O78: 0 | P78: 0 | Q78: 0 | R78: 1 | S78: 0.96575 | T78: 0.96125 | U78: 0.96125 | V78: 0.96125 | W78: 0.96125 | X78: # risk events (excluding ignitions)
D79: 26.c. | E79: Fuse damage or failure - Transmission | F79: No | G79: 0 | H79: 0 | I79: 0 | J79: 0 | K79: 0 | L79: 0 | M79: 0 | N79: 0 | O79: 0 | P79: 0 | Q79: 0 | R79: 0 | S79: 0 | T79: 0 | U79: 0 | V79: 0 | W79: 0 | X79: # risk events (excluding ignitions)
D80: 26.d. | E80: Lightning arrestor damage or failure- Transmission | F80: No | G80: 0 | H80: 0 | I80: 0 | J80: 0 | K80: 0 | L80: 0 | M80: 0 | N80: 0 | O80: 0 | P80: 0 | Q80: 0 | R80: 0 | S80: 0 | T80: 0 | U80: 0 | V80: 0 | W80: 0 | X80: # risk events (excluding ignitions)
D81: 26.e. | E81: Switch damage or failure- Transmission | F81: Yes | G81: 3 | H81: 0 | I81: 1 | J81: 0 | K81: 0 | L81: 0 | M81: 1 | N81: 1 | O81: 0 | P81: 0 | Q81: 1 | R81: 0 | S81: 0.1415 | T81: 0.14025 | U81: 0.14025 | V81: 0.14025 | W81: 0.14025 | X81: # risk events (excluding ignitions)
D82: 26.f. | E82: Pole damage or failure - Transmission | F82: Yes | G82: 1 | H82: 0 | I82: 0 | J82: 4 | K82: 3 | L82: 0 | M82: 0 | N82: 0 | O82: 0 | P82: 0 | Q82: 0 | R82: 0 | S82: 0.33275 | T82: 0.3305 | U82: 0.3305 | V82: 0.3305 | W82: 0.3305 | X82: # risk events (excluding ignitions)
D83: 26.g. | E83: Insulator and brushing damage or failure - Transmission | F83: Yes | G83: 29 | H83: 13 | I83: 6 | J83: 3 | K83: 8 | L83: 0 | M83: 0 | N83: 0 | O83: 0 | P83: 0 | Q83: 0 | R83: 11 | S83: 1.5 | T83: 1.5 | U83: 1.5 | V83: 1.5 | W83: 1.5 | X83: # risk events (excluding ignitions)
D84: 26.h. | E84: Crossarm damage or failure - Transmission | F84: Yes | G84: 0 | H84: 0 | I84: 0 | J84: 0 | K84: 0 | L84: 0 | M84: 0 | N84: 0 | O84: 0 | P84: 0 | Q84: 0 | R84: 0 | S84: 0 | T84: 0 | U84: 0 | V84: 0 | W84: 0 | X84: # risk events (excluding ignitions)
D85: 26.i. | E85: Voltage regulator / booster damage or failure - Transmission | F85: No | G85: 0 | H85: 0 | I85: 0 | J85: 0 | K85: 0 | L85: 0 | M85: 0 | N85: 0 | O85: 0 | P85: 0 | Q85: 0 | R85: 0 | S85: 0 | T85: 0 | U85: 0 | V85: 0 | W85: 0 | X85: # risk events (excluding ignitions)
D86: 26.j. | E86: Recloser damage or failure - Transmission | F86: No | G86: 0 | H86: 0 | I86: 0 | J86: 0 | K86: 0 | L86: 0 | M86: 0 | N86: 0 | O86: 0 | P86: 0 | Q86: 0 | R86: 0 | S86: 0 | T86: 0 | U86: 0 | V86: 0 | W86: 0 | X86: # risk events (excluding ignitions)
D87: 26.k. | E87: Anchor / guy damage or failure - Transmission | F87: Yes | G87: 0 | H87: 0 | I87: 1 | J87: 0 | K87: 0 | L87: 0 | M87: 0 | N87: 0 | O87: 0 | P87: 0 | Q87: 0 | R87: 0 | S87: 0.04775 | T87: 0.0475 | U87: 0.0475 | V87: 0.0475 | W87: 0.0475 | X87: # risk events (excluding ignitions)
D88: 26.l. | E88: Sectionalizer damage or failure - Transmission | F88: No | G88: 0 | H88: 0 | I88: 0 | J88: 0 | K88: 0 | L88: 0 | M88: 0 | N88: 0 | O88: 0 | P88: 0 | Q88: 0 | R88: 0 | S88: 0 | T88: 0 | U88: 0 | V88: 0 | W88: 0 | X88: # risk events (excluding ignitions)
D89: 26.m. | E89: Connection device damage or failure - Transmission | F89: Yes | G89: 0 | H89: 0 | I89: 0 | J89: 1 | K89: 1 | L89: 0 | M89: 0 | N89: 0 | O89: 0 | P89: 0 | Q89: 0 | R89: 0 | S89: 0.09575 | T89: 0.09525 | U89: 0.09525 | V89: 0.09525 | W89: 0.09525 | X89: # risk events (excluding ignitions)
... D91: 26.o. | E91: Other - Transmission | F91: Yes | G91: 1 | H91: 0 | I91: 0 | J91: 0 | K91: 0 | L91: 0 | M91: 2 | N91: 0 | O91: 0 | P91: 0 | Q91: 0 | R91: 0 | S91: 0.1 | T91: 0.1 | U91: 0.1 | V91: 0.1 | W91: 0.1 | X91: # risk events (excluding ignitions)
C92: 27. Wire-to-wire contact - Transmission | D92: 27.a. | E92: Wire-to-wire contact / contamination- Transmission | F92: Yes | G92: 1 | H92: 0 | I92: 0 | J92: 0 | K92: 0 | L92: 0 | M92: 0 | N92: 0 | O92: 0 | P92: 0 | Q92: 0 | R92: 0 | S92: 0 | T92: 0 | U92: 0 | V92: 0 | W92: 0 | X92: # risk events (excluding ignitions)
C93: 28. Contamination - Transmission | D93: 28.a. | E93: Contamination - Transmission | F93: Yes | G93: 3 | H93: 8 | I93: 0 | J93: 3 | K93: 1 | L93: 0 | M93: 1 | N93: 0 | O93: 0 | P93: 0 | Q93: 0 | R93: 1 | S93: 0.618 | T93: 0.61375 | U93: 0.61375 | V93: 0.61375 | W93: 0.61375 | X93: # risk events (excluding ignitions)
C94: 29. Utility work / Operation | D94: 29.a. | E94: Utility work / Operation | F94: Yes | G94: 0 | H94: 0 | I94: 2 | J94: 0 | K94: 0 | L94: 1 | M94: 0 | N94: 0 | O94: 0 | P94: 1 | Q94: 0 | R94: 0 | S94: 0.15 | T94: 0.15 | U94: 0.15 | V94: 0.15 | W94: 0.15 | X94: # risk events (excluding ignitions)
C95: 30. Vandalism / Theft - Transmission | D95: 30.a. | E95: Vandalism / Theft - Transmission | F95: Yes | G95: 0 | H95: 0 | I95: 0 | J95: 0 | K95: 0 | L95: 0 | M95: 0 | N95: 0 | O95: 0 | P95: 0 | Q95: 0 | R95: 0 | S95: 0 | T95: 0 | U95: 0 | V95: 0 | W95: 0 | X95: # risk events (excluding ignitions)
C96: 31. Other- Transmission | D96: 31.a. | E96: All Other- Transmission | F96: Yes | G96: 1 | H96: 0 | I96: 0 | J96: 0 | K96: 0 | L96: 0 | M96: 0 | N96: 0 | O96: 0 | P96: 0 | Q96: 2 | R96: 2 | S96: 0 | T96: 0 | U96: 0 | V96: 0 | W96: 0 | X96: # risk events (excluding ignitions)
C97: 32. Unknown- Transmission | D97: 32.a. | E97: Unknown - Transmission | F97: Yes | G97: 10 | H97: 10 | I97: 8 | J97: 10 | K97: 4 | L97: 1 | M97: 3 | N97: 1 | O97: 4 | P97: 1 | Q97: 1 | R97: 2 | S97: 1.945 | T97: 1.931 | U97: 1.931 | V97: 1.931 | W97: 1.931 | X97: # risk events (excluding ignitions)
A98: x | B98: Ignition - Distribution | C98: 33. Contact from object - Distribution | D98: 33.a. | E98: Veg. contact- Distribution | F98: Yes | G98: 5 | H98: 4 | I98: 3 | J98: 3 | K98: 1 | L98: 0 | M98: 0 | N98: 0 | O98: 0 | P98: 0 | Q98: 0 | R98: 0 | S98: 0.5307875 | T98: 0.5079375 | U98: 0.5079375 | V98: 0.5079375 | W98: 0.5079375 | X98: # ignitions
D99: 33.b. | E99: Animal contact- Distribution | F99: Yes | G99: 0 | H99: 2 | I99: 1 | J99: 1 | K99: 1 | L99: 0 | M99: 1 | N99: 1 | O99: 0 | P99: 1 | Q99: 0 | R99: 1 | S99: 0.34715 | T99: 0.3436 | U99: 0.3436 | V99: 0.3436 | W99: 0.3436 | X99: # ignitions
D100: 33.c. | E100: Balloon contact- Distribution | F100: Yes | G100: 2 | H100: 3 | I100: 5 | J100: 8 | K100: 0 | L100: 0 | M100: 2 | N100: 0 | O100: 0 | P100: 0 | Q100: 2 | R100: 1 | S100: 0.898 | T100: 0.89335 | U100: 0.89335 | V100: 0.89335 | W100: 0.89335 | X100: # ignitions
D101: 33.d. | E101: Vehicle contact- Distribution | F101: Yes | G101: 6 | H101: 4 | I101: 4 | J101: 1 | K101: 3 | L101: 0 | M101: 1 | N101: 1 | O101: 0 | P101: 0 | Q101: 0 | R101: 0 | S101: 0.697725 | T101: 0.693875 | U101: 0.693875 | V101: 0.693875 | W101: 0.693875 | X101: # ignitions
D102: 33.e. | E102: Other contact from object - Distribution | F102: Yes | G102: 3 | H102: 2 | I102: 2 | J102: 1 | K102: 0 | L102: 0 | M102: 0 | N102: 0 | O102: 0 | P102: 0 | Q102: 1 | R102: 1 | S102: 0.249025 | T102: 0.24695 | U102: 0.24695 | V102: 0.24695 | W102: 0.24695 | X102: # ignitions
C103: 34. Equipment / facility failure - Distribution | D103: 34.a. | E103: Capacitor bank damage or failure- Distribution | F103: Yes | G103: 0 | H103: 1 | I103: 0 | J103: 0 | K103: 0 | L103: 0 | M103: 0 | N103: 1 | O103: 0 | P103: 0 | Q103: 1 | R103: 0 | S103: 0.08125 | T103: 0.062 | U103: 0.062 | V103: 0.062 | W103: 0.062 | X103: # ignitions
...

Sheet Table 7.2
B2: Utility | C2: =IF('Quarterly Submission Guide'!$D$20 = "", "",'Quarterly Submission Guide'!$D$20) -> SDG&E | D2: Notes:
B3: Table No. | C3: 7.2 | D3: Transmission lines refer to all lines at or above 65kV, and distribution lines refer to all lines below 65kV.
B4: Date Modified | C4: 44410 | D4: Data from 2015 - 2019 should be actual numbers. 2020 - 2023 should be projected. In future submissions update projected numbers with actuals
G5: Number of ignitions by HFTD tier | AE5: Projected ignitions by HFTD tier
B6: Table 7.2: Key recent and projected drivers of ignitions by HFTD region | G6: Non-HFTD | H6: HFTD Zone 1 | I6: HFTD Tier 2 | J6: HFTD Tier 3 | K6: Non-HFTD | L6: HFTD Zone 1 | M6: HFTD Tier 2 | N6: HFTD Tier 3 | O6: Non-HFTD | P6: HFTD Zone 1 | Q6: HFTD Tier 2 | R6: HFTD Tier 3 | S6: Non-HFTD | T6: HFTD Zone 1 | U6: HFTD Tier 2 | V6: HFTD Tier 3 | W6: Non-HFTD | X6: HFTD Zone 1 | Y6: HFTD Tier 2 | Z6: HFTD Tier 3 | AA6: Non-HFTD | AB6: HFTD Zone 1 | AC6: HFTD Tier 2 | AD6: HFTD Tier 3 | AE6: Non-HFTD | AF6: HFTD Zone 1 | AG6: HFTD Tier 2 | AH6: HFTD Tier 3 | AI6: Non-HFTD | AJ6: HFTD Zone 1 | AK6: HFTD Tier 2 | AL6: HFTD Tier 3
C7: Metric type | D7: # | E7: Ignition driver | F7: Are ignitions tracked for ignition driver? (yes / no) | G7: 2015 | H7: 2015 | I7: 2015 | J7: 2015 | K7: 2016 | L7: 2016 | M7: 2016 | N7: 2016 | O7: 2017 | P7: 2017 | Q7: 2017 | R7: 2017 | S7: 2018 | T7: 2018 | U7: 2018 | V7: 2018 | W7: 2019 | X7: 2019 | Y7: 2019 | Z7: 2019 | AA7: 2020 | AB7: 2020 | AC7: 2020 | AD7: 2020 | AE7: 2021 | AF7: 2021 | AG7: 2021 | AH7: 2021 | AI7: 2022 | AJ7: 2022 | AK7: 2022 | AL7: 2022 | AM7: Unit(s) | AN7: Comments
A8: x | B8: Ignition - Distribution | C8: 1. Contact from object - Distribution | D8: 1.a. | E8: Veg. contact- Distribution | F8: Yes | G8: 0 | H8: 0 | I8: 2 | J8: 3 | K8: 2 | L8: 0 | M8: 2 | N8: 0 | O8: 1 | P8: 0 | Q8: 0 | R8: 2 | S8: 3 | T8: 0 | U8: 0 | V8: 0 | W8: 0 | X8: 0 | Y8: 1 | Z8: 0 | AA8: 0 | AB8: 0 | AC8: 0 | AD8: 0 | AE8: 1.19955 | AG8: 0.5609 | AH8: 0.3627 | AI8: 1.19905 | AK8: 0.5231 | AL8: 0.3096 | AM8: # ignitions
D9: 1.b. | E9: Animal contact- Distribution | F9: Yes | G9: 0 | H9: 0 | I9: 0 | J9: 0 | K9: 1 | L9: 0 | M9: 1 | N9: 0 | O9: 1 | P9: 0 | Q9: 0 | R9: 0 | S9: 0 | T9: 0 | U9: 0 | V9: 1 | W9: 0 | X9: 0 | Y9: 1 | Z9: 0 | AA9: 0 | AB9: 0 | AC9: 0 | AD9: 2 | AE9: 0.3998 | AG9: 0.3928 | AH9: 0.596 | AI9: 0.3996 | AK9: 0.3861 | AL9: 0.5887 | AM9: # ignitions
D10: 1.c. | E10: Balloon contact- Distribution | F10: Yes | G10: 2 | H10: 0 | I10: 0 | J10: 0 | K10: 3 | L10: 0 | M10: 0 | N10: 0 | O10: 3 | P10: 0 | Q10: 1 | R10: 1 | S10: 3 | T10: 0 | U10: 2 | V10: 3 | W10: 0 | X10: 0 | Y10: 0 | Z10: 0 | AA10: 1 | AB10: 0 | AC10: 1 | AD10: 0 | AE10: 2 | AG10: 0.7982 | AH10: 0.7938 | AI10: 2 | AK10: 0.7948 | AL10: 0.7786 | AM10: # ignitions
D11: 1.d. | E11: Vehicle contact- Distribution | F11: Yes | G11: 2 | H11: 0 | I11: 3 | J11: 1 | K11: 2 | L11: 0 | M11: 1 | N11: 1 | O11: 1 | P11: 0 | Q11: 2 | R11: 1 | S11: 0 | T11: 0 | U11: 1 | V11: 0 | W11: 1 | X11: 0 | Y11: 2 | Z11: 0 | AA11: 0 | AB11: 0 | AC11: 1 | AD11: 1 | AE11: 0.8 | AG11: 1.3951 | AH11: 0.5958 | AI11: 0.8 | AK11: 1.386 | AL11: 0.5895 | AM11: # ignitions
D12: 1.e. | E12: Other contact from object - Distribution | F12: Yes | G12: 2 | H12: 0 | I12: 1 | J12: 0 | K12: 1 | L12: 0 | M12: 1 | N12: 0 | O12: 0 | P12: 0 | Q12: 1 | R12: 1 | S12: 1 | T12: 0 | U12: 0 | V12: 0 | W12: 0 | X12: 0 | Y12: 0 | Z12: 0 | AA12: 0 | AB12: 0 | AC12: 0 | AD12: 0 | AE12: 0.4 | AG12: 0.3976 | AH12: 0.1985 | AI12: 0.4 | AK12: 0.3931 | AL12: 0.1947 | AM12: # ignitions
C13: 2. Equipment / facility failure - Distribution | D13: 2.a. | E13: Capacitor bank damage or failure- Distribution | F13: Yes | G13: 0 | H13: 0 | I13: 0 | J13: 0 | K13: 0 | L13: 0 | M13: 1 | N13: 0 | O13: 0 | P13: 0 | Q13: 0 | R13: 0 | S13: 0 | T13: 0 | U13: 0 | V13: 0 | W13: 0 | X13: 0 | Y13: 0 | Z13: 0 | AA13: 0 | AB13: 0 | AC13: 0 | AD13: 1 | AE13: 0 | AG13: 0.153 | AH13: 0.172 | AI13: 0 | AK13: 0.103 | AL13: 0.145 | AM13: # ignitions
D14: 2.b. | E14: Conductor damage or failure — Distribution | F14: Yes | G14: 1 | H14: 0 | I14: 1 | J14: 0 | K14: 1 | L14: 0 | M14: 1 | N14: 1 | O14: 0 | P14: 0 | Q14: 0 | R14: 1 | S14: 0 | T14: 0 | U14: 1 | V14: 0 | W14: 0 | X14: 0 | Y14: 0 | Z14: 0 | AA14: 0 | AB14: 0 | AC14: 0 | AD14: 1 | AE14: 0.198 | AG14: 0.3928 | AH14: 0.5432 | AI14: 0.1978 | AK14: 0.3861 | AL14: 0.5287 | AM14: # ignitions
D15: 2.c. | E15: Fuse damage or failure - Distribution | F15: Yes | G15: 0 | H15: 0 | I15: 0 | J15: 0 | K15: 0 | L15: 0 | M15: 0 | N15: 0 | O15: 1 | P15: 0 | Q15: 0 | R15: 0 | S15: 0 | T15: 0 | U15: 0 | V15: 0 | W15: 0 | X15: 0 | Y15: 0 | Z15: 1 | AA15: 1 | AB15: 0 | AC15: 0 | AD15: 0 | AE15: 0.4 | AG15: 0 | AH15: 0.066 | AI15: 0.4 | AK15: 0 | AL15: 0 | AM15: # ignitions
D16: 2.d. | E16: Lightning arrestor damage or failure- Distribution | F16: Yes | G16: 0 | H16: 0 | I16: 0 | J16: 0 | K16: 0 | L16: 0 | M16: 1 | N16: 1 | O16: 0 | P16: 0 | Q16: 0 | R16: 1 | S16: 0 | T16: 0 | U16: 0 | V16: 0 | W16: 0 | X16: 0 | Y16: 0 | Z16: 0 | AA16: 0 | AB16: 0 | AC16: 2 | AD16: 3 | AE16: 0 | AG16: 0.6 | AH16: 1 | AI16: 0 | AK16: 0.6 | AL16: 0.39 | AM16: # ignitions
D17: 2.e. | E17: Switch damage or failure- Distribution | F17: Yes | G17: 0 | H17: 0 | I17: 0 | J17: 1 | K17: 0 | L17: 0 | M17: 0 | N17: 0 | O17: 0 | P17: 0 | Q17: 0 | R17: 0 | S17: 0 | T17: 0 | U17: 1 | V17: 0 | W17: 0 | X17: 0 | Y17: 1 | Z17: 0 | AA17: 1 | AB17: 0 | AC17: 0 | AD17: 0 | AE17: 0.2 | AG17: 0.3928 | AH17: 0 | AI17: 0.2 | AK17: 0.3861 | AL17: 0 | AM17: # ignitions
D18: 2.f. | E18: Pole damage or failure - Distribution | F18: Yes | G18: 0 | H18: 0 | I18: 0 | J18: 0 | K18: 0 | L18: 0 | M18: 0 | N18: 0 | O18: 0 | P18: 0 | Q18: 0 | R18: 0 | S18: 0 | T18: 0 | U18: 0 | V18: 0 | W18: 0 | X18: 0 | Y18: 0 | Z18: 0 | AA18: 0 | AB18: 0 | AC18: 1 | AD18: 0 | AE18: 0 | AG18: 0.2 | AH18: 0 | AI18: 0 | AK18: 0.2 | AL18: 0 | AM18: # ignitions
D19: 2.g. | E19: Insulator and brushing damage or failure - Distribution | F19: No | G19: 0 | H19: 0 | I19: 0 | J19: 0 | K19: 0 | L19: 0 | M19: 0 | N19: 0 | O19: 0 | P19: 0 | Q19: 0 | R19: 0 | S19: 0 | T19: 0 | U19: 0 | V19: 0 | W19: 0 | X19: 0 | Y19: 0 | Z19: 0 | AA19: 0 | AB19: 0 | AC19: 0 | AD19: 0 | AE19: 0 | AF19: 0 | AG19: 0 | AH19: 0 | AI19: 0 | AJ19: 0 | AK19: 0 | AL19: 0 | AM19: # ignitions
D20: 2.h. | E20: Crossarm damage or failure - Distribution | F20: Yes | G20: 0 | H20: 0 | I20: 0 | J20: 0 | K20: 0 | L20: 0 | M20: 0 | N20: 0 | O20: 0 | P20: 0 | Q20: 0 | R20: 0 | S20: 1 | T20: 0 | U20: 0 | V20: 0 | W20: 1 | X20: 0 | Y20: 0 | Z20: 0 | AA20: 0 | AB20: 0 | AC20: 0 | AD20: 0 | AE20: 0.3999 | AG20: 0 | AH20: 0 | AI20: 0.3998 | AK20: 0 | AL20: 0 | AM20: # ignitions
D21: 2.i. | E21: Voltage regulator / booster damage or failure - Distribution | F21: No | G21: 0 | H21: 0 | I21: 0 | J21: 0 | K21: 0 | L21: 0 | M21: 0 | N21: 0 | O21: 0 | P21: 0 | Q21: 0 | R21: 0 | S21: 0 | T21: 0 | U21: 0 | V21: 0 | W21: 0 | X21: 0 | Y21: 0 | Z21: 0 | AA21: 0 | AB21: 0 | AC21: 0 | AD21: 0 | AE21: 0 | AG21: 0 | AH21: 0 | AI21: 0 | AK21: 0 | AL21: 0 | AM21: # ignitions
D22: 2.j. | E22: Recloser damage or failure - Distribution | F22: No | G22: 0 | H22: 0 | I22: 0 | J22: 0 | K22: 0 | L22: 0 | M22: 0 | N22: 0 | O22: 0 | P22: 0 | Q22: 0 | R22: 0 | S22: 0 | T22: 0 | U22: 0 | V22: 0 | W22: 0 | X22: 0 | Y22: 0 | Z22: 0 | AA22: 0 | AB22: 0 | AC22: 0 | AD22: 0 | AE22: 0 | AG22: 0 | AH22: 0 | AI22: 0 | AK22: 0 | AL22: 0 | AM22: # ignitions
D23: 2.k. | E23: Anchor / guy damage or failure - Distribution | F23: Yes | G23: 0 | H23: 0 | I23: 0 | J23: 0 | K23: 0 | L23: 0 | M23: 0 | N23: 0 | O23: 0 | P23: 0 | Q23: 0 | R23: 0 | S23: 1 | T23: 0 | U23: 0 | V23: 0 | W23: 1 | X23: 0 | Y23: 0 | Z23: 0 | AA23: 0 | AB23: 0 | AC23: 0 | AD23: 1 | AE23: 0.3998 | AG23: 0 | AH23: 0.2 | AI23: 0.3996 | AK23: 0 | AL23: 0.2 | AM23: # ignitions
D24: 2.l. | E24: Sectionalizer damage or failure - Distribution | F24: No | G24: 0 | H24: 0 | I24: 0 | J24: 0 | K24: 0 | L24: 0 | M24: 0 | N24: 0 | O24: 0 | P24: 0 | Q24: 0 | R24: 0 | S24: 0 | T24: 0 | U24: 0 | V24: 0 | W24: 0 | X24: 0 | Y24: 0 | Z24: 0 | AA24: 0 | AB24: 0 | AC24: 0 | AD24: 0 | AE24: 0 | AG24: 0 | AH24: 0 | AI24: 0 | AK24: 0 | AL24: 0 | AM24: # ignitions
D25: 2.m. | E25: Connection device damage or failure - Distribution | F25: Yes | G25: 2 | H25: 0 | I25: 0 | J25: 0 | K25: 1 | L25: 0 | M25: 1 | N25: 1 | O25: 0 | P25: 0 | Q25: 0 | R25: 0 | S25: 0 | T25: 0 | U25: 0 | V25: 0 | W25: 1 | X25: 0 | Y25: 0 | Z25: 0 | AA25: 1 | AB25: 0 | AC25: 0 | AD25: 2 | AE25: 0.5997 | AG25: 0.194 | AH25: 0.5681 | AI25: 0.5994 | AK25: 0.1876 | AL25: 0.5602 | AM25: # ignitions
D26: 2.n. | E26: Transformer damage or failure - Distribution | F26: Yes | G26: 1 | H26: 0 | I26: 0 | J26: 0 | K26: 0 | L26: 0 | M26: 1 | N26: 1 | O26: 0 | P26: 0 | Q26: 0 | R26: 0 | S26: 0 | T26: 0 | U26: 0 | V26: 1 | W26: 0 | X26: 0 | Y26: 0 | Z26: 0 | AA26: 0 | AB26: 0 | AC26: 0 | AD26: 0 | AE26: 0 | AG26: 0.1964 | AH26: 0.3432 | AI26: 0 | AK26: 0.1931 | AL26: 0.3287 | AM26: # ignitions
D27: 2.o. | E27: Other - Distribution | F27: Yes | G27: 0 | H27: 0 | I27: 0 | J27: 0 | K27: 0 | L27: 0 | M27: 0 | N27: 1 | O27: 0 | P27: 0 | Q27: 1 | R27: 0 | S27: 1 | T27: 0 | U27: 0 | V27: 0 | W27: 1 | X27: 0 | Y27: 1 | Z27: 1 | AA27: 1 | AB27: 0 | AC27: 1 | AD27: 0 | AE27: 0.5998 | AG27: 0.5892 | AH27: 0.3432 | AI27: 0.5996 | AK27: 0.5792 | AL27: 0.3287 | AM27: # ignitions
C28: 3. Wire-to-wire contact - Distribution | D28: 3.a. | E28: Wire-to-wire contact / contamination- Distribution | F28: Yes | G28: 0 | H28: 0 | I28: 0 | J28: 0 | K28: 0 | L28: 0 | M28: 0 | N28: 0 | O28: 0 | P28: 0 | Q28: 0 | R28: 0 | S28: 1 | T28: 0 | U28: 0 | V28: 0 | W28: 1 | X28: 0 | Y28: 1 | Z28: 0 | AA28: 0 | AB28: 0 | AC28: 0 | AD28: 0 | AE28: 0.3998 | AG28: 0.1964 | AH28: 0 | AI28: 0.3996 | AK28: 0.1931 | AL28: 0 | AM28: # ignitions
C29: 4. Contamination - Distribution | D29: 4.a. | E29: Contamination - Distribution | F29: No | G29: 0 | H29: 0 | I29: 0 | J29: 0 | K29: 0 | L29: 0 | M29: 0 | N29: 0 | O29: 0 | P29: 0 | Q29: 0 | R29: 0 | S29: 0 | T29: 0 | U29: 0 | V29: 0 | W29: 0 | X29: 0 | Y29: 0 | Z29: 0 | AA29: 0 | AB29: 0 | AC29: 0 | AD29: 0 | AE29: 0 | AG29: 0 | AH29: 0 | AI29: 0 | AK29: 0 | AL29: 0 | AM29: # ignitions
C30: 5. Utility work / Operation | D30: 5.a. | E30: Utility work / Operation | F30: No | G30: 0 | H30: 0 | I30: 0 | J30: 0 | K30: 0 | L30: 0 | M30: 0 | N30: 0 | O30: 0 | P30: 0 | Q30: 0 | R30: 0 | S30: 0 | T30: 0 | U30: 0 | V30: 0 | W30: 0 | X30: 0 | Y30: 0 | Z30: 0 | AA30: 0 | AB30: 0 | AC30: 0 | AD30: 0 | AE30: 0 | AG30: 0 | AH30: 0 | AI30: 0 | AK30: 0 | AL30: 0 | AM30: # ignitions
C31: 6. Vandalism / Theft - Distribution | D31: 6.a. | E31: Vandalism / Theft - Distribution | F31: Yes | G31: 0 | H31: 0 | I31: 0 | J31: 0 | K31: 0 | L31: 0 | M31: 0 | N31: 1 | O31: 1 | P31: 0 | Q31: 0 | R31: 0 | S31: 0 | T31: 0 | U31: 0 | V31: 0 | W31: 0 | X31: 0 | Y31: 0 | Z31: 0 | AA31: 0 | AB31: 0 | AC31: 0 | AD31: 0 | AE31: 0.2 | AG31: 0 | AH31: 0.1986 | AI31: 0.2 | AK31: 0 | AL31: 0.1965 | AM31: # ignitions
C32: 7. Other- Distribution | D32: 7.a. | E32: All Other- Distribution | F32: No | G32: 0 | H32: 0 | I32: 0 | J32: 0 | K32: 0 | L32: 0 | M32: 0 | N32: 0 | O32: 0 | P32: 0 | Q32: 0 | R32: 0 | S32: 0 | T32: 0 | U32: 0 | V32: 0 | W32: 0 | X32: 0 | Y32: 0 | Z32: 0 | AA32: 0 | AB32: 0 | AC32: 0 | AD32: 0 | AE32: 0 | AG32: 0 | AH32: 0 | AI32: 0 | AK32: 0 | AL32: 0 | AM32: # ignitions
C33: 8. Unknown- Distribution | D33: 8.a. | E33: Unknown - Distribution | F33: Yes | G33: 0 | H33: 0 | I33: 1 | J33: 1 | K33: 0 | L33: 0 | M33: 0 | N33: 0 | O33: 0 | P33: 0 | Q33: 1 | R33: 0 | S33: 0 | T33: 0 | U33: 0 | V33: 0 | W33: 0 | X33: 0 | Y33: 0 | Z33: 0 | AA33: 0 | AB33: 0 | AC33: 0 | AD33: 0 | AE33: 0 | AG33: 0.1928 | AH33: 0 | AI33: 0 | AK33: 0.1861 | AL33: 0 | AM33: # ignitions
A34: x | B34: Ignition - Transmission | C34: 9. Contact from object - Transmission | D34: 9.a. | E34: Veg. contact- Transmission | F34: Yes | G34: 0 | H34: 0 | I34: 0 | J34: 0 | K34: 0 | L34: 0 | M34: 0 | N34: 0 | O34: 0 | P34: 0 | Q34: 0 | R34: 0 | S34: 0 | T34: 0 | U34: 0 | V34: 0 | W34: 0 | X34: 0 | Y34: 0 | Z34: 0 | AA34: 0 | AB34: 0 | AC34: 0 | AD34: 0 | AE34: 0 | AG34: 0 | AH34: 0 | AI34: 0 | AK34: 0 | AL34: 0 | AM34: # ignitions
D35: 9.b. | E35: Animal contact- Transmission | F35: Yes | G35: 2 | H35: 0 | I35: 1 | J35: 0 | K35: 0 | L35: 0 | M35: 0 | N35: 0 | O35: 0 | P35: 0 | Q35: 0 | R35: 0 | S35: 0 | T35: 0 | U35: 1 | V35: 0 | W35: 0 | X35: 0 | Y35: 0 | Z35: 0 | AA35: 0 | AB35: 0 | AC35: 0 | AD35: 1 | AE35: 0 | AG35: 0.1748 | AH35: 0.1748 | AI35: 0 | AK35: 0.167 | AL35: 0.167 | AM35: # ignitions
D36: 9.c. | E36: Balloon contact- Transmission | F36: Yes | G36: 0 | H36: 0 | I36: 1 | J36: 0 | K36: 0 | L36: 0 | M36: 0 | N36: 0 | O36: 0 | P36: 0 | Q36: 1 | R36: 0 | S36: 0 | T36: 0 | U36: 0 | V36: 0 | W36: 1 | X36: 0 | Y36: 0 | Z36: 0 | AA36: 0 | AB36: 0 | AC36: 0 | AD36: 0 | AE36: 0.2 | AG36: 0.1748 | AH36: 0 | AI36: 0.2 | AK36: 0.167 | AL36: 0 | AM36: # ignitions
D37: 9.d. | E37: Vehicle contact- Transmission | F37: Yes | G37: 0 | H37: 0 | I37: 0 | J37: 0 | K37: 0 | L37: 0 | M37: 0 | N37: 0 | O37: 0 | P37: 0 | Q37: 0 | R37: 0 | S37: 2 | T37: 0 | U37: 0 | V37: 1 | W37: 0 | X37: 0 | Y37: 0 | Z37: 0 | AA37: 0 | AB37: 0 | AC37: 0 | AD37: 0 | AE37: 0.4 | AG37: 0 | AH37: 0.2 | AI37: 0.4 | AK37: 0 | AL37: 0.2 | AM37: # ignitions
D38: 9.e. | E38: Other contact from object - Transmission | F38: Yes | G38: 0 | H38: 0 | I38: 0 | J38: 0 | K38: 0 | L38: 0 | M38: 1 | N38: 0 | O38: 0 | P38: 0 | Q38: 0 | R38: 0 | S38: 0 | T38: 0 | U38: 1 | V38: 0 | W38: 0 | X38: 0 | Y38: 0 | Z38: 0 | AA38: 0 | AB38: 0 | AC38: 0 | AD38: 0 | AE38: 0 | AG38: 0.3748 | AH38: 0 | AI38: 0 | AK38: 0.367 | AL38: 0 | AM38: # ignitions
C39: 10. Equipment / facility failure - Transmission | D39: 10.a. | E39: Capacitor bank damage or failure- Transmission | F39: Yes | G39: 0 | H39: 0 | I39: 0 | J39: 0 | K39: 0 | L39: 0 | M39: 0 | N39: 0 | O39: 0 | P39: 0 | Q39: 0 | R39: 0 | S39: 0 | T39: 0 | U39: 0 | V39: 0 | W39: 0 | X39: 0 | Y39: 0 | Z39: 0 | AA39: 0 | AB39: 0 | AC39: 0 | AD39: 0 | AE39: 0 | AG39: 0 | AH39: 0 | AI39: 0 | AK39: 0 | AL39: 0 | AM39: # ignitions
D40: 10.b. | E40: Conductor damage or failure — Transmission | F40: Yes | G40: 0 | H40: 0 | I40: 0 | J40: 0 | K40: 0 | L40: 0 | M40: 0 | N40: 0 | O40: 0 | P40: 0 | Q40: 0 | R40: 0 | S40: 0 | T40: 0 | U40: 0 | V40: 0 | W40: 0 | X40: 0 | Y40: 0 | Z40: 0 | AA40: 0 | AB40: 0 | AC40: 0 | AD40: 0 | AE40: 0 | AG40: 0 | AH40: 0 | AI40: 0 | AK40: 0 | AL40: 0 | AM40: # ignitions
D41: 10.c. | E41: Fuse damage or failure - Transmission | F41: Yes | G41: 0 | H41: 0 | I41: 0 | J41: 0 | K41: 0 | L41: 0 | M41: 0 | N41: 0 | O41: 0 | P41: 0 | Q41: 0 | R41: 0 | S41: 0 | T41: 0 | U41: 0 | V41: 0 | W41: 0 | X41: 0 | Y41: 0 | Z41: 0 | AA41: 0 | AB41: 0 | AC41: 0 | AD41: 0 | AE41: 0 | AG41: 0 | AH41: 0 | AI41: 0 | AK41: 0 | AL41: 0 | AM41: # ignitions
D42: 10.d. | E42: Lightning arrestor damage or failure- Transmission | F42: Yes | G42: 0 | H42: 0 | I42: 0 | J42: 0 | K42: 0 | L42: 0 | M42: 0 | N42: 0 | O42: 0 | P42: 0 | Q42: 0 | R42: 0 | S42: 0 | T42: 0 | U42: 0 | V42: 0 | W42: 0 | X42: 0 | Y42: 0 | Z42: 0 | AA42: 0 | AB42: 0 | AC42: 0 | AD42: 0 | AE42: 0 | AG42: 0 | AH42: 0 | AI42: 0 | AK42: 0 | AL42: 0 | AM42: # ignitions
D43: 10.e. | E43: Switch damage or failure- Transmission | F43: Yes | G43: 0 | H43: 0 | I43: 0 | J43: 0 | K43: 0 | L43: 0 | M43: 0 | N43: 0 | O43: 0 | P43: 0 | Q43: 0 | R43: 0 | S43: 0 | T43: 0 | U43: 0 | V43: 0 | W43: 0 | X43: 0 | Y43: 0 | Z43: 0 | AA43: 0 | AB43: 0 | AC43: 0 | AD43: 0 | AE43: 0 | AG43: 0 | AH43: 0 | AI43: 0 | AK43: 0 | AL43: 0 | AM43: # ignitions
D44: 10.f. | E44: Pole damage or failure - Transmission | F44: Yes | G44: 0 | H44: 0 | I44: 0 | J44: 0 | K44: 0 | L44: 0 | M44: 0 | N44: 0 | O44: 0 | P44: 0 | Q44: 0 | R44: 0 | S44: 0 | T44: 0 | U44: 0 | V44: 0 | W44: 0 | X44: 0 | Y44: 0 | Z44: 0 | AA44: 0 | AB44: 0 | AC44: 0 | AD44: 0 | AE44: 0 | AG44: 0 | AH44: 0 | AI44: 0 | AK44: 0 | AL44: 0 | AM44: # ignitions
D45: 10.g. | E45: Insulator and brushing damage or failure - Transmission | F45: No | G45: 0 | H45: 0 | I45: 0 | J45: 0 | K45: 0 | L45: 0 | M45: 0 | N45: 0 | O45: 0 | P45: 0 | Q45: 0 | R45: 0 | S45: 0 | T45: 0 | U45: 0 | V45: 0 | W45: 0 | X45: 0 | Y45: 0 | Z45: 0 | AA45: 0 | AB45: 0 | AC45: 0 | AD45: 0 | AE45: 0 | AG45: 0 | AH45: 0 | AI45: 0 | AK45: 0 | AL45: 0 | AM45: # ignitions
D46: 10.h. | E46: Crossarm damage or failure - Transmission | F46: Yes | G46: 0 | H46: 0 | I46: 0 | J46: 0 | K46: 0 | L46: 0 | M46: 0 | N46: 0 | O46: 0 | P46: 0 | Q46: 0 | R46: 0 | S46: 0 | T46: 0 | U46: 0 | V46: 0 | W46: 0 | X46: 0 | Y46: 0 | Z46: 0 | AA46: 0 | AB46: 0 | AC46: 0 | AD46: 0 | AE46: 0 | AG46: 0 | AH46: 0 | AI46: 0 | AK46: 0 | AL46: 0 | AM46: # ignitions
D47: 10.i. | E47: Voltage regulator / booster damage or failure - Transmission | F47: No | G47: 0 | H47: 0 | I47: 0 | J47: 0 | K47: 0 | L47: 0 | M47: 0 | N47: 0 | O47: 0 | P47: 0 | Q47: 0 | R47: 0 | S47: 0 | T47: 0 | U47: 0 | V47: 0 | W47: 0 | X47: 0 | Y47: 0 | Z47: 0 | AA47: 0 | AB47: 0 | AC47: 0 | AD47: 0 | AE47: 0 | AG47: 0 | AH47: 0 | AI47: 0 | AK47: 0 | AL47: 0 | AM47: # ignitions
D48: 10.j. | E48: Recloser damage or failure - Transmission | F48: No | G48: 0 | H48: 0 | I48: 0 | J48: 0 | K48: 0 | L48: 0 | M48: 0 | N48: 0 | O48: 0 | P48: 0 | Q48: 0 | R48: 0 | S48: 0 | T48: 0 | U48: 0 | V48: 0 | W48: 0 | X48: 0 | Y48: 0 | Z48: 0 | AA48: 0 | AB48: 0 | AC48: 0 | AD48: 0 | AE48: 0 | AG48: 0 | AH48: 0 | AI48: 0 | AK48: 0 | AL48: 0 | AM48: # ignitions
D49: 10.k. | E49: Anchor / guy damage or failure - Transmission | F49: Yes | G49: 0 | H49: 0 | I49: 0 | J49: 0 | K49: 0 | L49: 0 | M49: 0 | N49: 0 | O49: 0 | P49: 0 | Q49: 0 | R49: 0 | S49: 0 | T49: 0 | U49: 0 | V49: 0 | W49: 0 | X49: 0 | Y49: 0 | Z49: 0 | AA49: 0 | AB49: 0 | AC49: 0 | AD49: 0 | AE49: 0 | AG49: 0 | AH49: 0 | AI49: 0 | AK49: 0 | AL49: 0 | AM49: # ignitions
D50: 10.l. | E50: Sectionalizer damage or failure - Transmission | F50: No | G50: 0 | H50: 0 | I50: 0 | J50: 0 | K50: 0 | L50: 0 | M50: 0 | N50: 0 | O50: 0 | P50: 0 | Q50: 0 | R50: 0 | S50: 0 | T50: 0 | U50: 0 | V50: 0 | W50: 0 | X50: 0 | Y50: 0 | Z50: 0 | AA50: 0 | AB50: 0 | AC50: 0 | AD50: 0 | AE50: 0 | AG50: 0 | AH50: 0 | AI50: 0 | AK50: 0 | AL50: 0 | AM50: # ignitions
D51: 10.m. | E51: Connection device damage or failure - Transmission | F51: Yes | G51: 0 | H51: 0 | I51: 1 | J51: 0 | K51: 0 | L51: 0 | M51: 0 | N51: 0 | O51: 0 | P51: 0 | Q51: 0 | R51: 0 | S51: 0 | T51: 0 | U51: 0 | V51: 0 | W51: 0 | X51: 0 | Y51: 0 | Z51: 0 | AA51: 0 | AB51: 0 | AC51: 0 | AD51: 0 | AE51: 0 | AG51: 0 | AH51: 0 | AI51: 0 | AK51: 0 | AL51: 0 | AM51: # ignitions
... D53: 10.o. | E53: Other - Transmission | F53: Yes | G53: 0 | H53: 0 | I53: 0 | J53: 0 | K53: 0 | L53: 0 | M53: 0 | N53: 0 | O53: 0 | P53: 0 | Q53: 0 | R53: 0 | S53: 0 | T53: 0 | U53: 0 | V53: 0 | W53: 0 | X53: 0 | Y53: 0 | Z53: 0 | AA53: 0 | AB53: 0 | AC53: 1 | AD53: 0 | AE53: 0 | AG53: 0.2 | AH53: 0 | AI53: 0 | AK53: 0.2 | AL53: 0 | AM53: # ignitions
C54: 11. Wire-to-wire contact - Transmission | D54: 11.a. | E54: Wire-to-wire contact / contamination- Transmission | F54: Yes | G54: 0 | H54: 0 | I54: 0 | J54: 0 | K54: 0 | L54: 0 | M54: 0 | N54: 0 | O54: 0 | P54: 0 | Q54: 0 | R54: 0 | S54: 0 | T54: 0 | U54: 0 | V54: 0 | W54: 0 | X54: 0 | Y54: 0 | Z54: 0 | AA54: 0 | AB54: 0 | AC54: 0 | AD54: 0 | AE54: 0 | AG54: 0 | AH54: 0 | AI54: 0 | AK54: 0 | AL54: 0 | AM54: # ignitions
C55: 12. Contamination - Transmission | D55: 12.a. | E55: Contamination - Transmission | F55: No | G55: 0 | H55: 0 | I55: 0 | J55: 0 | K55: 0 | L55: 0 | M55: 0 | N55: 0 | O55: 0 | P55: 0 | Q55: 0 | R55: 0 | S55: 0 | T55: 0 | U55: 0 | V55: 0 | W55: 0 | X55: 0 | Y55: 0 | Z55: 0 | AA55: 0 | AB55: 0 | AC55: 0 | AD55: 0 | AE55: 0 | AG55: 0 | AH55: 0 | AI55: 0 | AK55: 0 | AL55: 0 | AM55: # ignitions
C56: 13. Utility work / Operation | D56: 13.a. | E56: Utility work / Operation | F56: No | G56: 0 | H56: 0 | I56: 0 | J56: 0 | K56: 0 | L56: 0 | M56: 0 | N56: 0 | O56: 0 | P56: 0 | Q56: 0 | R56: 0 | S56: 0 | T56: 0 | U56: 0 | V56: 0 | W56: 0 | X56: 0 | Y56: 0 | Z56: 0 | AA56: 0 | AB56: 0 | AC56: 0 | AD56: 0 | AE56: 0 | AG56: 0 | AH56: 0 | AI56: 0 | AK56: 0 | AL56: 0 | AM56: # ignitions
C57: 14. Vandalism / Theft - Transmission | D57: 14.a. | E57: Vandalism / Theft - Transmission | F57: Yes | G57: 0 | H57: 0 | I57: 0 | J57: 0 | K57: 0 | L57: 0 | M57: 0 | N57: 0 | O57: 0 | P57: 0 | Q57: 0 | R57: 0 | S57: 0 | T57: 0 | U57: 0 | V57: 0 | W57: 0 | X57: 0 | Y57: 0 | Z57: 0 | AA57: 0 | AB57: 0 | AC57: 0 | AD57: 0 | AE57: 0 | AG57: 0 | AH57: 0 | AI57: 0 | AK57: 0 | AL57: 0 | AM57: # ignitions
C58: 15. Other- Transmission | D58: 15.a. | E58: All Other- Transmission | F58: No | G58: 0 | H58: 0 | I58: 0 | J58: 0 | K58: 0 | L58: 0 | M58: 0 | N58: 0 | O58: 0 | P58: 0 | Q58: 0 | R58: 0 | S58: 0 | T58: 0 | U58: 0 | V58: 0 | W58: 0 | X58: 0 | Y58: 0 | Z58: 0 | AA58: 0 | AB58: 0 | AC58: 0 | AD58: 0 | AE58: 0 | AG58: 0 | AH58: 0 | AI58: 0 | AK58: 0 | AL58: 0 | AM58: # ignitions
C59: 16. Unknown- Transmission | D59: 16.a. | E59: Unknown - Transmission | F59: Yes | G59: 0 | H59: 0 | I59: 0 | J59: 0 | K59: 1 | L59: 0 | M59: 0 | N59: 0 | O59: 0 | P59: 0 | Q59: 0 | R59: 0 | S59: 0 | T59: 0 | U59: 0 | V59: 0 | W59: 0 | X59: 0 | Y59: 1 | Z59: 0 | AA59: 0 | AB59: 0 | AC59: 1 | AD59: 0 | AE59: 0.2 | AG59: 0.3874 | AH59: 0 | AI59: 0.2 | AK59: 0.3835 | AL59: 0 | AM59: # ignitions
A60: x | B60: Ignition - Secondary | C60: 17. All- Secondary | D60: 17.a. | E60: All- Secondary | F60: Yes | G60: 1 | H60: 0 | I60: 2 | J60: 0 | K60: 0 | L60: 0 | M60: 0 | N60: 0 | O60: 0 | P60: 0 | Q60: 0 | R60: 1 | S60: 0 | T60: 0 | U60: 0 | V60: 0 | W60: 3 | X60: 0 | Y60: 0 | Z60: 1 | AA60: 0 | AB60: 0 | AC60: 4 | AD60: 0 | AE60: 0.6 | AG60: 0.8 | AH60: 0.4 | AI60: 0.6 | AK60: 0.8 | AL60: 0.4 | AM60: # ignitions | AN60: SDG&E does not track all secondary outages, so for purposes of outage to ignition comparisons, secondary distribution ignitions are separated from primary distribution ignitions.

Sheet Table 8
B2: Utility | C2: =IF('Quarterly Submission Guide'!$D$20 = "", "",'Quarterly Submission Guide'!$D$20) -> SDG&E
B3: Table No. | C3: 8
B4: Date Modified | C4: 44501
AD5: Note: These columns are placeholders for future QR submissions.
B6: Table 8: State of service territory and utility equipment | E6: Non-HFTD | F6: HFTD Zone 1 | G6: HFTD Tier 2 | H6: HFTD Tier 3 | I6: Non-HFTD | J6: HFTD Zone 1 | K6: HFTD Tier 2 | L6: HFTD Tier 3 | M6: Non-HFTD | N6: HFTD Zone 1 | O6: HFTD Tier 2 | P6: HFTD Tier 3 | Q6: Non-HFTD | R6: HFTD Zone 1 | S6: HFTD Tier 2 | T6: HFTD Tier 3 | U6: Non-HFTD | V6: HFTD Zone 1 | W6: HFTD Tier 2 | X6: HFTD Tier 3 | Y6: Non-HFTD | Z6: HFTD Zone 1 | AA6: HFTD Tier 2 | AB6: HFTD Tier 3 | AC6: HFTD Tiers 2 and 3 | AD6: Non-HFTD | AE6: HFTD Zone 1 | AF6: HFTD Tier 2 | AG6: HFTD Tier 3 | AH6: HFTD Tiers 2 and 3 | AI6: Non-HFTD | AJ6: HFTD Zone 1 | AK6: HFTD Tier 2 | AL6: HFTD Tier 3
B7: Metric type | C7: # | D7: Outcome metric name | E7: 2015 | F7: 2015 | G7: 2015 | H7: 2015 | I7: 2016 | J7: 2016 | K7: 2016 | L7: 2016 | M7: 2017 | N7: 2017 | O7: 2017 | P7: 2017 | Q7: 2018 | R7: 2018 | S7: 2018 | T7: 2018 | U7: 2019 | V7: 2019 | W7: 2019 | X7: 2019 | Y7: 2020 | Z7: 2020 | AA7: 2020 | AB7: 2020 | AC7: 2020 | AD7: 2021 | AE7: 2021 | AF7: 2021 | AG7: 2021 | AH7: 2021 | AI7: 2022 | AJ7: 2022 | AK7: 2022 | AL7: 2022 | AM7: Unit(s) | AN7: Comments
A8: x | B8: 1. State of service territory and equipment in urban areas | C8: 1.a. | D8: Circuit miles (including WUI and non-WUI) | Y8: 9276.8924 | Z8: 0.12253788 | AA8: 1113.7468 | AB8: 5.6534091 | AC8: =AA8+AB8 -> 1119.4002 | AD8: 9814.2839 | AF8: 1237.7337 | AG8: 6.790151 | AH8: 1.280871 | AM8: Circuit miles | AN8: For 2/5/21 submission, SDG&E approximated column AC by summing tier 2 and tier 3 data for 2020. For 2021 Q1 submission, SDG&E has refined it's query to only show data that represents an overlap of tier 2 and tier 3 within column AH. This comment applies to all rows in the table.
C9: 1.b. | D9: Circuit miles in WUI | Y9: 105.58295 | Z9: 0 | AA9: 2.2797348 | AB9: 0 | AC9: =AA9+AB9 -> 2.2797348 | AD9: 2491.8642 | AF9: 932.2197 | AG9: 6.691287 | AH9: 1.280871 | AM9: Circuit miles in WUI
C10: 1.c. | D10: Number of critical facilities (including WUI and non-WUI) | Y10: 13115 | Z10: 0 | AA10: 959 | AB10: 2 | AC10: =AA10+AB10 -> 961 | AD10: 13180 | AF10: 912 | AG10: 3 | AH10: 0 | AM10: Number of critical facilities
C11: 1.d. | D11: Number of critical facilities in WUI | Y11: 109 | Z11: 0 | AA11: 0 | AB11: 0 | AC11: =AA11+AB11 -> 0 | AD11: 2153 | AF11: 674 | AG11: 3 | AH11: 0 | AM11: Number of critical facilities in WUI
C12: 1.e. | D12: Number of customers (including WUI and non-WUI) | Y12: 1037581 | Z12: 2 | AA12: 83589 | AB12: 115 | AC12: =AA12+AB12 -> 83704 | AD12: 1173838 | AF12: 88993 | AG12: 119 | AH12: 0 | AM12: Number of customers
C13: 1.f. | D13: Number of customers in WUI | Y13: 5445 | Z13: 2 | AA13: 0 | AB13: 0 | AC13: =AA13+AB13 -> 0 | AD13: 215010 | AF13: 70502 | AG13: 116 | AH13: 0 | AM13: Number of customers in WUI
C14: 1.g. | D14: Number of customers belonging to access and functional needs populations (including WUI and non-WUI) | Y14: 40564 | Z14: 0 | AA14: 3678 | AB14: 14 | AC14: =AA14+AB14 -> 3692 | AD14: 51980 | AF14: 4445 | AG14: 12 | AH14: 0 | AM14: Number of customers belonging to access and functional needs populations
C15: 1.h. | D15: Number of customers belonging to access and functional needs populations in WUI | Y15: 171 | Z15: 0 | AA15: 0 | AB15: 0 | AC15: =AA15+AB15 -> 0 | AD15: 10734 | AF15: 3441 | AG15: 12 | AH15: 0 | AM15: Number of customers belonging to access and functional needs populations in WUI
C16: 1.i. | D16: Circuit miles of overhead transmission lines (including WUI and non-WUI) | Y16: 429.1828 | Z16: 0 | AA16: 110.69893 | AB16: 0 | AC16: =AA16+AB16 -> 110.69893 | AD16: 437.46534 | AF16: 108.34773 | AG16: 0 | AH16: 0 | AM16: Circuit miles of overhead transmission lines
C17: 1.j. | D17: Circuit miles of overhead transmission lines in WUI | Y17: 33.938727 | Z17: 0 | AA17: 1.6641288 | AB17: 0 | AC17: =AA17+AB17 -> 1.6641288 | AD17: 143.98674 | AF17: 42.189015 | AG17: 0 | AH17: 0 | AM17: Circuit miles of overhead transmission lines in WUI
C18: 1.k. | D18: Circuit miles of overhead distribution lines (including WUI and non-WUI) | Y18: 2498.957 | Z18: 0.12253788 | AA18: 181.38295 | AB18: 5.1714015 | AC18: =AA18+AB18 -> 186.55436 | AD18: 2489.3314 | AF18: 181.0428 | AG18: 5.086553 | AH18: 0.272537 | AM18: Circuit miles of overhead distribution lines
C19: 1.l. | D19: Circuit miles of overhead distribution lines in WUI | Y19: 41.638826 | Z19: 0 | AA19: 0.094886364 | AB19: 0 | AC19: =AA19+AB19 -> 0.094886364 | AD19: 402.83087 | AF19: 95.707765 | AG19: 4.987689 | AH19: 0.272537 | AM19: Circuit miles of overhead distribution lines in WUI
C20: 1.m. | D20: Number of substations (including WUI and non-WUI) | Y20: 79 | Z20: 0 | AA20: 6 | AB20: 0 | AC20: =AA20+AB20 -> 6 | AD20: 79 | AF20: 6 | AG20: 0 | AH20: 0 | AM20: Number of substations
... C23: 1.p. | D23: Number of weather stations in WUI | Y23: 3 | Z23: 0 | AA23: 0 | AB23: 0 | AC23: =AA23+AB23 -> 0 | AD23: 3 | AF23: 2 | AG23: 0 | AH23: 0 | AM23: Number of weather stations in WUI
A24: x | B24: 2. State of service territory and equipment in rural areas | C24: 2.a. | D24: Circuit miles (including WUI and non-WUI) | Y24: 1853.9907 | Z24: 49.274811 | AA24: 2789.0508 | AB24: 1845.2309 | AC24: =AA24+AB24 -> 4634.2816 | AD24: 2075.4756 | AF24: 3381.6561 | AG24: 2103.8051 | AH24: 22.96856 | AM24: Circuit miles
C25: 2.b. | D25: Circuit miles in WUI | Y25: 182.03485 | Z25: 0 | AA25: 6.4818182 | AB25: 0 | AC25: =AA25+AB25 -> 6.4818182 | AD25: 868.47311 | AF25: 1998.5045 | AG25: 959.38106 | AH25: 13.78125 | AM25: Circuit miles in WUI
C26: 2.c. | D26: Number of critical facilities (including WUI and non-WUI) | Y26: 2427 | Z26: 4 | AA26: 1467 | AB26: 896 | AC26: =AA26+AB26 -> 2363 | AD26: 2487 | AF26: 1340 | AG26: 994 | AH26: 0 | AM26: Number of critical facilities
C27: 2.d. | D27: Number of critical facilities in WUI | Y27: 66 | Z27: 0 | AA27: 0 | AB27: 0 | AC27: =AA27+AB27 -> 0 | AD27: 504 | AF27: 764 | AG27: 389 | AH27: 0 | AM27: Number of critical facilities in WUI
C28: 2.e. | D28: Number of customers (including WUI and non-WUI) | Y28: 87487 | Z28: 79 | AA28: 77782 | AB28: 21139 | AC28: =AA28+AB28 -> 98921 | AD28: 103159 | AF28: 85648 | AG28: 29164 | AH28: 0 | AM28: Number of customers
C29: 2.f. | D29: Number of customers in WUI | Y29: 3984 | Z29: 0 | AA29: 0 | AB29: 0 | AC29: =AA29+AB29 -> 0 | AD29: 41293 | AF29: 62329 | AG29: 20000 | AH29: 0 | AM29: Number of customers in WUI
C30: 2.g. | D30: Number of customers belonging to access and functional needs populations (including WUI and non-WUI) | Y30: 3102 | Z30: 7 | AA30: 4630 | AB30: 1811 | AC30: =AA30+AB30 -> 6441 | AD30: 4285 | AF30: 5786 | AG30: 2622 | AH30: 0 | AM30: Number of customers belonging to access and functional needs populations
C31: 2.h. | D31: Number of customers belonging to access and functional needs populations in WUI | Y31: 137 | Z31: 0 | AA31: 0 | AB31: 0 | AC31: =AA31+AB31 -> 0 | AD31: 2266 | AF31: 4570 | AG31: 2063 | AH31: 0 | AM31: Number of customers belonging to access and functional needs populations in WUI
C32: 2.i. | D32: Circuit miles of overhead transmission lines (including WUI and non-WUI) | Y32: 152.30977 | Z32: 6.3501716 | AA32: 551.66945 | AB32: 248.17411 | AC32: =AA32+AB32 -> 799.84355 | AD32: 176.35511 | AF32: 574.20814 | AG32: 244.76629 | AH32: 5.33409 | AM32: Circuit miles of overhead transmission lines
C33: 2.j. | D33: Circuit miles of overhead transmission lines in WUI | Y33: 19.696949 | Z33: 0 | AA33: 0.97350947 | AB33: 0 | AC33: =AA33+AB33 -> 0.97350947 | AD33: 61.466098 | AF33: 127.60133 | AG33: 20.860037 | AH33: 1.001325 | AM33: Circuit miles of overhead transmission lines in WUI
C34: 2.k. | D34: Circuit miles of overhead distribution lines (including WUI and non-WUI) | Y34: 363.72254 | Z34: 42.35947 | AA34: 1470.2739 | AB34: 1449.8589 | AC34: =AA34+AB34 -> 2920.1328 | AD34: 363.31098 | AF34: 1461.4184 | AG34: 1441.2455 | AH34: 5.372348 | AM34: Circuit miles of overhead distribution lines
C35: 2.l. | D35: Circuit miles of overhead distribution lines in WUI | Y35: 63.705682 | Z35: 0 | AA35: 0.56647727 | AB35: 0 | AC35: =AA35+AB35 -> 0.56647727 | AD35: 181.09848 | AF35: 854.64432 | AG35: 657.18068 | AH35: 3.404545 | AM35: Circuit miles of overhead distribution lines in WUI
C36: 2.m. | D36: Number of substations (including WUI and non-WUI) | Y36: 31 | Z36: 1 | AA36: 28 | AB36: 11 | AC36: =AA36+AB36 -> 39 | AD36: 30 | AF36: 29 | AG36: 11 | AH36: 0 | AM36: Number of substations
... C39: 2.p. | D39: Number of weather stations in WUI | Y39: 1 | Z39: 0 | AA39: 0 | AB39: 0 | AC39: =AA39+AB39 -> 0 | AD39: 1 | AF39: 12 | AG39: 12 | AH39: 0 | AM39: Number of weather stations in WUI
A40: x | B40: 3. State of service territory and equipment in highly rural areas | C40: 3.a. | D40: Circuit miles (including WUI and non-WUI) | Y40: 216.49034 | Z40: 35.325379 | AA40: 184.90852 | AB40: 213.63958 | AC40: =AA40+AB40 -> 398.54811 | AD40: 247.5928 | AF40: 206.52992 | AG40: 240.2553 | AH40: 0.80606 | AM40: Circuit miles
C41: 3.b. | D41: Circuit miles in WUI | Y41: 0 | Z41: 0 | AA41: 0 | AB41: 0 | AC41: =AA41+AB41 -> 0 | AD41: 52.553787 | AF41: 21.776704 | AG41: 36.372348 | AH41: 0.054545 | AM41: Circuit miles in WUI
C42: 3.c. | D42: Number of critical facilities (including WUI and non-WUI) | Y42: 129 | Z42: 8 | AA42: 85 | AB42: 87 | AC42: =AA42+AB42 -> 172 | AD42: 119 | AF42: 72 | AG42: 77 | AH42: 0 | AM42: Number of critical facilities
C43: 3.d. | D43: Number of critical facilities in WUI | Y43: 0 | Z43: 0 | AA43: 0 | AB43: 0 | AC43: =AA43+AB43 -> 0 | AD43: 3 | AF43: 18 | AG43: 24 | AH43: 0 | AM43: Number of critical facilities in WUI
C44: 3.e. | D44: Number of customers (including WUI and non-WUI) | Y44: 296 | Z44: 79 | AA44: 203 | AB44: 569 | AC44: =AA44+AB44 -> 772 | AD44: 3281 | AF44: 993 | AG44: 2240 | AH44: 0 | AM44: Number of customers
C45: 3.f. | D45: Number of customers in WUI | Y45: 0 | Z45: 0 | AA45: 0 | AB45: 0 | AC45: =AA45+AB45 -> 0 | AD45: 1091 | AF45: 320 | AG45: 1042 | AH45: 0 | AM45: Number of customers in WUI
C46: 3.g. | D46: Number of customers belonging to access and functional needs populations (including WUI and non-WUI) | Y46: 4 | Z46: 4 | AA46: 5 | AB46: 20 | AC46: =AA46+AB46 -> 25 | AD46: 150 | AF46: 53 | AG46: 138 | AH46: 0 | AM46: Number of customers belonging to access and functional needs populations
C47: 3.h. | D47: Number of customers belonging to access and functional needs populations in WUI | Y47: 0 | Z47: 0 | AA47: 0 | AB47: 0 | AC47: =AA47+AB47 -> 0 | AD47: 58 | AF47: 23 | AG47: 94 | AH47: 0 | AM47: Number of customers belonging to access and functional needs populations in WUI
C48: 3.i. | D48: Circuit miles of overhead transmission lines (including WUI and non-WUI) | Y48: 24.769097 | Z48: 1.4502953 | AA48: 23.42492 | AB48: 23.693259 | AC48: =AA48+AB48 -> 47.11818 | AD48: 22.816098 | AF48: 23.425 | AG48: 18.417424 | AH48: 0.193939 | AM48: Circuit miles of overhead transmission lines
C49: 3.j. | D49: Circuit miles of overhead transmission lines in WUI | Y49: 0 | Z49: 0 | AA49: 0 | AB49: 0 | AC49: =AA49+AB49 -> 0 | AD49: 0 | AF49: 0 | AG49: 2.861174 | AH49: 0 | AM49: Circuit miles of overhead transmission lines in WUI
C50: 3.k. | D50: Circuit miles of overhead distribution lines (including WUI and non-WUI) | Y50: 144.07178 | Z50: 30.486553 | AA50: 174.30492 | AB50: 187.23428 | AC50: =AA50+AB50 -> 361.5392 | AD50: 145.85265 | AF50: 172.58371 | AG50: 190.80246 | AH50: 0.16856 | AM50: Circuit miles of overhead distribution lines
C51: 3.l. | D51: Circuit miles of overhead distribution lines in WUI | Y51: 0 | Z51: 0 | AA51: 0 | AB51: 0 | AC51: =AA51+AB51 -> 0 | AD51: 34.785416 | AF51: 20.186931 | AG51: 27.364772 | AH51: 0.054545 | AM51: Circuit miles of overhead distribution lines in WUI
C52: 3.m. | D52: Number of substations (including WUI and non-WUI) | Y52: 3 | Z52: 2 | AA52: 1 | AB52: 2 | AC52: =AA52+AB52 -> 3 | AD52: 3 | AF52: 1 | AG52: 2 | AH52: 0 | AM52: Number of substations
... C55: 3.p. | D55: Number of weather stations in WUI | Y55: 0 | Z55: 0 | AA55: 0 | AB55: 0 | AC55: =AA55+AB55 -> 0 | AD55: 0 | AF55: 1 | AG55: 2 | AH55: 0 | AM55: Number of weather stations in WUI

Sheet Table 9
B2: Utility | C2: =IF('Quarterly Submission Guide'!$D$20 = "", "",'Quarterly Submission Guide'!$D$20) -> SDG&E | D2: Notes:
B3: Table No. | C3: 9 | D3: Transmission lines refer to all lines at or above 65kV, and distribution lines refer to all lines below 65kV. Report net additions using positive numbers and net removals and undergrounding using negative numbers for circuit miles and numbers of substations. Only report changes expected within the target year.
B4: Date Modified | C4: 44232 | D4: For example, if 20 net overhead circuit miles are planned for addition by 2023, with 15 being added by 2022 and 5 more added by 2023, then report “15” for 2022 and “5” for 2023. Do not report cumulative change across years. In this case, do not report “20” for 2023, but instead the number planned to be added for just that year, which is “5”.
E5: Actual | I5: Projected
B6: Table 9: Location of actual and planned utility equipment additions or removal year over year | E6: Non-HFTD | F6: HFTD Zone 1 | G6: HFTD Tier 2 | H6: HFTD Tier 3 | I6: Non-HFTD | J6: HFTD Zone 1 | K6: HFTD Tier 2 | L6: HFTD Tier 3 | M6: Non-HFTD | N6: HFTD Zone 1 | O6: HFTD Tier 2 | P6: HFTD Tier 3
B7: Metric type | C7: # | D7: Outcome metric name | E7: 2020 | F7: 2020 | G7: 2020 | H7: 2020 | I7: 2021 | J7: 2021 | K7: 2021 | L7: 2021 | M7: 2022 | N7: 2022 | O7: 2022 | P7: 2022 | Q7: Unit(s) | R7: Comments
A8: x | B8: 1. Planned utility equipment net addition (or removal) year over year - in urban areas | C8: 1.a. | D8: Circuit miles of overhead transmission lines (including WUI and non-WUI) | Q8: Circuit miles
C9: 1.b. | D9: Circuit miles of overhead distribution lines (including WUI and non-WUI) | Q9: Circuit miles
C10: 1.c. | D10: Circuit miles of overhead transmission lines in WUI | Q10: Circuit miles in WUI
C11: 1.d. | D11: Circuit miles of overhead distribution lines in WUI | Q11: Circuit miles in WUI
C12: 1.e. | D12: Number of substations (including WUI and non-WUI) | Q12: Number of substations
C13: 1.f. | D13: Number of substations in WUI | Q13: Number of substations in WUI
C14: 1.g. | D14: Number of weather stations (including WUI and non-WUI) | Q14: Number of weather stations
C15: 1.h. | D15: Number of weather stations in WUI | Q15: Number of weather stations in WUI
A16: x | B16: 2. Planned utility equipment net addition (or removal) year over year - in rural areas | C16: 2.a. | D16: Circuit miles of overhead transmission lines (including WUI and non-WUI) | Q16: Circuit miles
C17: 2.b. | D17: Circuit miles of overhead distribution lines (including WUI and non-WUI) | Q17: Circuit miles
C18: 2.c. | D18: Circuit miles of overhead transmission lines in WUI | Q18: Circuit miles in WUI
C19: 2.d. | D19: Circuit miles of overhead distribution lines in WUI | Q19: Circuit miles in WUI
C20: 2.e. | D20: Number of substations (including WUI and non-WUI) | Q20: Number of substations
C21: 2.f. | D21: Number of substations in WUI | Q21: Number of substations in WUI
C22: 2.g. | D22: Number of weather stations (including WUI and non-WUI) | Q22: Number of weather stations
C23: 2.h. | D23: Number of weather stations in WUI | Q23: Number of weather stations in WUI
A24: x | B24: 3. Planned utility equipment net addition (or removal) year over year - in highly rural areas | C24: 3.a. | D24: Circuit miles of overhead transmission lines (including WUI and non-WUI) | Q24: Circuit miles
C25: 3.b. | D25: Circuit miles of overhead distribution lines (including WUI and non-WUI) | Q25: Circuit miles
C26: 3.c. | D26: Circuit miles of overhead transmission lines in WUI | Q26: Circuit miles in WUI
C27: 3.d. | D27: Circuit miles of overhead distribution lines in WUI | Q27: Circuit miles in WUI
C28: 3.e. | D28: Number of substations (including WUI and non-WUI) | Q28: Number of substations
C29: 3.f. | D29: Number of substations in WUI | Q29: Number of substations in WUI
C30: 3.g. | D30: Number of weather stations (including WUI and non-WUI) | Q30: Number of weather stations
C31: 3.h. | D31: Number of weather stations in WUI | Q31: Number of weather stations in WUI

Sheet Table 10
B2: Utility | C2: =IF('Quarterly Submission Guide'!$D$20 = "", "",'Quarterly Submission Guide'!$D$20) -> SDG&E | D2: Notes:
B3: Table No. | C3: 10 | D3: Transmission lines refer to all lines at or above 65kV, and distribution lines refer to all lines below 65kV.
B4: Date Modified | C4: 44232 | D4: In future submissions update planned upgrade numbers with actuals
D5: In the comments column on the far-right, enter the relevant program target(s) associated | E5: Actual | I5: Projected
B6: Table 10: Location of actual and planned utility infrastructure upgrades year over year | E6: Non-HFTD | F6: HFTD Zone 1 | G6: HFTD Tier 2 | H6: HFTD Tier 3 | I6: Non-HFTD | J6: HFTD Zone 1 | K6: HFTD Tier 2 | L6: HFTD Tier 3 | M6: Non-HFTD | N6: HFTD Zone 1 | O6: HFTD Tier 2 | P6: HFTD Tier 3
B7: Metric type | C7: # | D7: Outcome metric name | E7: 2020 | F7: 2020 | G7: 2020 | H7: 2020 | I7: 2021 | J7: 2021 | K7: 2021 | L7: 2021 | M7: 2022 | N7: 2022 | O7: 2022 | P7: 2022 | Q7: Unit(s) | R7: Comments
A8: x | B8: 1. Planned utility infrastructure upgrades year over year - in urban areas | C8: 1.a. | D8: Circuit miles of overhead transmission lines planned for upgrades (including WUI and non-WUI) | E8: 0.2 | G8: 9.6 | H8: 0 | I8: 0 | K8: 0 | L8: 0 | M8: 0.2 | O8: 0.3 | P8: 0 | Q8: Circuit miles
C9: 1.b. | D9: Circuit miles of overhead distribution lines planned for upgrades (including WUI and non-WUI) | E9: 1.9 | G9: 0.3 | H9: 0 | I9: 0 | K9: 0 | L9: 0 | M9: 0 | O9: 0 | P9: 0 | Q9: Circuit miles
C10: 1.c. | D10: Circuit miles of overhead transmission lines planned for upgrades in WUI | E10: 0 | G10: 0 | H10: 0 | I10: 0 | K10: 0 | L10: 0 | M10: 0 | O10: 0 | P10: 0 | Q10: Circuit miles in WUI
C11: 1.d. | D11: Circuit miles of overhead distribution lines planned for upgrades in WUI | E11: 0.7 | G11: 0 | H11: 0 | I11: 0 | K11: 0 | L11: 0 | M11: 0 | O11: 0 | P11: 0 | Q11: Circuit miles in WUI
C12: 1.e. | D12: Number of substations planned for upgrades (including WUI and non-WUI) | E12: 0 | G12: 0 | H12: 0 | I12: 0 | K12: 0 | L12: 0 | M12: 0 | O12: 0 | P12: 0 | Q12: Number of substations
C13: 1.f. | D13: Number of substations planned for upgrades in WUI | E13: 0 | G13: 0 | H13: 0 | I13: 0 | K13: 0 | L13: 0 | M13: 0 | O13: 0 | P13: 0 | Q13: Number of substations in WUI
C14: 1.g. | D14: Number of weather stations planned for upgrades (including WUI and non-WUI) | E14: 0 | G14: 0 | H14: 0 | I14: 2 | M14: 2 | O14: 0 | P14: 0 | Q14: Number of weather stations
C15: 1.h. | D15: Number of weather stations planned for upgrades in WUI | E15: 0 | G15: 0 | H15: 0 | I15: 2 | K15: 0 | L15: 0 | M15: 2 | O15: 0 | P15: 0 | Q15: Number of weather stations in WUI
A16: x | B16: 2. Planned utility infrastructure upgrades year over year - in rural areas | C16: 2.a. | D16: Circuit miles of overhead transmission lines planned for upgrades (including WUI and non-WUI) | E16: 0.4 | G16: 10.8 | H16: 29 | I16: 0 | K16: 6.7 | L16: 0 | M16: 0 | O16: 36.3 | P16: 1.8 | Q16: Circuit miles
C17: 2.b. | D17: Circuit miles of overhead distribution lines planned for upgrades (including WUI and non-WUI) | E17: 1.6 | G17: 21.5 | H17: 50.8 | I17: 4 | K17: 20.6 | L17: 62.4 | O17: 10.8 | P17: 54.2 | Q17: Circuit miles
C18: 2.c. | D18: Circuit miles of overhead transmission lines planned for upgrades in WUI | E18: 0 | G18: 0 | H18: 0 | I18: 4 | K18: 0 | L18: 0 | M18: 0 | O18: 0 | P18: 0 | Q18: Circuit miles in WUI
C19: 2.d. | D19: Circuit miles of overhead distribution lines planned for upgrades in WUI | E19: 0 | G19: 0 | H19: 0 | I19: 0 | K19: 0 | L19: 0 | M19: 0 | O19: 0 | P19: 0 | Q19: Circuit miles in WUI
C20: 2.e. | D20: Number of substations planned for upgrades (including WUI and non-WUI) | E20: 0 | G20: 0 | H20: 0 | I20: 0 | K20: 0 | L20: 0 | M20: 0 | O20: 0 | P20: 0 | Q20: Number of substations
C21: 2.f. | D21: Number of substations planned for upgrades in WUI | E21: 0 | G21: 0 | H21: 0 | I21: 0 | K21: 0 | L21: 0 | M21: 0 | O21: 0 | P21: 0 | Q21: Number of substations in WUI
C22: 2.g. | D22: Number of weather stations planned for upgrades (including WUI and non-WUI) | E22: 0 | G22: 15 | H22: 13 | I22: 1 | K22: 15 | L22: 0 | M22: 1 | O22: 15 | P22: 0 | Q22: Number of weather stations
C23: 2.h. | D23: Number of weather stations planned for upgrades in WUI | E23: 0 | I23: 1 | K23: 0 | L23: 0 | M23: 1 | O23: 0 | P23: 0 | Q23: Number of weather stations in WUI
A24: x | B24: 3. Planned utility infrastructure upgrades year over year - in highly rural areas | C24: 3.a. | D24: Circuit miles of overhead transmission lines planned for upgrades (including WUI and non-WUI) | E24: 0 | G24: 0 | H24: 0 | I24: 0 | K24: 0 | L24: 0 | M24: 0 | O24: 0 | P24: 0 | Q24: Circuit miles
C25: 3.b. | D25: Circuit miles of overhead distribution lines planned for upgrades (including WUI and non-WUI) | E25: 0 | G25: 22.8 | H25: 21.3 | I25: 0 | K25: 20 | L25: 19.9 | M25: 0 | O25: 0 | P25: 0 | Q25: Circuit miles
C26: 3.c. | D26: Circuit miles of overhead transmission lines planned for upgrades in WUI | E26: 0 | G26: 0 | H26: 0 | I26: 0 | K26: 0 | L26: 0 | M26: 0 | O26: 0 | P26: 0 | Q26: Circuit miles in WUI
C27: 3.d. | D27: Circuit miles of overhead distribution lines planned for upgrades in WUI | E27: 0 | G27: 0 | H27: 0 | I27: 0 | K27: 0 | L27: 0 | M27: 0 | O27: 0 | P27: 0 | Q27: Circuit miles in WUI
C28: 3.e. | D28: Number of substations planned for upgrades (including WUI and non-WUI) | E28: 0 | G28: 0 | H28: 0 | I28: 0 | K28: 0 | L28: 0 | M28: 0 | O28: 0 | P28: 0 | Q28: Number of substations
C29: 3.f. | D29: Number of substations planned for upgrades in WUI | E29: 0 | G29: 0 | H29: 0 | I29: 0 | K29: 0 | L29: 0 | M29: 0 | O29: 0 | P29: 0 | Q29: Number of substations in WUI
C30: 3.g. | D30: Number of weather stations planned for upgrades (including WUI and non-WUI) | E30: 0 | G30: 0 | H30: 2 | I30: 0 | K30: 0 | L30: 2 | M30: 0 | O30: 0 | P30: 2 | Q30: Number of weather stations
C31: 3.h. | D31: Number of weather stations planned for upgrades in WUI | E31: 0 | G31: 0 | H31: 0 | I31: 0 | K31: 0 | L31: 0 | M31: 0 | O31: 0 | P31: 0 | Q31: Number of weather stations in WUI

Sheet Table 11
B2: Utility | C2: =IF('[1]Quarterly Submission Guide'!$D$20 = "", "",'[1]Quarterly Submission Guide'!$D$20) -> X | D2: Notes:
B3: Table No. | C3: 11 | D3: "PSPS" = Public Safety Power Shutoff
B4: Date Modified | C4: 44501 | D4: In future submissions update planned upgrade numbers with actuals
E5: Actual | Q5: Projected
B6: Table 11: Recent use of PSPS and other PSPS metrics | J6: 1 | K6: 2 | L6: 3 | M6: 4 | N6: 1 | O6: 2 | P6: 3 | Q6: 4 | R6: 1 | S6: 2 | T6: 3 | U6: 4
B7: Metric type | C7: # | D7: Outcome metric name | E7: 2015 | F7: 2016 | G7: 2017 | H7: 2018 | I7: 2019 | J7: 2020 | K7: 2020 | L7: 2020 | M7: 2020 | N7: 2021 | O7: 2021 | P7: 2021 | Q7: 2021 | R7: 2022 | S7: 2022 | T7: 2022 | U7: 2022 | V7: Unit(s) | W7: Comments
B8: 1. Recent use of PSPS | C8: 1.a. | D8: Frequency of PSPS events (total) | E8: 0 | F8: 0 | G8: 5 | H8: 4 | I8: 4 | J8: 0 | K8: 0 | L8: 1 | M8: 4 | N8: 0 | O8: 0 | P8: 0 | Q8: 3.75 | V8: Number of instances where utility operating protocol requires de-energization of a circuit or portion thereof to reduce ignition probability, per year. Only include events in which de-energization ultimately ocurred
C9: 1.b. | D9: Scope of PSPS events (total) | E9: 0 | F9: 0 | G9: 200 | H9: 265 | I9: 324 | J9: 0 | K9: 0 | L9: 2 | M9: 512 | N9: 0 | O9: 0 | P9: 0 | Q9: 322.5 | V9: Circuit-events, measured in number of events multiplied by number of circuits de-energized per year
C10: 1.c. | D10: Duration of PSPS events (total) | E10: 0 | F10: 0 | G10: 658397.18 | H10: 1044422.7 | I10: 1304723.4 | J10: 0 | K10: 0 | L10: 358.18 | M10: 2631425.7 | N10: 0 | O10: 0 | P10: 0 | Q10: 168.5 | V10: Customer hours per year | W10: Duration calculated from first device de-energized to last device restored
B11: 2. Customer hours of PSPS and other outages | C11: 2.a. | D11: Customer hours of planned outages including PSPS (total) | E11: 106210.38 | F11: 883385.18 | G11: 1826807 | H11: 2192064.1 | I11: 2433616.5 | J11: 324613.45 | K11: 107052.98 | L11: 490460.6 | M11: 2884883.5 | N11: =26297447/60 -> 438290.78 | O11: =27778953/60 -> 462982.55 | P11: 483519 | Q11: 1618889 | V11: Total customer hours of planned outages per year | W11: SDG&E does not define PSPS as "planned" ouatges, the total = SDGE planned outage customer hours + PSPS customer hours
C12: 2.b. | D12: Customer hours of unplanned outages, not including PSPS (total) | E12: 1504041.6 | F12: 2058236.9 | G12: 2090995.2 | H12: 1887418.3 | I12: 1705635.8 | J12: 346752.8 | K12: 385697 | L12: 1113937.6 | M12: 470885.72 | N12: 407865.33 | O12: 379993.22 | P12: 302942.4 | Q12: 521517.93 | V12: Total customer hours of unplanned outages per year
C13: 2.c. | D13: System Average Interruption Duration Index (SAIDI) (including PSPS) | E13: 63.26 | F13: 86.01 | G13: 117.49 | H13: 121.02 | I13: 122.96 | J13: 13.950233 | K13: 15.516999 | L13: 44.8293 | M13: 126.10267 | N13: 16.459999 | O13: 15.335179 | P13: 12.225681 | Q13: 76.636847 | V13: SAIDI index value = sum of all interruptions in time period where each interruption is defined as sum(duration of interruption * # of customer interruptions) / Total number of customers served
C14: 2.d. | D14: System Average Interruption Duration Index (SAIDI) (excluding PSPS) | E14: 63.26 | F14: 86.01 | G14: 86.64 | H14: 77.45 | I14: 69.21 | J14: 13.950233 | K14: 15.516999 | L14: 44.81489 | M14: 18.944232 | N14: 16.459999 | O14: 15.335179 | P14: 12.225681 | Q14: 21.43816 | V14: SAIDI index value = sum of all interruptions in time period where each interruption is defined as sum(duration of interruption * # of customer interruptions) / Total number of customers served
C15: 2.e. | D15: System Average Interruption Frequency Index (SAIFI) (including PSPS) | E15: 0.62 | F15: 0.68 | G15: 0.58 | H15: 0.66 | I15: 0.64 | J15: 0.13026482 | K15: 0.1718235 | L15: 0.26962454 | M15: 0.22445847 | N15: 0.1636851 | O15: 0.13738817 | P15: 0.10816135 | Q15: 0.1786 | V15: SAIFI index value = sum of all interruptions in time period where each interruption is defined as (total # of customer interruptions) / (total # of customers served)
C16: 2.f. | D16: System Average Interruption Frequency Index (SAIFI) (excluding PSPS) | E16: 0.62 | F16: 0.68 | G16: 0.57 | H16: 0.64 | I16: 0.61 | J16: 0.13026482 | K16: 0.1718235 | L16: 0.26959168 | M16: 0.15642707 | N16: 0.1636851 | O16: 0.13738817 | P16: 0.10816135 | Q16: 0.15237102 | V16: SAIFI index value = sum of all interruptions in time period where each interruption is defined as (total # of customer interruptions) / (total # of customers served)
B17: 3. Critical infrastructure impacted by PSPS | C17: 3.a. | D17: Critical infrastructure impacted by PSPS | E17: 0 | F17: 0 | G17: 633 | H17: 832 | I17: 968 | J17: 0 | K17: 0 | L17: 0 | M17: 2359 | N17: 0 | O17: 0 | P17: 0 | Q17: =AVERAGE(G17,H17,I17,M17) -> 1198 | V17: Number of critical infrastructure (in accordance with D.19-05-042) locations impacted per hour multiplied by hours offline per year
B18: 4. Community outreach of PSPS metrics | C18: 4.a. | D18: # of customers impacted by PSPS | E18: 0 | F18: 0 | G18: 17619 | H18: 30069 | I18: 49880 | J18: 0 | K18: 0 | L18: 49 | M18: 100488 | N18: 0 | O18: 0 | P18: 0 | Q18: 40205 | V18: # of customers impacted by PSPS (if multiple PSPS events impact the same customer, count each event as a separate customer)
C19: 4.b. | D19: # of medical baseline customers impacted by PSPS | E19: 0 | F19: 0 | G19: 937 | H19: 1812 | I19: 2853 | J19: 0 | K19: 0 | L19: 6 | M19: 6427 | N19: 0 | O19: 0 | P19: 0 | Q19: 2590 | V19: # of customers impacted by PSPS (if multiple PSPS events impact the same customer, count each event as a separate customer)
C20: 4.c. | D20: # of customers notified prior to initiation of PSPS event | E20: 0 | F20: 0 | G20: 17619 | H20: 30069 | I20: 47969 | J20: 0 | K20: 0 | L20: 49 | M20: 91760 | N20: 0 | O20: 0 | P20: 0 | Q20: =Q22*Q18 -> 38194.75 | V20: # of customers notified of PSPS event prior to initiation (if multiple PSPS events impact the same customer, count each event in which customer was notified as a separate customer)
C21: 4.d. | D21: # of medical baseline customers notified prior to initiation of PSPS event | E21: 0 | F21: 0 | G21: 937 | H21: 1812 | I21: 2756 | J21: 0 | K21: 0 | L21: 6 | M21: 6262 | N21: 0 | O21: 0 | P21: 0 | Q21: =Q19 -> 2590 | V21: # of customers notified of PSPS event prior to initiation (if multiple PSPS events impact the same customer, count each event in which customer was notified as a separate customer)
C22: 4.e. | D22: % of customers notified prior to a PSPS event impacting them | E22: 0 | F22: 0 | G22: 1 | H22: 1 | I22: 0.96168805 | J22: 0 | K22: 0 | L22: 1 | M22: 0.91314386 | N22: 0 | O22: 0 | P22: 0 | Q22: 0.95 | V22: =4.c. / 4.a.
C23: 4.f. | D23: % of medical baseline customers notified prior to a PSPS event impacting them | E23: 0 | F23: 0 | G23: 1 | H23: 1 | I23: 0.9660007 | J23: 0 | K23: 0 | L23: 1 | M23: 0.97432706 | N23: 0 | O23: 0 | P23: 0 | Q23: 1 | V23: =4.d. / 4.b.
B24: 5. Other PSPS metrics | C24: 5.a. | D24: Number of PSPS events triggered where no de-energization occurred | E24: 0 | F24: 0 | G24: 0 | H24: 0 | I24: 1 | J24: 0 | K24: 0 | L24: 1 | M24: 1 | N24: 1 | O24: 0 | P24: 0 | Q24: 0.5 | V24: Number of instances where utility notified the public of a potential PSPS event but no de-energization followed
C25: 5.b. | D25: Number of customers located on de-energized circuit | E25: 0 | F25: 0 | G25: 67266 | H25: 79587 | I25: 112582 | J25: 0 | K25: 0 | L25: 4214 | M25: 154413 | N25: 0 | O25: 0 | P25: 0 | Q25: 97388 | V25: Number of customers
C26: 5.c. | D26: Customer hours of PSPS per RFW OH circuit mile day | E26: 0 | F26: 0 | G26: 3.4582521 | H26: 8.3078616 | I26: 24.403202 | J26: 0 | K26: 0 | L26: 0.010276318 | M26: 42.396123 | N26: 0 | O26: 0 | P26: 0 | Q26: 0.0017986635 | V26: =1.c. / RFW OH circuit mile days in time period
C27: 5.d. | D27: Frequency of PSPS events (total) - High Wind Warning wind conditions | E27: 0 | F27: 0 | G27: 1 | H27: 3 | I27: 2 | J27: 0 | K27: 0 | L27: 0 | M27: 3 | N27: 0 | O27: 0 | P27: 0 | Q27: 2.25 | V27: Events over time period that overlapped with a High Wind Warning as defined by the National Weather Service
C28: 5.e. | D28: Scope of PSPS events (total) - High Wind Warning wind conditions | E28: 0 | F28: 0 | G28: 16848 | H28: 30048 | I28: 49462 | J28: 0 | K28: 0 | L28: 0 | M28: 90748 | N28: 0 | O28: 0 | P28: 0 | Q28: 36814 | V28: Estimated customers impacted over time period that overlapped with a High Wind Warning as defined by the National Weather Service
C29: 5.f. | D29: Duration of PSPS events (total) - High Wind Warning wind conditions | E29: 0 | F29: 0 | G29: 128 | H29: 91 | I29: 75 | J29: 0 | K29: 0 | L29: 0 | M29: 80 | N29: 0 | O29: 0 | P29: 0 | Q29: 69.43 | V29: Customer hours over time period that overlapped with a High Wind Warning as defined by the National Weather Service

Sheet Table 12
B2: Utility | C2: X | D2: Notes:
B3: Table No. | C3: 12 | D3: Risk-Spend-Efficiency (RSE) is defined as "An estimate of the cost-effectiveness of initiative, calculated by dividing the mitigation risk reduction benefit by the mitigation cost estimate based on the full set of risk reduction benefits estimated from the incurred costs."
B4: Date Modified | C4: 44232 | D4: CAPEX = Capital expenditure; OPEX = Operating expenditure. In future submissions update planned spend, line miles treated, RSE, etc. with updated projections and actuals. Additional instructions can be found in QR information.
U5: Actual | V5: Actual | W5: Actual | X5: Actual | Y5: Projected | Z5: Projected | AA5: Projected | AB5: Projected | AC5: Projected | AD5: Projected | AE5: Projected | AF5: Projected
B6: Table 12: Mitigation initiative financials | U6: CAPEX ($ thousands) | V6: OPEX ($ thousands) | W6: Line miles to be treated | X6: Alternative units (if used) | Y6: CAPEX ($ thousands) | Z6: OPEX ($ thousands) | AA6: Line miles to be treated | AB6: Alternative units (if used) | AC6: CAPEX ($ thousands) | AD6: OPEX ($ thousands) | AE6: Line miles to be treated | AF6: Alternative units (if used)
B7: Metric type | C7: WMP Table # / Category | D7: 2021 WMP Initiative # | E7: Initative activity | F7: 2020 WMP Initiative # | G7: Primary driver targeted | H7: Secondary driver targeted | I7: Year initiated | J7: Estimated RSE in non-HFTD region | K7: Estimated RSE in HFTD Zone 1 | L7: Estimated RSE in HFTD Tier 2 | M7: Estimated RSE in HFTD Tier 3 | N7: If existing: most recent proceeding that has reviewed program | O7: If new: memorandum account | P7: Current compiance status - In / exceeding compliance with regulations | Q7: Associated rule(s) - if multiple, separate by semi-colon - ";" | R7: If spend not disaggregated by category, note spend category or mark general operations | S7: Alternative units in which initiative is reported (if not line miles); still required to report line miles | T7: Comments | U7: 2020 | V7: 2020 | W7: 2020 | X7: 2020 | Y7: 2021 | Z7: 2021 | AA7: 2021 | AB7: 2021 | AC7: 2022 | AD7: 2022 | AE7: 2022 | AF7: 2022 | AG7: Notes
B8: Other | C8: Risk Assessment & Mapping | D8: 7.3.1.1 | E8: A summarized risk map showing the overall ignition probability and estimated wildfire consequence along electric lines and equipment [WRRM-Ops] | F8: 5.3.1.1. | I8: 2012 | J8: NA | K8: NA | L8: NA | M8: NA | N8: 2019 GRC | O8: NA | P8: Exceeds | Q8: P.U. Code § 451 | U8: 1190.5993 | V8: 0 | W8: NA | X8: NA | Y8: 1539.3401 | Z8: 0 | AA8: NA | AB8: NA | AC8: 1881.4155 | AD8: 0 | AE8: NA | AF8: NA | AG8: This initiative is foundational to supporting wildfire mitigation efforts. Quantifying an RSE for such a mitigation would be difficult and not beneficial because it cannot be directly tied to reducing a risk driver and measuring the effectiveness of that reduction. It supports various initiatives by providing better information to make risk-informed mitigation decisions.
B9: Other | C9: Risk Assessment & Mapping | D9: 7.3.1.2 | E9: Climate-driven risk map and modelling based on various relevant weather scenarios | F9: 5.3.1.2. | I9: 2012 | R9: A summarized risk map showing the overall ignition probability and estimated wildfire consequence along electric lines and equipment [WRRM-Ops] | U9: 0 | V9: 0 | Y9: 0 | Z9: 0 | AC9: 0 | AD9: 0
B10: Other | C10: Risk Assessment & Mapping | D10: 7.3.1.3 | E10: Ignition probability mapping | F10: 5.3.1.3. | I10: 2012 | R10: A summarized risk map showing the overall ignition probability and estimated wildfire consequence along electric lines and equipment [WRRM-Ops] | U10: 0 | V10: 0 | Y10: 0 | Z10: 0 | AC10: 0 | AD10: 0
B11: Other | C11: Risk Assessment & Mapping | D11: 7.3.1.4 | E11: Initiative mapping and estimation of wildfire and PSPS risk-reduction impact | F11: 5.3.1.4. | I11: 2012 | R11: A summarized risk map showing the overall ignition probability and estimated wildfire consequence along electric lines and equipment [WRRM-Ops] | U11: 0 | V11: 0 | Y11: 0 | Z11: 0 | AC11: 0 | AD11: 0
B12: Other | C12: Risk Assessment & Mapping | D12: 7.3.1.5 | E12: Match drop simulations | F12: 5.3.1.5. | I12: 2012 | R12: A summarized risk map showing the overall ignition probability and estimated wildfire consequence along electric lines and equipment [WRRM-Ops] | U12: 0 | V12: 0 | Y12: 0 | Z12: 0 | AC12: 0 | AD12: 0
B13: Other | C13: Risk Assessment & Mapping | D13: 7.3.1.6 | E13: Weather driven risk map and modelling | F13: 5.3.1.6. | I13: 2012 | R13: A summarized risk map showing the overall ignition probability and estimated wildfire consequence along electric lines and equipment [WRRM-Ops] | U13: 0 | V13: 0 | Y13: 0 | Z13: 0 | AC13: 0 | AD13: 0
B14: Other | C14: Situational Awareness & Forecasting | D14: 7.3.2.1 | E14: Advanced weather monitoring and weather stations [Advanced weather station integration] | F14: 5.3.2.1. | I14: 2010 | J14: NA | K14: NA | L14: NA | M14: NA | N14: 2019 GRC | O14: NA | P14: Exceeds | Q14: P.U. Code § 451 | S14: Weather Stations | U14: 1083.4641 | V14: 0 | W14: NA | X14: 30 | Y14: 482.94402 | Z14: 0 | AA14: NA | AB14: 20 | AC14: 558.36473 | AD14: 0 | AE14: NA | AF14: 20
B15: Other | C15: Situational Awareness & Forecasting | D15: 7.3.2.2 | E15: Continuous monitoring sensors | F15: 5.3.2.2. | I15: NA | U15: 0 | V15: 0 | Y15: 0 | Z15: 0 | AC15: 0 | AD15: 0
B16: Other | C16: Situational Awareness & Forecasting | D16: 7.3.2.3 | E16: Fault indicators for detecting faults on electric lines and equipment [Wireless fault indicators] | F16: 5.3.2.3. | G16: PSPS - for sectionalization, etc. | I16: 2011 | J16: 131.86 | K16: NA | L16: 122.84 | N16: 2019 GRC | P16: Exceeds | Q16: P.U. Code § 451 | S16: Fault Indicators | U16: 835.298 | V16: 0 | W16: NA | X16: 502 | Y16: 655.99556 | Z16: 0 | AA16: NA | AB16: 500 | AC16: 655.99556 | AD16: 0 | AE16: NA | AF16: 500
B17: Other | C17: Situational Awareness & Forecasting | D17: 7.3.2.4.1 | E17: Fire science and climate adaptation department | F17: 5.3.2.4.1. | I17: 2009 | N17: 2019 GRC | P17: Exceeds | Q17: P.U. Code § 451 | U17: =265.26143236076+342.97535349 -> 608.23679 | V17: 3363.3311 | W17: NA | X17: NA | Y17: 3485.6374 | Z17: 3288.9925 | AA17: NA | AB17: NA | AC17: 302.57089 | AD17: 3617.8918 | AE17: NA | AF17: NA | AG17: This initiative is foundational to supporting wildfire mitigation efforts. Quantifying an RSE for such a mitigation would be difficult and not beneficial because it cannot be directly tied to reducing a risk driver and measuring the effectiveness of that reduction. It supports various initiatives by providing better information to make risk-informed mitigation decisions.
B18: Other | C18: Situational Awareness & Forecasting | D18: 7.3.2.4.2 | E18: Fire potential index | F18: 5.3.2.4.2. | I18: 2012 | R18: Fire science and climate adaptation department | U18: 0 | V18: 0 | Y18: 0 | Z18: 0 | AC18: 0 | AD18: 0
B19: Other | C19: Situational Awareness & Forecasting | D19: 7.3.2.4.3 | E19: Santa Ana wildfire threat index | F19: 5.3.2.4.3. | I19: 2014 | R19: Fire science and climate adaptation department | U19: 0 | V19: 0 | Y19: 0 | Z19: 0 | AC19: 0 | AD19: 0
B20: Other | C20: Situational Awareness & Forecasting | D20: 7.3.2.4.4 | E20: High-performance computing infrastructure | F20: 5.3.1.7. | I20: 2012 | N20: 2020 WMP | O20: WMPMA | P20: Exceeds | Q20: P.U. Code § 451 | U20: 0 | V20: 0 | W20: NA | X20: NA | Y20: 0 | Z20: 0 | AA20: NA | AB20: NA | AC20: 7310 | AD20: 0 | AE20: NA | AF20: NA | AG20: This initiative is foundational to supporting wildfire mitigation efforts. Quantifying an RSE for such a mitigation would be difficult and not beneficial because it cannot be directly tied to reducing a risk driver and measuring the effectiveness of that reduction. It supports various initiatives by providing better information to make risk-informed mitigation decisions.
B21: Other | C21: Situational Awareness & Forecasting | D21: 7.3.2.5. | E21: Personnel monitoring areas of electric lines and equipment in elevated fire risk conditions [Observers] | F21: 5.3.2.5. | G21: Equipment failure | H21: Other contact with object | I21: 2008 | R21: Other - Emergency management Operations | U21: 0 | V21: 0 | Y21: 0 | Z21: 0 | AC21: 0 | AD21: 0
B22: Other | C22: Situational Awareness & Forecasting | D22: 7.3.2.5. | E22: Weather forecasting and estimating impacts on electric lines and equipment | F22: 5.3.2.6. | I22: 2009 | R22: Fire science and climate adaptation department | U22: 0 | V22: 0 | Y22: 0 | Z22: 0 | AC22: 0 | AD22: 0
B23: Grid hardening | C23: Grid Design & System Hardening | D23: 7.3.3.1 | E23: Capacitor maintenance and replacement program [SCADA capacitors] | F23: 5.3.3.1. | G23: Equipment failure | I23: 2016 | L23: 408.85 | M23: 932.76 | N23: 2019 GRC | P23: Exceeds | Q23: G.O. 95 | S23: Capacitors | U23: 992.18233 | V23: 0 | W23: NA | X23: 30 | Y23: 1586.511 | Z23: 0 | AA23: NA | AB23: 32 | AC23: 1791.233 | AD23: 0 | AE23: NA | AF23: 40
B24: Grid hardening | C24: Grid Design & System Hardening | D24: 7.3.3.2 | E24: Circuit breaker maintenance and installation to de-energize lines upon detecting a fault | I24: 1997 | R24: Substation inspections | U24: 0 | V24: 0 | Y24: 0 | Z24: 0 | AC24: 0 | AD24: 0
B25: Grid hardening | C25: Grid Design & System Hardening | D25: 7.3.3.3 | E25: Covered conductor installation | F25: 5.3.3.4. | G25: Other contact with object | H25: Equipment failure | I25: 2020 | L25: 42.77 | M25: 76.73 | N25: 2020 WMP | O25: WMPMA | P25: Exceeds | Q25: G.O. 95 | U25: 1797.6911 | V25: 0 | W25: 1.9 | X25: NA | Y25: 55000 | Z25: 1500 | AA25: 20 | AB25: NA | AC25: 96000 | AD25: 2500 | AE25: 60 | AF25: NA
B26: Grid hardening | C26: Grid Design & System Hardening | D26: 7.3.3.4 | E26: Covered conductor maintenance | I26: 1997 | R26: Detailed inspections of distribution electric lines and equipment (5-year detailed inspections) | U26: 0 | V26: 0 | Y26: 0 | Z26: 0 | AC26: 0 | AD26: 0
B27: Grid hardening | C27: Grid Design & System Hardening | D27: 7.3.3.5 | E27: Crossarm maintenance, repair, and replacement | F27: 5.3.3.5. | I27: 1997 | R27: Detailed inspections of distribution electric lines and equipment (5-year detailed inspections) | U27: 0 | V27: 0 | Y27: 0 | AC27: 0
B28: Grid hardening | C28: Grid Design & System Hardening | D28: 7.3.3.6 | E28: Distribution pole replacement and reinforcement, including with composite poles (Pole replacement and reinforcement) | F28: 5.3.3.6. | I28: 1997 | R28: Detailed inspections of distribution electric lines and equipment (5-year detailed inspections) | AG28: Grouped with RSE calculations for the various inspection programs. Pole replacement and reinforcment activities can be identified as a part of any of the inspection programs in section 7.3.6. We replace poles based on the inspection results.
B29: Grid hardening | C29: Grid Design & System Hardening | D29: 7.3.3.7 | E29: Expulsion fuse replacement | F29: 5.3.3.7. | G29: Equipment failure | I29: 2019 | L29: 274.83 | M29: 1417.2 | N29: 2020 WMP | O29: WMPMA | P29: Exceeds | Q29: G.O. 95 | S29: Fuses | U29: 6520.6375 | V29: 0 | W29: NA | X29: 3179 | Y29: 10177.77 | Z29: 0 | AA29: NA | AB29: 3970 | AC29: 3078.9372 | AD29: 0 | AE29: NA | AF29: 906
B30: Grid hardening | C30: Grid Design & System Hardening | D30: 7.3.3.8.1 | E30: PSPS sectionalizing enhancements | F30: 5.3.3.8.1. | G30: PSPS - for sectionalization, etc. | I30: 2019 | J30: 610.11 | L30: 473.43 | M30: 1159.86 | N30: 2020 WMP | O30: WMPMA | P30: Exceeds | Q30: G.O. 95 | S30: Sectionalizing Devices | U30: 5111.3503 | V30: 0 | W30: NA | X30: 23 | Y30: 2271.6558 | Z30: 0 | AA30: NA | AB30: 10 | AC30: 1541.66 | AD30: 0 | AE30: NA | AF30: 10
B31: Grid hardening | C31: Grid Design & System Hardening | D31: 7.3.3.8.2 | E31: Microgrids | F31: 5.3.3.8.2. | G31: PSPS - for sectionalization, etc. | I31: 2019 | L31: 30.78 | N31: 2020 WMP | O31: WMPMA | P31: Exceeds | Q31: P.U. Code § 451 | S31: Micro Grids | U31: 3542.0419 | V31: 370.54159 | W31: NA | X31: 4 | Y31: 18942.637 | Z31: 1426.8761 | AA31: NA | AB31: 2 | AC31: 12912.486 | AD31: 1426.8761 | AE31: NA | AF31: 1
B32: Grid hardening | C32: Grid Design & System Hardening | D32: 7.3.3.9 | E32: Installation of system automation equipment (Advanced Protection) | F32: 5.3.3.2. | G32: PSPS - for sectionalization, etc. | I32: 2011 | M32: 281.09 | N32: 2020 WMP | O32: WMPMA | P32: Exceeds | Q32: P.U. Code § 451 | S32: Circuits | U32: 9119.2681 | V32: 0 | W32: NA | X32: 6 | Y32: 11092.422 | Z32: 0 | AA32: NA | AB32: 8 | AC32: 10953.282 | AD32: 0 | AE32: NA | AF32: 8
B33: Grid hardening | C33: Grid Design & System Hardening | D33: 7.3.3.10 | E33: Maintenance, repair, and replacement of connectors, including hotline clamps | F33: 5.3.3.10. | G33: Equipment failure | I33: 2019 | J33: NA | K33: NA | L33: 43.25 | M33: 108.44 | N33: 2020 WMP | O33: WMPMA | P33: Exceeds | Q33: G.O. 95 | S33: Hot Line Clamps | U33: 0 | V33: =3298.58102 -> 3298.581 | W33: NA | X33: 2061 | Y33: 0 | Z33: =3298.58102+1022.18839+1022.18839 -> 5342.9578 | AA33: NA | AB33: 2250 | AC33: 0 | AD33: =3298.58102+1022.18839 -> 4320.7694 | AE33: NA | AF33: 1650
B34: Grid hardening | C34: Grid Design & System Hardening | D34: 7.3.3.11.1 | E34: Resiliency Grant Programs | F34: 5.3.3.11.1. | G34: PSPS - for sectionalization, etc. | I34: 2020 | J34: 36.55 | L34: 36.55 | M34: 73.11 | N34: 2020 WMP | O34: WMPMA | P34: Exceeds | Q34: P.U. Code § 451 | S34: Generators | U34: 0 | V34: 5075.892 | W34: NA | X34: 1420 | Y34: 0 | Z34: 7900 | AA34: NA | AB34: 2000 | AC34: 0 | AD34: 7900 | AE34: NA | AF34: 2000
B35: Grid hardening | C35: Grid Design & System Hardening | D35: 7.3.3.11.2 | E35: Standby Power Programs | F35: 5.3.3.11.3. | G35: PSPS - for sectionalization, etc. | I35: 2020 | M35: 89.61 | N35: 2020 WMP | O35: WMPMA | P35: Exceeds | Q35: P.U. Code § 451 | S35: Generators | U35: 0 | V35: 1753.6305 | W35: NA | X35: 75 | Y35: 0 | Z35: =6850+3500 -> 10350 | AA35: NA | AB35: 413 | AC35: 0 | AD35: =6850+3500 -> 10350 | AE35: NA | AF35: 412
B36: Grid hardening | C36: Grid Design & System Hardening | D36: 7.3.3.11.3 | E36: Resiliency Assistance Programs | F36: 5.3.3.11.2. | G36: PSPS - for sectionalization, etc. | I36: 2020 | L36: 219.27 | M36: 438.54 | N36: 2020 WMP | O36: WMPMA | P36: Exceeds | Q36: P.U. Code § 451 | S36: Generators | U36: 0 | V36: 760.58664 | W36: NA | X36: 1274 | Y36: 0 | Z36: 1828 | AA36: NA | AB36: 1250 | AC36: 0 | AD36: 1828 | AE36: NA | AF36: 1250
B37: Grid hardening | C37: Grid Design & System Hardening | D37: 7.3.3.12 | E37: Other corrective action | F37: 5.3.3.12. | I37: 1997 | R37: Detailed inspections of distribution electric lines and equipment (5-year detailed inspections) | U37: 0 | V37: 0 | Y37: 0 | Z37: 0 | AC37: 0 | AD37: 0
B38: Grid hardening | C38: Grid Design & System Hardening | D38: 7.3.3.13 | E38: Pole loading infrastructure hardening and replacement program | F38: 5.3.3.13. | I38: 2011 | R38: Distribution overhead system hardening (Bare Conductor Hardening) | U38: 0 | V38: 0 | Y38: 0 | Z38: 0 | AC38: 0 | AD38: 0
B39: Grid hardening | C39: Grid Design & System Hardening | D39: 7.3.3.14 | E39: Transformers maintenance and replacement | F39: 5.3.3.14. | I39: 1997 | R39: Detailed inspections of distribution electric lines and equipment (5-year detailed inspections) | U39: 0 | V39: 0 | Y39: 0 | Z39: 0 | AC39: 0 | AD39: 0
B40: Grid hardening | C40: Grid Design & System Hardening | D40: 7.3.3.15 | E40: Transmission tower maintenance and replacement | F40: 5.3.3.15. | I40: 1997 | R40: Detailed inspections of transmission electric lines and equipment (Transmission ground inspections) | U40: 0 | V40: 0 | Y40: 0 | Z40: 0 | AC40: 0 | AD40: 0
B41: Grid hardening | C41: Grid Design & System Hardening | D41: 7.3.3.16 | E41: Undergrounding of electric lines and/or equipment (Strategic undergrounding) | F41: 5.3.3.16. | G41: Other contact with object | H41: Equipment failure | I41: 2019 | L41: 63.23 | M41: 55.57 | N41: 2020 WMP | O41: WMPMA | P41: Exceeds | Q41: G.O. 95 | U41: 38849.736 | V41: 0 | W41: 15.58 | X41: NA | Y41: 120255.95 | Z41: 3126.655 | AA41: 25 | AB41: NA | AC41: 197199.2 | AD41: 5127.179 | AE41: 80 | AF41: NA
B42: Grid hardening | C42: Grid Design & System Hardening | D42: 7.3.3.17.1 | E42: Distribution overhead system hardening (Bare Conductor Hardening) | F42: 5.3.3.3. | G42: Equipment failure | H42: Other contact with object | I42: 2011 | J42: 1.05 | L42: 32.63 | M42: 58.1 | N42: 2019 GRC | P42: Exceeds | Q42: G.O. 95 | U42: 138377.98 | V42: =2537.71685+908.390310000002 -> 3446.1072 | W42: 99.5 | X42: NA | Y42: 92000 | Z42: 2000 | AA42: 100 | AB42: NA | AC42: 5000 | AD42: 130 | AE42: 5 | AF42: NA
B43: Grid hardening | C43: Grid Design & System Hardening | D43: 7.3.3.17.2 | E43: Overhead transmission fire hardening (Transmission) | F43: 5.3.3.17.1. | G43: Equipment failure | H43: Other contact with object | I43: 2009 | N43: FERC | P43: Exceeds | Q43: G.O. 95 | V43: 0 | W43: 21.6 | X43: NA | Z43: 0 | AA43: 6.7 | AB43: NA | AD43: 0 | AE43: 38.6 | AF43: NA
B44: Grid hardening | C44: Grid Design & System Hardening | D44: 7.3.3.17.2 | E44: Underground transmission fire hardening (Transmission) | F44: 5.3.3.17.1. | G44: Other contact with object | H44: Equipment failure | I44: 2009 | N44: FERC | P44: Exceeds | Q44: G.O. 95 | W44: 0 | X44: NA | AA44: 0 | AB44: NA | AE44: 5.5 | AF44: NA
B45: Grid hardening | C45: Grid Design & System Hardening | D45: 7.3.3.17.2 | E45: Overhead transmission fire hardening (Distribution Underbuilt) | F45: 5.3.3.17.1. | G45: Equipment failure | H45: Other contact with object | I45: 2009 | N45: 2019 GRC | P45: Exceeds | Q45: G.O. 95 | U45: 5030.3896 | V45: 0 | W45: 9.4 | X45: NA | Y45: 5914.4395 | Z45: 0 | AA45: 2.7 | AB45: NA | AC45: 24015 | AD45: 0 | AE45: 27 | AF45: NA
B46: Grid hardening | C46: Grid Design & System Hardening | D46: 7.3.3.17.3 | E46: Cleveland National Forest fire hardening - Transmission OH | F46: 5.3.3.17.2. | G46: Equipment failure | H46: Other contact with object | I46: 2009 | N46: FERC | P46: Exceeds | Q46: G.O. 95 | V46: 0 | W46: 29.07 | X46: NA | Z46: 0 | AA46: 0 | AB46: NA | AC46: 0 | AD46: 0 | AE46: 0 | AF46: NA
B47: Grid hardening | C47: Grid Design & System Hardening | D47: 7.3.3.17.3 | E47: Cleveland National Forest fire hardening - Distribution OH | F47: 5.3.3.17.2. | G47: Equipment failure | H47: Other contact with object | I47: 2009 | M47: 52.44 | N47: 2019 GRC | P47: Exceeds | Q47: G.O. 95 | U47: 46270.919 | V47: 0 | W47: 46.75 | X47: NA | Y47: 6965.2302 | Z47: 0 | AA47: 6.8 | AB47: NA | AC47: 0 | AD47: 0 | AE47: 0 | AF47: NA
B48: Grid hardening | C48: Grid Design & System Hardening | D48: 7.3.3.17.3 | E48: Cleveland National Forest fire hardening - Distribution UG | F48: 5.3.3.17.2. | G48: Other contact with object | H48: Equipment failure | I48: 2009 | M48: 38.2 | N48: 2019 GRC | P48: Exceeds | Q48: G.O. 95 | U48: 37972.747 | V48: 0 | W48: 14.37 | X48: NA | Y48: 6051.2786 | Z48: 0 | AA48: 0 | AB48: NA | AC48: 0 | AD48: 0 | AE48: 0 | AF48: NA
B49: Grid hardening | C49: Grid Design & System Hardening | D49: 7.3.3.18.1 | E49: Distribution communications reliability improvements | F49: 5.3.3.18.1. | I49: 2010 | N49: 2019 GRC | P49: Exceeds | Q49: P.U. Code § 451 | S49: Base Stations | U49: 35472.737 | V49: 0 | W49: NA | X49: 15 | Y49: 50328.32 | Z49: 0 | AA49: NA | AB49: 10 | AC49: 70945.697 | AD49: 0 | AE49: NA | AF49: 25 | AG49: Upon further consideration of this initiative, it is now deemed a foundational initiative that is important for supporting various wildfire mitigation initiatives. Enhanced communication systems support the implementation of Advanced Protection as well as other systems such as weather monitoring.
B50: Grid hardening | C50: Grid Design & System Hardening | D50: 7.3.3.18.2 | E50: Lightning arrestor removal and replacement | F50: 5.3.3.18.2. | G50: Equipment failure | I50: 2020 | J50: NA | K50: NA | L50: NA | M50: 41.89 | N50: 2020 WMP | O50: WMPMA | P50: Exceeds | Q50: G.O. 95 | S50: Lighting Arrestors | U50: 19.20327 | V50: 0 | W50: NA | X50: 0 | Y50: 1296.9049 | Z50: 0 | AA50: NA | AB50: 924 | AC50: 2611.3668 | AD50: 0 | AE50: NA | AF50: 1848
B51: Asset inspection | C51: Asset Management & Inspections | D51: 7.3.4.1 | E51: Detailed inspections of distribution electric lines and equipment (5-year detailed inspections) | F51: 5.3.4.1. | G51: Equipment failure | I51: 1997 | L51: 45.24 | M51: 63.8 | N51: 2019 GRC | P51: Meets | Q51: G.O. 95 | S51: Inspections | T51: Inspections | U51: 8320.2463 | V51: =65+113.81394 -> 178.81394 | W51: NA | X51: 17977 | Y51: 7484.3549 | Z51: 2851.8139 | AA51: NA | AB51: 22269 | AC51: 7628.87 | AD51: 2189.8139 | AE51: NA | AF51: 18055
B52: Asset inspection | C52: Asset Management & Inspections | D52: 7.3.4.2 | E52: Detailed inspections of transmission electric lines and equipment (Transmission ground inspections) | F52: 5.3.4.2. | G52: Equipment failure | I52: 1997 | N52: FERC | P52: Meets | Q52: G.O. 95 | S52: Inspections | U52: 838.11611 | V52: 0 | W52: NA | X52: 2679 | Y52: 787.2 | Z52: 0 | AA52: NA | AB52: 2715 | AC52: 724.868 | AD52: 0 | AE52: NA | AF52: 2715
B53: Asset inspection | C53: Asset Management & Inspections | D53: 7.3.4.3 | E53: Improvement of inspections | F53: 5.3.4.3. | I53: 2019 | R53: Drone assessments of distribution infrastructure | U53: 0 | V53: 0 | Y53: 0 | AC53: 0 | AD53: 0
B54: Asset inspection | C54: Asset Management & Inspections | D54: 7.3.4.4 | E54: Infrared inspections of distribution electric lines and equipment | F54: 5.3.4.4. | G54: Equipment failure | I54: 2020 | L54: 331.53 | M54: 433.6 | N54: 2020 WMP | O54: WMPMA | P54: Exceeds | Q54: P.U. Code § 451 | S54: Inspections | U54: 0 | V54: 174.57433 | W54: NA | X54: 13077 | Y54: 0 | Z54: 174.57433 | AA54: NA | AB54: 18000 | AC54: 0 | AD54: 174.57433 | AE54: NA | AF54: 18000
B55: Asset inspection | C55: Asset Management & Inspections | D55: 7.3.4.5 | E55: Infrared inspections of transmission electric lines and equipment | F55: 5.3.4.5. | G55: Equipment failure | I55: 2010 | N55: FERC | P55: Meets | Q55: P.U. Code § 451 | S55: Inspections | U55: 0 | V55: 0 | W55: NA | X55: 6481 | Y55: 0 | Z55: 0 | AA55: NA | AB55: 6565 | AC55: 0 | AD55: 0 | AE55: NA | AF55: 6565
B56: Asset inspection | C56: Asset Management & Inspections | D56: 7.3.4.6 | E56: Intrusive pole inspections | F56: 5.3.4.6. | G56: Equipment failure | I56: 1997 | L56: 26.4 | M56: 106.67 | N56: 2019 GRC | P56: Meets | Q56: G.O. 95 | S56: Inspections | U56: 566.81894 | V56: 883.61793 | W56: NA | X56: 14450 | Y56: 1520.8088 | Z56: 633.266 | AA56: NA | AB56: 9796 | AC56: 1550.074 | AD56: 837.41914 | AE56: NA | AF56: 380
B57: Asset inspection | C57: Asset Management & Inspections | D57: 7.3.4.7 | E57: LiDAR inspections of distribution electric lines and equipment | F57: 5.3.4.7. | I57: 2011 | N57: 2019 GRC | P57: Exceeds | Q57: G.O. 95 | U57: 0 | V57: 0 | W57: NA | X57: NA | Y57: 0 | Z57: 1799.865 | AA57: NA | AB57: NA | AC57: 0 | AD57: 1548.36 | AE57: NA | AF57: NA | AG57: LiDAR inspections on distribution and transmission lines are primarily used for grid hardening design efforts rather than for identifying issues like the other inspection programs. As such, quantifying a reduction in igition risk for these inspections is not possible.
B58: Asset inspection | C58: Asset Management & Inspections | D58: 7.3.4.8 | E58: LiDAR inspections of transmission electric lines and equipment | F58: 5.3.4.8. | I58: 2009 | N58: FERC | P58: Exceeds | Q58: P.U. Code § 451 | U58: 0 | V58: 0 | W58: NA | X58: NA | Y58: 0 | Z58: 0 | AA58: NA | AB58: NA | AC58: 0 | AD58: 0 | AE58: NA | AF58: NA
B59: Asset inspection | C59: Asset Management & Inspections | D59: 7.3.4.9.1 | E59: HFTD Tier 3 Inspections | F59: 5.3.4.9.1. | G59: Equipment failure | I59: 2009 | L59: 17.18 | M59: 106.81 | N59: 2019 GRC | P59: Exceeds | Q59: G.O. 95 | S59: Inspections | U59: 1248.382 | V59: =152+248.10009 -> 400.10009 | W59: NA | X59: 11864 | Y59: 2459.3216 | Z59: =133+248.10009 -> 381.10009 | AA59: NA | AB59: 10815 | AC59: 2506.8864 | AD59: =136+248.10009 -> 384.10009 | AE59: NA | AF59: 12380
B60: Asset inspection | C60: Asset Management & Inspections | D60: 7.3.4.9.2 | E60: Drone assessments of distribution infrastructure | F60: 5.3.4.9.2. | G60: Equipment failure | I60: 2019 | L60: 9.39 | M60: 16.35 | N60: 2020 WMP | O60: WMPMA | P60: Exceeds | Q60: G.O. 95 | S60: Inspections | U60: 15901.28 | V60: 51953.414 | W60: NA | X60: 37310 | Y60: 13595.059 | Z60: 35357.792 | AA60: NA | AB60: 22000 | AC60: 11205.15 | AD60: 28664.121 | AE60: NA | AF60: 22000
B61: Asset inspection | C61: Asset Management & Inspections | D61: 7.3.4.9.3 | E61: Circuit ownership | F61: 5.3.4.9.3. | G61: Equipment failure | I61: 2019 | L61: 6.61 | M61: 13.24 | N61: 2020 WMP | O61: WMPMA | P61: Exceeds | Q61: G.O. 95 | U61: 41.287679 | V61: 0 | W61: NA | X61: NA | Y61: 0 | Z61: 125 | AA61: NA | AB61: NA | AC61: 0 | AD61: 125 | AE61: NA | AF61: NA
B62: Asset inspection | C62: Asset Management & Inspections | D62: 7.3.4.10.1 | E62: (Drone assessment of transmission) | F62: 5.3.4.10. | G62: Equipment failure | I62: 2020 | N62: FERC | P62: Exceeds | Q62: G.O. 95 | S62: Inspections | U62: 0 | V62: 0 | W62: NA | X62: 2679 | Y62: 0 | Z62: 0 | AA62: NA | AB62: 2715 | AC62: 0 | AD62: 0 | AE62: NA | AF62: 2715
B63: Asset inspection | C63: Asset Management & Inspections | D63: 7.3.4.10.2 | E63: Additional Transmission Aerial 69kV Tier 3 Visual Inspection | G63: Equipment failure | I63: 2010 | N63: FERC | P63: Exceeds | Q63: G.O. 95 | S63: Inspections | U63: 0 | V63: 0 | W63: NA | X63: 1957 | Y63: 0 | Z63: 0 | AA63: NA | AB63: 1792 | AC63: 0 | AD63: 0 | AE63: NA | AF63: 1792
B64: Asset inspection | C64: Asset Management & Inspections | D64: 7.3.4.11 | E64: Patrol inspections of distribution electric lines and equipment - CMP | F64: 5.3.4.11. | G64: Equipment failure | I64: 1997 | L64: 285.9 | M64: 440.92 | N64: 2019 GRC | P64: Meets | Q64: G.O. 95 | S64: Inspections | U64: 789.40537 | V64: =116+178.76708 -> 294.76708 | W64: NA | X64: 86075 | Y64: 910.01549 | Z64: =98+178.76708 -> 276.76708 | AA64: NA | AB64: 86000 | AC64: 927.38659 | AD64: =100+178.76708 -> 278.76708 | AE64: NA | AF64: 86000
B65: Asset inspection | C65: Asset Management & Inspections | D65: 7.3.4.12 | E65: Patrol inspections of transmission electric lines and equipment | F65: 5.3.4.12. | G65: Equipment failure | I65: 1997 | N65: FERC | P65: Meets | Q65: G.O. 95 | S65: Inspections | U65: 0 | V65: 0 | W65: NA | X65: 6940 | Y65: 0 | Z65: 0 | AA65: NA | AB65: 7024 | AC65: 0 | AD65: 0 | AE65: NA | AF65: 7024
B66: Asset inspection | C66: Asset Management & Inspections | D66: 7.3.4.13 | E66: Pole loading assessment program to determine safety factor | F66: 5.3.4.13. | I66: 2011 | R66: Distribution overhead system hardening (Bare Conductor Hardening) | U66: 0 | V66: 0 | Y66: 0 | Z66: 0 | AC66: 0 | AD66: 0
B67: Asset inspection | C67: Asset Management & Inspections | D67: 7.3.4.14 | E67: Quality assurance / quality control of inspections (Monitoring and auditing of inspections) | F67: 5.3.4.14. | I67: 1997 | R67: Detailed inspections of distribution electric lines and equipment (5-year detailed inspections) | U67: 0 | V67: 0 | Y67: 0 | Z67: 0 | AC67: 0 | AD67: 0
B68: Asset inspection | C68: Asset Management & Inspections | D68: 7.3.4.15 | E68: Substation inspections | F68: 5.3.4.15. | I68: 1997 | L68: 0 | M68: 0 | Q68: G.O. 174 | U68: 0 | V68: 0 | W68: NA | X68: 405 | Y68: 0 | Z68: 0 | AA68: NA | AB68: 330 | AC68: 0 | AD68: 0 | AE68: NA | AF68: 330 | AG68: The way SDG&E designs and constructs its substations, with the steel structures and gravel and concrete base makes it difficult for a fire to spread outside the substation. With very little ignition history, SDG&E performs substation inspection and maintenance more for the importance of substation reliability.
B69: Vegetation management project | C69: Vegetation Management & Inspections | D69: 7.3.5.1 | E69: Additional efforts to manage community and environmental impacts | F69: 5.3.5.1. | I69: 1998 | R69: Detailed inspections of vegetation around distribution electric lines and equipment (tree trimming) | U69: 0 | V69: 0 | Y69: 0 | Z69: 0 | AC69: 0 | AD69: 0
B70: Vegetation inspection | C70: Vegetation Management & Inspections | D70: 7.3.5.2 | E70: Detailed inspections of vegetation around distribution electric lines and equipment (tree trimming) | F70: 5.3.5.2. | G70: Contact with vegetation | I70: 1998 | J70: 3.04 | L70: 128.44 | M70: 230.3 | N70: 2019 GRC | P70: Meets | Q70: P.U. Code § 451 | S70: Inspections | U70: 0 | V70: 57790.564 | W70: NA | X70: 451207 | Y70: 0 | Z70: 49765 | AA70: NA | AB70: 455000 | AC70: 0 | AD70: 49765 | AE70: NA | AF70: 455000
B71: Vegetation inspection | C71: Vegetation Management & Inspections | D71: 7.3.5.3 | E71: Detailed inspections of vegetation around transmission electric lines and equipment | F71: 5.3.5.3. | I71: 1998 | R71: Detailed inspections of vegetation around distribution electric lines and equipment (tree trimming) | U71: 0 | V71: 0 | Y71: 0 | Z71: 0 | AC71: 0 | AD71: 0
B72: Vegetation management project | C72: Vegetation Management & Inspections | D72: 7.3.5.4 | E72: Emergency response vegetation management due to red flag warning or other urgent conditions | F72: 5.3.5.4. | I72: 1998 | R72: Detailed inspections of vegetation around distribution electric lines and equipment (tree trimming) | U72: 0 | V72: 0 | Y72: 0 | Z72: 0 | AC72: 0 | AD72: 0
B73: Vegetation management project | C73: Vegetation Management & Inspections | D73: 7.3.5.5 | E73: Fuel management and reduction of “slash” from vegetation management activities | F73: 5.3.5.5. | G73: Contact with vegetation | I73: 2019 | M73: 28.58 | N73: 2020 WMP | O73: WMPMA | P73: Exceeds | Q73: P.U. Code § 451 | S73: Sturctures Cleared | U73: 0 | V73: 5805.0607 | W73: NA | X73: 324 | Y73: 0 | Z73: 6206.2369 | AA73: NA | AB73: 500 | AC73: 0 | AD73: 6206.2369 | AE73: NA | AF73: 500
B74: Vegetation inspection | C74: Vegetation Management & Inspections | D74: 7.3.5.6 | E74: Improvement of inspections | F74: 5.3.5.6. | I74: 1998 | R74: Detailed inspections of vegetation around distribution electric lines and equipment (tree trimming) | U74: 0 | V74: 0 | Y74: 0 | Z74: 0 | AC74: 0 | AD74: 0
B75: Vegetation inspection | C75: Vegetation Management & Inspections | D75: 7.3.5.7 | E75: LiDAR inspections of vegetation around distribution electric lines and equipment (vegetation management technology) | F75: 5.3.5.7. | I75: 2019 | R75: Detailed inspections of vegetation around distribution electric lines and equipment (tree trimming) | U75: 0 | V75: 0 | Y75: 0 | Z75: 0 | AC75: 0 | AD75: 0
B76: Vegetation inspection | C76: Vegetation Management & Inspections | D76: 7.3.5.8 | E76: LiDAR inspections for vegetation around transmission electric lines and equipment | F76: 5.3.5.8. | I76: 2019 | R76: Detailed inspections of vegetation around distribution electric lines and equipment (tree trimming) | U76: 0 | V76: 0 | Y76: 0 | Z76: 0 | AC76: 0 | AD76: 0
B77: Vegetation inspection | C77: Vegetation Management & Inspections | D77: 7.3.5.9 | E77: Other discretionary inspection of vegetation around distribution electric lines and equipment, beyond inspections mandated by rules and regulations (Enhanced inspections, patrols, and trims) | F77: 5.3.5.9. | G77: Contact with vegetation | I77: 2019 | L77: 66.93 | M77: 119.84 | N77: 2019 GRC | P77: Exceeds | Q77: P.U. Code § 451 | S77: Trees Trimmed to enahced levels | U77: 0 | V77: 10235 | W77: NA | X77: 17095 | Y77: 0 | Z77: 10235 | AA77: NA | AB77: 17000 | AD77: 10235 | AE77: NA | AF77: 17000
B78: Vegetation inspection | C78: Vegetation Management & Inspections | D78: 7.3.5.10 | E78: Other discretionary inspection of vegetation around transmission electric lines and equipment, beyond inspections mandated by rules and regulations | F78: 5.3.5.10. | I78: 2019 | R78: Other discretionary inspection of vegetation around distribution electric lines and equipment, beyond inspections mandated by rules and regulations (Enhanced inspections, patrols, and trims) | U78: 0 | V78: 0 | Y78: 0 | Z78: 0 | AC78: 0 | AD78: 0
B79: Vegetation inspection | C79: Vegetation Management & Inspections | D79: 7.3.5.11 | E79: Patrol inspections of vegetation around distribution electric lines and equipment | F79: 5.3.5.11. | I79: 1998 | R79: Detailed inspections of vegetation around distribution electric lines and equipment (tree trimming) | U79: 0 | V79: 0 | Y79: 0 | Z79: 0 | AC79: 0 | AD79: 0
B80: Vegetation inspection | C80: Vegetation Management & Inspections | D80: 7.3.5.12 | E80: Patrol inspections of vegetation around transmission electric lines and equipment | F80: 5.3.5.12. | I80: 1998 | R80: Detailed inspections of vegetation around distribution electric lines and equipment (tree trimming) | U80: 0 | V80: 0 | Y80: 0 | Z80: 0 | AC80: 0 | AD80: 0
B81: Vegetation inspection | C81: Vegetation Management & Inspections | D81: 7.3.5.13 | E81: Quality assurance / quality control of vegetation inspections | F81: 5.3.5.13. | I81: 1998 | R81: Detailed inspections of vegetation around distribution electric lines and equipment (tree trimming) | U81: 0 | V81: 0 | Y81: 0 | Z81: 0 | AC81: 0 | AD81: 0
B82: Vegetation management project | C82: Vegetation Management & Inspections | D82: 7.3.5.14 | E82: Recruiting and training of vegetation management personnel | F82: 5.3.5.14. | I82: 1998 | R82: Detailed inspections of vegetation around distribution electric lines and equipment (tree trimming) | U82: 0 | V82: 0 | Y82: 0 | Z82: 0 | AC82: 0 | AD82: 0
B83: Vegetation management project | C83: Vegetation Management & Inspections | D83: 7.3.5.15 | E83: Remediation of at-risk species | F83: 5.3.5.15. | I83: 2019 | R83: Other discretionary inspection of vegetation around distribution electric lines and equipment, beyond inspections mandated by rules and regulations (Enhanced inspections, patrols, and trims) | U83: 0 | V83: 0 | Y83: 0 | Z83: 0 | AC83: 0 | AD83: 0
B84: Vegetation management project | C84: Vegetation Management & Inspections | D84: 7.3.5.16 | E84: Removal and remediation of trees with strike potential to electric lines and equipment (Hazard tree removal and Right Tree-Right Place) | F84: 5.3.5.16. | I84: 1998 | R84: Detailed inspections of vegetation around distribution electric lines and equipment (tree trimming) | U84: 0 | V84: 0 | Y84: 0 | Z84: 0 | AC84: 0 | AD84: 0
B85: Vegetation inspection | C85: Vegetation Management & Inspections | D85: 7.3.5.17 | E85: Substation inspections | F85: 5.3.5.17. | I85: 1998 | R85: Detailed inspections of vegetation around distribution electric lines and equipment (tree trimming) | U85: 0 | V85: 0 | Y85: 0 | Z85: 0 | AC85: 0 | AD85: 0
B86: Vegetation management project | C86: Vegetation Management & Inspections | D86: 7.3.5.18 | E86: Substation vegetation management | F86: 5.3.5.18. | I86: 1998 | R86: Detailed inspections of vegetation around distribution electric lines and equipment (tree trimming) | U86: 0 | V86: 0 | Y86: 0 | Z86: 0 | AC86: 0 | AD86: 0
B87: Vegetation management project | C87: Vegetation Management & Inspections | D87: 7.3.5.19 | E87: Vegetation inventory system (Tree database) | F87: 5.3.5.19. | I87: 2002 | R87: Detailed inspections of vegetation around distribution electric lines and equipment (tree trimming) | U87: 0 | V87: 0 | Y87: 0 | Z87: 0 | AC87: 0 | AD87: 0
B88: Vegetation management project | C88: Vegetation Management & Inspections | D88: 7.3.5.20 | E88: Vegetation management to achieve clearances around electric lines and equipment (Pole brushing) | F88: 5.3.5.20. | G88: Contact with vegetation | I88: 1998 | L88: 162.48 | M88: 272.48 | N88: 2019 GRC | P88: Meets | Q88: P.U. Code § 451 | S88: Poles Brushed | U88: 0 | V88: 5433.4403 | W88: NA | X88: 36563 | Y88: 0 | Z88: 5433 | AA88: NA | AB88: 35500 | AC88: 0 | AD88: 5433.4403 | AE88: NA | AF88: 35500
B89: Other | C89: Grid Operations & Operating Protocols | D89: 7.3.6.1.1 | E89: Recloser protocols | F89: 5.3.6.1. | G89: Other contact with object | H89: Equipment failure | I89: 2008 | J89: NA | K89: NA | L89: 372838.28 | M89: 532348.21 | N89: 2019 GRC | P89: Exceeds | Q89: P.U. Code § 451 | U89: 0 | V89: 0 | W89: NA | X89: NA | Y89: 0 | Z89: 0 | AA89: NA | AB89: NA | AC89: 0 | AD89: 0 | AE89: NA | AF89: NA
B90: Other | C90: Grid Operations & Operating Protocols | D90: 7.3.6.1.2 | E90: Sensitive/Fast Protection settings | G90: Other contact with object | H90: Equipment failure | I90: 2015 | L90: 47363.6 | M90: 106433.39 | N90: 2019 GRC | P90: Exceeds | Q90: P.U. Code § 451 | U90: 0 | V90: 0 | W90: NA | X90: NA | Y90: 0 | Z90: 0 | AA90: NA | AB90: NA | AC90: 0 | AD90: 0 | AE90: NA | AF90: NA
B91: Other | C91: Grid Operations & Operating Protocols | D91: 7.3.6.2 | E91: Crew accompanying ignition prevention and suppression resources and services (Wildfire infrastructure protection teams – Contract fire resources) | F91: 5.3.6.2. | G91: Equipment failure | H91: Other contact with object | I91: 2009 | L91: 68.58 | M91: 69.69 | N91: 2019 GRC | P91: Exceeds | Q91: P.U. Code § 451 | U91: 0 | V91: 2587.6835 | W91: NA | X91: NA | Y91: 0 | Z91: 2936 | AA91: NA | AB91: NA | AC91: 0 | AD91: 2936 | AE91: NA | AF91: NA
B92: Other | C92: Grid Operations & Operating Protocols | D92: 7.3.6.3 | E92: Personnel work procedures and training in conditions of elevated fire risk (Other special work procedures) | F92: 5.3.6.3. | G92: Equipment failure | H92: Other contact with object | I92: 2008 | L92: 61.9 | M92: 84.57 | N92: 2019 GRC | P92: Exceeds | Q92: P.U. Code § 451 | U92: 0 | V92: 0 | W92: NA | X92: NA | Y92: 0 | Z92: 0 | AA92: NA | AB92: NA | AC92: 0 | AD92: 0 | AE92: NA | AF92: NA
B93: Other | C93: Grid Operations & Operating Protocols | D93: 7.3.6.4 | E93: Protocols for PSPS re-energization | F93: 5.3.6.4. | G93: Other contact with object | H93: Equipment failure | I93: 2013 | N93: 2020 WMP | O93: WMPMA | P93: Exceeds | Q93: P.U. Code § 451 | U93: 663.17934 | V93: 0 | W93: NA | X93: NA | Y93: 0 | Z93: 0 | AA93: NA | AB93: NA | AC93: 0 | AD93: 0 | AE93: NA | AF93: NA | AG93: This is an activity that is foundational to supporting wildfire mitigation efforts and is part of core PSPS operations. Costs for protocols cannot be separated out and evluating benefits for having protocols cannot be meaningfully measured.
B94: Other | C94: Grid Operations & Operating Protocols | D94: 7.3.6.5 | E94: PSPS events and mitigation of PSPS impacts | F94: 5.3.6.5. | G94: Other contact with object | H94: Equipment failure | I94: 2013 | L94: 92.98 | M94: 93.89 | R94: Other - Emergency management Operations | U94: 0 | V94: 0 | Y94: 0 | Z94: 0 | AC94: 0 | AD94: 0
B95: Other | C95: Grid Operations & Operating Protocols | D95: 7.3.6.6.1 | E95: Aviation firefighting program | F95: 5.3.6.6.1. | G95: Equipment failure | H95: Other contact with object | I95: 2008 | J95: 1.1 | L95: 15.72 | M95: 26.07 | N95: 2019 GRC | P95: Exceeds | Q95: P.U. Code § 451 | U95: 7092.4023 | V95: 6766.2945 | W95: NA | X95: NA | Y95: 10184.752 | Z95: 7609.9686 | AA95: NA | AB95: NA | AC95: 2462.871 | AD95: 10320.069 | AE95: NA | AF95: NA
B96: Other | C96: Data Governance | D96: 7.3.7.1 | E96: Centralized repository for data | F96: 5.3.7.1. | I96: 2019 | N96: 2020 WMP | O96: WMPMA | P96: Exceeds | Q96: P.U. Code § 451 | U96: 5272.0007 | V96: 0 | W96: NA | X96: NA | Y96: 19003.997 | Z96: 0 | AA96: NA | AB96: NA | AC96: 12890.18 | AD96: 0 | AE96: NA | AF96: NA | AG96: This initiative is foundational to supporting wildfire mitigation efforts. Quantifying an RSE for such a mitigation would be difficult and not beneficial because it cannot be directly tied to reducing a risk driver and measuring the effectiveness of that reduction. It supports various initiatives by providing better information to make risk-informed mitigation decisions.
B97: Other | C97: Data Governance | D97: 7.3.7.2 | E97: Collaborative research on utility ignition and/or wildfire (Innovation lab and other collaboration) | F97: 5.3.7.2. | I97: 2012 | R97: Fire science and climate adaptation department | U97: 0 | V97: 0 | Y97: 0 | Z97: 0 | AC97: 0 | AD97: 0
B98: Other | C98: Data Governance | D98: 7.3.7.3 | E98: Documentation and disclosure of wildfire-related data and algorithms | F98: 5.3.7.3. | I98: 2020 | N98: 2020 WMP | O98: WMPMA | P98: Exceeds | Q98: P.U. Code § 451 | U98: 2208.0274 | V98: 0 | W98: NA | X98: NA | Y98: 3689.0099 | Z98: 0 | AA98: NA | AB98: NA | AC98: 3689.0099 | AD98: 0 | AE98: NA | AF98: NA | AG98: This initiative is foundational to supporting wildfire mitigation efforts. Quantifying an RSE for such a mitigation would be difficult and not beneficial because it cannot be directly tied to reducing a risk driver and measuring the effectiveness of that reduction. It supports various initiatives by providing better information to make risk-informed mitigation decisions.
B99: Other | C99: Data Governance | D99: 7.3.7.4.1 | E99: Ignition management program | F99: 5.3.7.4.1. | I99: 2019 | R99: Fire science and climate adaptation department | U99: 0 | V99: 0 | Y99: 0 | Z99: 0 | AC99: 0 | AD99: 0
B100: Other | C100: Data Governance | D100: 7.3.7.4.2 | E100: Reliability database | F100: 5.3.7.4.2. | I100: 2000 | R100: Centralized repository for data | U100: 0 | V100: 0 | Y100: 0 | Z100: 0 | AC100: 0 | AD100: 0
B101: Other | C101: Resource Allocation Methodology | D101: 7.3.8.1 | E101: Allocation methodology development and application (Asset management) | F101: 5.3.8.1. | I101: 2019 | N101: 2019 GRC | P101: Exceeds | Q101: P.U. Code § 451 | U101: 1623.2195 | V101: 329.38431 | W101: NA | X101: NA | Y101: 2844.9162 | Z101: 387.3481 | AA101: NA | AB101: NA | AC101: 0 | AD101: 387.3481 | AE101: NA | AF101: NA | AG101: This initiative is foundational to supporting wildfire mitigation efforts. Quantifying an RSE for such a mitigation would be difficult and not beneficial because it cannot be directly tied to reducing a risk driver and measuring the effectiveness of that reduction. It supports various initiatives by providing better information to make risk-informed mitigation decisions.
...
